Workbook
Name ajuste: #REF!
Name ajuste: #REF!
Name ajuste: #REF!
Name ajustemora: #REF!
Name ajustemora: #REF!
Name ajustemora: #REF!
Name AMT.SENIOR: OFFSET([2]Fluxo!$U$5,0,0,[2]Fluxo!$E$21)
Name AMT.SENIOR.CONS: OFFSET([2]Consolidado!$D$4,0,0,COUNTIF([2]Consolidado!$D:$D,">0"))
Name AMT.SUB: OFFSET([3]Fluxo!#REF!,0,0,[3]Fluxo!#REF!)
Name AMT.SUB.CONS: OFFSET([4]Consolidado!$H$4,0,0,COUNTIF([4]Consolidado!$H:$H,">0"))
Name ANO: OFFSET([2]Fluxo!$H$5,0,0,[2]Fluxo!$E$7)
Name ANO.CONS: OFFSET([2]Consolidado!$B$4,0,0,COUNTIF([2]Consolidado!$E:$E,">0"))
Name bbb: OFFSET([3]Fluxo!#REF!,0,0,[3]Fluxo!#REF!)
Name cahng: OFFSET([5]Fluxo!#REF!,0,0,[5]Fluxo!#REF!)
Name cccc: OFFSET([3]Fluxo!#REF!,0,0,[3]Fluxo!#REF!)
Name cccccc: OFFSET([3]Fluxo!#REF!,0,0,[3]Fluxo!#REF!)
Name CUSTO: OFFSET([2]Fluxo!$N$5,0,0,[2]Fluxo!$E$21-1)
Name CUSTO.CONS: OFFSET([2]Consolidado!$J$4,0,0,COUNTIF([2]Consolidado!$J:$J,">0"))
Name danalise: [6]PAINEL!$B$4
Name DATA: OFFSET([2]Fluxo!$I$5,0,0,[2]Fluxo!$E$7)
Name database: Template!$C$5
Name database: #REF!
Name datarecompra: #REF!
Name datarecompra: #REF!
Name datarecompra: #REF!
Name datarecompraabril: #REF!
Name datarecompraabril: #REF!
Name datarecompraabril: #REF!
Name dbase: [7]PAINEL!$B$5
Name e: OFFSET([5]Fluxo!#REF!,0,0,[5]Fluxo!#REF!)
Name f: OFFSET([3]Fluxo!#REF!,0,0,[3]Fluxo!#REF!)
Name Feriados: [2]Feriados!$A$2:$A$937
Name JUROS.SENIOR: OFFSET([2]Fluxo!$T$5,0,0,[2]Fluxo!$E$21)
Name JUROS.SENIOR.CONS: OFFSET([2]Consolidado!$C$4,0,0,COUNTIF([2]Consolidado!$C:$C,">0"))
Name JUROS.SUB: OFFSET([3]Fluxo!#REF!,0,0,[3]Fluxo!#REF!)
Name JUROS.SUB.CONS: OFFSET([4]Consolidado!$G$4,0,0,COUNTIF([4]Consolidado!$G:$G,">0"))
Name PERIODO: OFFSET([2]Fluxo!$G$5,0,0,[2]Fluxo!$E$7)
Name PMT.CARTEIRA: OFFSET([2]Fluxo!$K$5,0,0,[2]Fluxo!$E$7)
Name PMT.LIQUIDA: OFFSET([2]Fluxo!$P$5,0,0,[2]Fluxo!$E$7+1)
Name PMT.SENIOR: OFFSET([2]Fluxo!$V$5,0,0,[2]Fluxo!$E$21)
Name PMT.SENIOR.CONS: OFFSET([2]Consolidado!$E$4,0,0,COUNTIF([2]Consolidado!$E:$E,">0"))
Name PMT.SUB: OFFSET([3]Fluxo!#REF!,0,0,[3]Fluxo!#REF!)
Name PMT.SUB.CONS: OFFSET([4]Consolidado!$I$4,0,0,COUNTIF([4]Consolidado!$I:$I,">0"))
Name SD.RECEBIVEIS: OFFSET([2]Fluxo!$J$4,0,0,[2]Fluxo!$E$7+1)
Name SD.RESERVA: OFFSET([2]Fluxo!$O$5,0,0,[2]Fluxo!$E$21-1)
Name SD.SENIOR: OFFSET([2]Fluxo!$S$4,0,0,[2]Fluxo!$E$21)
Name SD.SUB: OFFSET([3]Fluxo!#REF!,0,0,[3]Fluxo!#REF!)
Name xvf: OFFSET(#REF!,0,0,#REF!-1)
Name zxcc: OFFSET(#REF!,0,0,#REF!)
Name zxcxz: OFFSET(#REF!,0,0,COUNTIF(#REF!,">0"))
Name zxcxzc: OFFSET(#REF!,0,0,#REF!+1)

Sheet Template
B2: COMPANHIA PROVÍNCIA DE SECURITIZAÇÃO
B3: Performance Mensal |CRI_94E01S_SWISS PARK
B5: Mês ano referencia | C5: 45747
B6: ID da Carteira | C6: CRI_94E01S_SWISS PARK
B7: Número de contratos ativos | C7: 91
B8: Total Empreendimento | C8: 502
B9: Esperado a receber no Mês de Juros | C9: 99922.25
B10: Esperado de receber no Mês de Amortização | C10: 418008.74
B11: Esperado a receber no Mês de Seguros | C11: 0
B12: Esperado a Receber no Mês Tx Administração | C12: 0
B13: Recebido no Mês de parcelas do Mês - Juros | C13: 91233.35
B14: Recebido no Mês de parcelas do Mês - Amortização | C14: 414166.59
B15: Recebido no Mês de parcelas do Mês - Seguros
B16: Recebido no Mês de parcelas do Mês - Tx Adm
B17: Recebido no Mês de Antecipação - Juros | C17: 8160.44
B18: Recebido no Mês de Antecipação - Amortização | C18: 36775.76
B19: Recebido no Mês de Antecipação - Seguro
B20: Recebido no Mês de Antecipação - Tx Adm
B21: Recebido no mês de Inadimplência - Juros | C21: 11238.45
B22: Recebido no mês de Inadimplência - Amortização | C22: 12404.56
B23: Recebido no mês de Inadimplência - Seguro
B24: Recebido no mês de Inadimplência - Tx Adm
B25: Rebebido no mês de Inadimplência - Tx de Cobrança
B26: Recebido no Mês de Juros e Mora | C26: 1228.5
B27: Saldo devedor da carteira Adimplente pré evento do mês | C27: 0
B28: Saldo devedor da carteira Inadimplente pré evento do mês | C28: 0
B29: Saldo devedor da carteira Adimplente pós evento do mês | C29: =SUM(FluxoFuturo!K3:K93) -> 22943714
B30: Saldo devedor da carteira Inadimplente pós evento do mês | C30: 20651.95
B31: Saldo Inadimplência Mês | C31: 20651.95
B32: Saldo Inadimplência Geral | C32: 20651.95
B33: Vencidos E Não Pagos Até 30 Dias | C33: =SUMIFS(Inadimplência!Q:Q,Inadimplência!V:V,Template!B33) -> 20651.95
B34: Vencidos E Não Pagos De 31 A 60 Dias | C34: 0
B35: Vencidos E Não Pagos De 61 A 90 Dias | C35: 0
B36: Vencidos E Não Pagos De 91 A 120 Dias | C36: 0
B37: Vencidos E Não Pagos De 121 A 150 Dias | C37: 0
B38: Vencidos E Não Pagos De 151 A 180 Dias | C38: 0
B39: Vencidos E Não Pagos Acima De 180 Dias | C39: 0
B40: Pagos Antecipadamente Até 30 Dias | C40: =SUMIFS(Recebimento!N:N,Recebimento!AK:AK,Template!B40) -> 16684.48
B41: Pagos Antecipadamente De 31 A 60 Dias | C41: =SUMIFS(Recebimento!N:N,Recebimento!AK:AK,Template!B41) -> 9194.71
B42: Pagos Antecipadamente De 61 A 90 Dias | C42: =SUMIFS(Recebimento!N:N,Recebimento!AK:AK,Template!B42) -> 0
B43: Pagos Antecipadamente De 91 A 120 Dias | C43: =SUMIFS(Recebimento!N:N,Recebimento!AK:AK,Template!B43) -> 0
B44: Pagos Antecipadamente De 121 A 150 Dias | C44: =SUMIFS(Recebimento!N:N,Recebimento!AK:AK,Template!B44) -> 0
B45: Pagos Antecipadamente De 151 A 180 Dias | C45: =SUMIFS(Recebimento!N:N,Recebimento!AK:AK,Template!B45) -> 0
B46: Pagos Antecipadamente Acima De 180 Dias | C46: =SUMIFS(Recebimento!N:N,Recebimento!AK:AK,Template!B46) -> 19057.01
B47: Créditos Vinculados Até 30 Dias | C47: 527914.01
B48: Créditos Vinculados De 31 A 60 Dias | C48: 478650.46
B49: Créditos Vinculados De 61 A 90 Dias | C49: 476024.69
B50: Créditos Vinculados De 91 A 120 Dias | C50: 474513.23
B51: Créditos Vinculados De 121 A 150 Dias | C51: 485964.8
B52: Créditos Vinculados De 151 A 180 Dias | C52: 458919.89
B53: Créditos Vinculados Acima De 180 Dias | C53: 20041727
B54: Valor das garantias incorporadas ao PL do CRI
B55: Valor total de pré-pagamento no mês(Amort.+ juros)
B56: Saldo devedor Total | C56: =SUM(FluxoFuturo!L3:L93) -> 22964366
B57: Devedor (>= 20%) Nome 1
B58: Devedor (>= 20%) CPF/CNPJ 1
B59: Devedor (>= 20%) Saldo 1
B60: Devedor (>= 20%) Nome 2
B61: Devedor (>= 20%) CPF/CNPJ 2
B62: Devedor (>= 20%) Saldo 2
B63: Devedor (>= 20%) Nome 3
B64: Devedor (>= 20%) CPF/CNPJ 3
B65: Devedor (>= 20%) Saldo 3
B66: Devedor (>= 20%) Nome 4
B67: Devedor (>= 20%) CPF/CNPJ 4
B68: Devedor (>= 20%) Saldo 4
... B71: Devedor (>= 20%) Saldo 5
B72: LTV | C72: =AVERAGE(FluxoFuturo!S3:S93) -> 0.68688364
B73: Duration Carteira (Anos) | C73: =C74/12 -> 14.333333
B74: Duration Carteira (Meses) | C74: 172
B75: Taxa Média da Carteira | C75: =AVERAGE(FluxoFuturo!E3:E93) -> 0.058418198
A77: Saldo Devedor maiores devedores
A78: Cod | B78: Contrato | C78: Nome | D78: Total à Pagar Com/ Encargos | E78: Fluxo Futuro - (Parcelas Vincendas)
A79: 135922 | B79: 6494 | C79: Filipe Junio De Oliveira | E79: 362747.67
A80: 135688 | B80: 6451 | C80: Thiago Da Costa Moreira | E80: 357253.74
A81: 135667 | B81: 6402 | C81: Michael Molina | E81: 346392.97
A82: 135924 | B82: 6498 | C82: Camila Moreira De Queiroz Alencar | E82: 332490.24
A83: 135654 | B83: 6379 | C83: Jorge Miguel Gonzales Dutra | E83: 332212.44
A84: 135663 | B84: 6417 | C84: Luciene Cassia Viana | E84: 331983.16
A85: 135923 | B85: 6497 | C85: Moises Elias De Souza Alves | E85: 330248.38
A86: 135652 | B86: 6414 | C86: Joao Vitor Florian | E86: 329777.54
A87: 135672 | B87: 6453 | C87: Pamella Suelley Gino Ribeiro | E87: 326296.89
A88: 135634 | B88: 6427 | C88: Fabiana Faria Flor Sabino | E88: 323536.31
C89: Saldo Devedor | D89: 0 | E89: =SUM(E79:E88) -> 3372939.3
B91: Saldo Devedor dos creditos em atraso
B92: Vencidos E Não Pagos Até 30 Dias | C92: =SUMIFS(Planilha5!C:C,Planilha5!D:D,Template!B92) -> 1257868
B93: Vencidos E Não Pagos De 31 A 60 Dias | C93: 0
B94: Vencidos E Não Pagos De 61 A 90 Dias | C94: 0
B95: Vencidos E Não Pagos De 91 A 120 Dias | C95: 0
B96: Vencidos E Não Pagos De 121 A 150 Dias | C96: 0
B97: Vencidos E Não Pagos De 151 A 180 Dias | C97: 0
B98: Vencidos E Não Pagos Acima De 180 Dias | C98: 0
B100: Valor Total | C100: =SUM(C92:C98) -> 1257868
B102: Saldo Devedor dos creditos em atraso - Por Parcela
B103: Saldo Devedor dos creditos em atraso - Por Parcela | C103: Total das Parcelas Vencida C/ Encargos | D103: Fluxo Futuro - (Parcelas Vincendas) | E103: Total à Pagar c/ Encargos
B104: 01 - Uma Parcela | C104: =SUMIFS(Planilha5!G:G,Planilha5!F:F,Template!B104) -> 20651.95 | D104: =SUM(Planilha5!H:H) -> 1257868 | E104: =SUM(Planilha5!C:C) -> 1257868
B105: 02 - Duas Parcelas | C105: 0 | D105: 0 | E105: 0
B106: 03 - Três Parcelas | C106: 0 | D106: 0 | E106: 0
B107: 04 - Quatro Parcelas | C107: 0 | D107: 0 | E107: 0
B108: 05 - Cinco Parcelas | C108: 0 | D108: 0 | E108: 0
...

Sheet Planilha5
A1: Crédito | B1: Maior Valor | C1: Saldo devedor | D1: Saldo Devedor dos creditos em atraso | E1: Qtade parcelas Atraso | F1: Saldo Devedor dos creditos em atraso - Por Parcela | G1: Inadimplencia | H1: VP | R1: Saldo Devedor dos creditos em atraso - Por Parcela
A2: 6388 | B2: =_xlfn.MAXIFS(Inadimplência!S:S,Planilha5!A:A,Planilha5!A2) -> 10 | C2: =VLOOKUP(A2,FluxoFuturo!B:L,10,0) -> 190842.48 | D2: =IF(B2<0,"Adimplente",IF(B2<=30,"Vencidos e Não Pagos Até 30 Dias",IF(B2<=61,"Vencidos e Não Pagos De 31 A 60 Dias",IF(B2<=90,"Vencidos E Não Pagos De 61 A 90 Dias",IF(B2<=120,"Vencidos e Não Pagos De 91 A 120 Dias",IF(B2<=150,"Vencidos e Não Pagos De 121 A 150 Dias",IF(B2<=180,"Vencidos e Não Pagos De 151 A 180 Dias",IF(B2>180,"Vencidos E Não Pagos Acima de 180 Dias","")))))))) -> Vencidos e Não Pagos Até 30 Dias | E2: 1 | F2: =IF(E2=1,$R$2,IF(E2=2,$R$3,IF(E2=3,$R$4,IF(E2=4,$R$5,IF(E2=5,$R$6,IF(E2=6,$R$7,IF(E2>6,$R$8))))))) -> 01 - Uma Parcela | G2: =VLOOKUP(A2,FluxoFuturo!B:J,9,0) -> 8137.32 | H2: =VLOOKUP(A2,FluxoFuturo!B:K,10,0) -> 190842.48 | R2: 01 - Uma Parcela
A3: 6394 | B3: =_xlfn.MAXIFS(Inadimplência!S:S,Planilha5!A:A,Planilha5!A3) -> 10 | C3: =VLOOKUP(A3,FluxoFuturo!B:L,10,0) -> 255389.83 | D3: =IF(B3<0,"Adimplente",IF(B3<=30,"Vencidos e Não Pagos Até 30 Dias",IF(B3<=61,"Vencidos e Não Pagos De 31 A 60 Dias",IF(B3<=90,"Vencidos E Não Pagos De 61 A 90 Dias",IF(B3<=120,"Vencidos e Não Pagos De 91 A 120 Dias",IF(B3<=150,"Vencidos e Não Pagos De 121 A 150 Dias",IF(B3<=180,"Vencidos e Não Pagos De 151 A 180 Dias",IF(B3>180,"Vencidos E Não Pagos Acima de 180 Dias","")))))))) -> Vencidos e Não Pagos Até 30 Dias | E3: 1 | F3: =IF(E3=1,$R$2,IF(E3=2,$R$3,IF(E3=3,$R$4,IF(E3=4,$R$5,IF(E3=5,$R$6,IF(E3=6,$R$7,IF(E3>6,$R$8))))))) -> 01 - Uma Parcela | G3: =VLOOKUP(A3,FluxoFuturo!B:J,9,0) -> 3019.18 | H3: =VLOOKUP(A3,FluxoFuturo!B:K,10,0) -> 255389.83 | R3: 02 - Duas Parcelas
A4: 6396 | B4: =_xlfn.MAXIFS(Inadimplência!S:S,Planilha5!A:A,Planilha5!A4) -> 10 | C4: =VLOOKUP(A4,FluxoFuturo!B:L,10,0) -> 270620.5 | D4: =IF(B4<0,"Adimplente",IF(B4<=30,"Vencidos e Não Pagos Até 30 Dias",IF(B4<=61,"Vencidos e Não Pagos De 31 A 60 Dias",IF(B4<=90,"Vencidos E Não Pagos De 61 A 90 Dias",IF(B4<=120,"Vencidos e Não Pagos De 91 A 120 Dias",IF(B4<=150,"Vencidos e Não Pagos De 121 A 150 Dias",IF(B4<=180,"Vencidos e Não Pagos De 151 A 180 Dias",IF(B4>180,"Vencidos E Não Pagos Acima de 180 Dias","")))))))) -> Vencidos e Não Pagos Até 30 Dias | E4: 1 | F4: =IF(E4=1,$R$2,IF(E4=2,$R$3,IF(E4=3,$R$4,IF(E4=4,$R$5,IF(E4=5,$R$6,IF(E4=6,$R$7,IF(E4>6,$R$8))))))) -> 01 - Uma Parcela | G4: =VLOOKUP(A4,FluxoFuturo!B:J,9,0) -> 3166.03 | H4: =VLOOKUP(A4,FluxoFuturo!B:K,10,0) -> 270620.5 | R4: 03 - Três Parcelas
A5: 6409 | B5: =_xlfn.MAXIFS(Inadimplência!S:S,Planilha5!A:A,Planilha5!A5) -> 10 | C5: =VLOOKUP(A5,FluxoFuturo!B:L,10,0) -> 270507.6 | D5: =IF(B5<0,"Adimplente",IF(B5<=30,"Vencidos e Não Pagos Até 30 Dias",IF(B5<=61,"Vencidos e Não Pagos De 31 A 60 Dias",IF(B5<=90,"Vencidos E Não Pagos De 61 A 90 Dias",IF(B5<=120,"Vencidos e Não Pagos De 91 A 120 Dias",IF(B5<=150,"Vencidos e Não Pagos De 121 A 150 Dias",IF(B5<=180,"Vencidos e Não Pagos De 151 A 180 Dias",IF(B5>180,"Vencidos E Não Pagos Acima de 180 Dias","")))))))) -> Vencidos e Não Pagos Até 30 Dias | E5: 1 | F5: =IF(E5=1,$R$2,IF(E5=2,$R$3,IF(E5=3,$R$4,IF(E5=4,$R$5,IF(E5=5,$R$6,IF(E5=6,$R$7,IF(E5>6,$R$8))))))) -> 01 - Uma Parcela | G5: =VLOOKUP(A5,FluxoFuturo!B:J,9,0) -> 3164.71 | H5: =VLOOKUP(A5,FluxoFuturo!B:K,10,0) -> 270507.6 | R5: 04 - Quatro Parcelas
A6: 6410 | B6: =_xlfn.MAXIFS(Inadimplência!S:S,Planilha5!A:A,Planilha5!A6) -> 10 | C6: =VLOOKUP(A6,FluxoFuturo!B:L,10,0) -> 270507.6 | D6: =IF(B6<0,"Adimplente",IF(B6<=30,"Vencidos e Não Pagos Até 30 Dias",IF(B6<=61,"Vencidos e Não Pagos De 31 A 60 Dias",IF(B6<=90,"Vencidos E Não Pagos De 61 A 90 Dias",IF(B6<=120,"Vencidos e Não Pagos De 91 A 120 Dias",IF(B6<=150,"Vencidos e Não Pagos De 121 A 150 Dias",IF(B6<=180,"Vencidos e Não Pagos De 151 A 180 Dias",IF(B6>180,"Vencidos E Não Pagos Acima de 180 Dias","")))))))) -> Vencidos e Não Pagos Até 30 Dias | E6: 1 | F6: =IF(E6=1,$R$2,IF(E6=2,$R$3,IF(E6=3,$R$4,IF(E6=4,$R$5,IF(E6=5,$R$6,IF(E6=6,$R$7,IF(E6>6,$R$8))))))) -> 01 - Uma Parcela | G6: =VLOOKUP(A6,FluxoFuturo!B:J,9,0) -> 3164.71 | H6: =VLOOKUP(A6,FluxoFuturo!B:K,10,0) -> 270507.6 | R6: 05 - Cinco Parcelas
R7: 06 - Seis parcelas
R8: Maior que seis parcelas

Sheet Resumo
E3: Relatório Consolidado
B6: Base do relatório Mensal | F6: Março/2025
B7: Total de unidades ativas | F7: 91
B8: Total de clientes quitados | F8: 3
B9: Recebimentos
B10: A receber (mês) | F10: 517930.99
B11: Valor recebido total | F11: 575207.65
B12: Diferença Recebimento Total x Recebimento Mês
B13: Recebimento Regular | F13: 506004.32
B14: Antecipação | F14: 44936.2
B15: Recebimento em atraso | F15: 24267.13
B16: Inadimplência
B17: Inadimplência (mês) | F17: 23242.43
B18: Inadimplência total | F18: 23242.43

Sheet Recebimento
N1: =SUM(SUBTOTAL(9,N3:N108)) -> 20272.5 | P1: =SUM(SUBTOTAL(9,P3:P108)) -> 0 | Q1: =SUM(SUBTOTAL(9,Q3:Q108)) -> 0 | AA1: =SUM(SUBTOTAL(9,AA3:AA108)) -> 20272.5 | AB1: =SUM(SUBTOTAL(9,AB3:AB108)) -> 0 | AG1: =SUM(SUBTOTAL(9,AG3:AG108)) -> 0 | AH1: =SUM(SUBTOTAL(9,AH3:AH108)) -> 0 | AJ1: =SUM(SUBTOTAL(9,AJ3:AJ108)) -> 20272.5
A2: No Parcela | B2: No Contrato | C2: Nome do mutuário | D2: CPF/CNPJ | E2: Taxa de Juros | F2: Carteira | G2: Empreendimento | H2: No Parcela | I2: Data de Vencimento Original | J2: Data de Pagamento | K2: Data do Crédito | L2: Dif. de Dias | M2: Valor Original | N2: Valor Creditado | O2: Valor Parceiro | P2: Multa | Q2: Juros de Mora | R2: Seguro | S2: Dif de Parcela | T2: Dif Parcela Creditada | U2: Taxa de Gestão | V2: Tipo de Recebimento | W2: Mês | X2: OBS | Y2: MIP | Z2: DFI | AA2: Amortização Creditada | AB2: Juros Creditado | AC2: MIP Creditado | AD2: DFI Creditado | AE2: Diferença Parcela Creditada | AF2: Gestão Creditada | AG2: Multa Creditada | AH2: Mora Creditada | AI2: Resíduo Parcela | AJ2: Total | AK2: Check Recebimento | AL2: Status Venda
A3: 2411097 | B3: 6351 | C3: Sidney Humberto De Souza | D3: 015.841.711-97 | E3: 0.1003 | F3: SWISS PARK ANAPOLIS | G3: Swiss Park Zurich - Anápolis | H3: 2411097 | I3: 45737 | J3: 45733 | K3: 45734 | L3: -3 | M3: 3092.56 | N3: 3092.56 | P3: 0 | Q3: 0 | R3: 0 | V3: Recebimento Regular | W3: Mar/2025 | AA3: 880.01 | AB3: 2212.55 | AE3: 0 | AG3: 0 | AH3: 0 | AJ3: 3092.56 | AK3: Adimplente | AL3: Parcelado
A4: 2411261 | B4: 6352 | C4: Victor Hugo Gomes Da Silva | D4: 029.838.141-90 | E4: 0.1003 | F4: SWISS PARK ANAPOLIS | G4: Swiss Park Zurich - Anápolis | H4: 2411261 | I4: 45726 | J4: 45726 | K4: 45727 | L4: 1 | M4: 3118.84 | N4: 3118.84 | P4: 0 | Q4: 0 | R4: 0 | V4: Recebimento Regular | W4: Mar/2025 | AA4: 887.48 | AB4: 2231.36 | AE4: 0 | AG4: 0 | AH4: 0 | AJ4: 3118.84 | AK4: Adimplente | AL4: Parcelado
A5: 2411425 | B5: 6353 | C5: Victor Hugo Gomes Da Silva | D5: 029.838.141-90 | E5: 0.1003 | F5: SWISS PARK ANAPOLIS | G5: Swiss Park Zurich - Anápolis | H5: 2411425 | I5: 45726 | J5: 45726 | K5: 45727 | L5: 1 | M5: 3099.68 | N5: 3099.68 | P5: 0 | Q5: 0 | R5: 0 | V5: Recebimento Regular | W5: Mar/2025 | AA5: 882.03 | AB5: 2217.65 | AE5: 0 | AG5: 0 | AH5: 0 | AJ5: 3099.68 | AK5: Adimplente | AL5: Parcelado
A6: 2411589 | B6: 6354 | C6: Flavia Silva Costa Galgane | D6: 023.803.371-60 | E6: 0 | F6: SWISS PARK ANAPOLIS | G6: Swiss Park Zurich - Anápolis | H6: 2411589 | I6: 45737 | J6: 45736 | K6: 45737 | L6: 0 | M6: 7951.79 | N6: 7951.79 | P6: 0 | Q6: 0 | R6: 0 | V6: Recebimento Regular | W6: Mar/2025 | AA6: 7951.79 | AB6: 0 | AE6: 0 | AG6: 0 | AH6: 0 | AJ6: 7951.79 | AK6: Adimplente | AL6: Parcelado
A7: 2411626 | B7: 6355 | C7: Guilherme Galgane Ferreira Ribeiro | D7: 017.100.711-50 | E7: 0 | F7: SWISS PARK ANAPOLIS | G7: Swiss Park Zurich - Anápolis | H7: 2411626 | I7: 45737 | J7: 45736 | K7: 45737 | L7: 0 | M7: 7951.79 | N7: 7951.79 | P7: 0 | Q7: 0 | R7: 0 | V7: Recebimento Regular | W7: Mar/2025 | AA7: 7951.79 | AB7: 0 | AE7: 0 | AG7: 0 | AH7: 0 | AJ7: 7951.79 | AK7: Adimplente | AL7: Parcelado
A8: 2411664 | B8: 6356 | C8: Samuel Yohei Kudo Da Silva | D8: 037.301.931-98 | E8: 0 | F8: SWISS PARK ANAPOLIS | G8: Swiss Park Zurich - Anápolis | H8: 2411664 | I8: 45726 | J8: 45723 | K8: 45726 | L8: 0 | M8: 6500 | N8: 6500 | P8: 0 | Q8: 0 | R8: 0 | V8: Recebimento Regular | W8: Mar/2025 | AA8: 6500 | AB8: 0 | AE8: 0 | AG8: 0 | AH8: 0 | AJ8: 6500 | AK8: Adimplente | AL8: Parcelado
A9: 2411689 | B9: 6357 | C9: Ronimiller Ferreira Franca | D9: 931.002.481-04 | E9: 0.1003 | F9: SWISS PARK ANAPOLIS | G9: Swiss Park Zurich - Anápolis | H9: 2411689 | I9: 45737 | J9: 45728 | K9: 45729 | L9: -8 | M9: 3869.33 | N9: 3869.33 | P9: 0 | Q9: 0 | R9: 0 | V9: Recebimento Regular | W9: Mar/2025 | AA9: 1110.25 | AB9: 2759.08 | AE9: 0 | AG9: 0 | AH9: 0 | AJ9: 3869.33 | AK9: Adimplente | AL9: Parcelado
A10: 2411816 | B10: 6357 | C10: Ronimiller Ferreira Franca | D10: 931.002.481-04 | E10: 0.1003 | F10: SWISS PARK ANAPOLIS | G10: Swiss Park Zurich - Anápolis | H10: 2411816 | I10: 49603 | J10: 45728 | K10: 45729 | L10: -3874 | M10: 1406.53 | N10: 1406.53 | P10: 0 | Q10: 0 | R10: 0 | V10: Antecipação | W10: Mar/2025 | AA10: 1143 | AB10: 263.53 | AE10: 0 | AG10: 0 | AH10: 0 | AJ10: 1406.53 | AK10: Pagos Antecipadamente Acima de 180 Dias | AL10: Parcelado
A11: 2411817 | B11: 6357 | C11: Ronimiller Ferreira Franca | D11: 931.002.481-04 | E11: 0.1003 | F11: SWISS PARK ANAPOLIS | G11: Swiss Park Zurich - Anápolis | H11: 2411817 | I11: 49634 | J11: 45728 | K11: 45729 | L11: -3905 | M11: 1395.36 | N11: 1395.36 | P11: 0 | Q11: 0 | R11: 0 | V11: Antecipação | W11: Mar/2025 | AA11: 1143.15 | AB11: 252.21 | AE11: 0 | AG11: 0 | AH11: 0 | AJ11: 1395.36 | AK11: Pagos Antecipadamente Acima de 180 Dias | AL11: Parcelado
A12: 2411818 | B12: 6357 | C12: Ronimiller Ferreira Franca | D12: 931.002.481-04 | E12: 0.1003 | F12: SWISS PARK ANAPOLIS | G12: Swiss Park Zurich - Anápolis | H12: 2411818 | I12: 49664 | J12: 45728 | K12: 45729 | L12: -3935 | M12: 1384.29 | N12: 1384.29 | P12: 0 | Q12: 0 | R12: 0 | V12: Antecipação | W12: Mar/2025 | AA12: 1143.29 | AB12: 241 | AE12: 0 | AG12: 0 | AH12: 0 | AJ12: 1384.29 | AK12: Pagos Antecipadamente Acima de 180 Dias | AL12: Parcelado
A13: 2411819 | B13: 6357 | C13: Ronimiller Ferreira Franca | D13: 931.002.481-04 | E13: 0.1003 | F13: SWISS PARK ANAPOLIS | G13: Swiss Park Zurich - Anápolis | H13: 2411819 | I13: 49695 | J13: 45728 | K13: 45729 | L13: -3966 | M13: 1373.3 | N13: 1373.3 | P13: 0 | Q13: 0 | R13: 0 | V13: Antecipação | W13: Mar/2025 | AA13: 1143.44 | AB13: 229.86 | AE13: 0 | AG13: 0 | AH13: 0 | AJ13: 1373.3 | AK13: Pagos Antecipadamente Acima de 180 Dias | AL13: Parcelado
A14: 2411820 | B14: 6357 | C14: Ronimiller Ferreira Franca | D14: 931.002.481-04 | E14: 0.1003 | F14: SWISS PARK ANAPOLIS | G14: Swiss Park Zurich - Anápolis | H14: 2411820 | I14: 49726 | J14: 45728 | K14: 45729 | L14: -3997 | M14: 1362.4 | N14: 1362.4 | P14: 0 | Q14: 0 | R14: 0 | V14: Antecipação | W14: Mar/2025 | AA14: 1143.58 | AB14: 218.82 | AE14: 0 | AG14: 0 | AH14: 0 | AJ14: 1362.4 | AK14: Pagos Antecipadamente Acima de 180 Dias | AL14: Parcelado
... A108: 2472359 | B108: 5406 | C108: Fábio Rodrigues Ribeiro | D108: 301.855.668-20 | E108: 0 | F108: SWISS PARK ANAPOLIS | G108: Swiss Park Zurich - Anápolis | H108: 2472359 | I108: 45737 | J108: 45737 | K108: 45740 | L108: 3 | M108: 7650 | N108: 7650 | P108: 0 | Q108: 0 | R108: 0 | V108: Recebimento Regular | W108: Mar/2025 | AA108: 7650 | AB108: 0 | AE108: 0 | AG108: 0 | AH108: 0 | AJ108: 7650 | AK108: Adimplente | AL108: Parcelado

Sheet Conciliação
A1: Data Crédito | B1: Fechamento | C1: Extrato | D1: Diferença | E1: Obs
A2: 01/03/2025 | B2: =SUMIFS(Recebimento!N:N,Recebimento!K:K,Conciliação!A2) -> 0 | C2: 0 | D2: =B2-C2 -> 0
A3: 02/03/2025 | B3: =SUMIFS(Recebimento!N:N,Recebimento!K:K,Conciliação!A3) -> 0 | C3: 0 | D3: =B3-C3 -> 0
A4: 03/03/2025 | B4: =SUMIFS(Recebimento!N:N,Recebimento!K:K,Conciliação!A4) -> 0 | C4: 0 | D4: =B4-C4 -> 0
A5: 04/03/2025 | B5: =SUMIFS(Recebimento!N:N,Recebimento!K:K,Conciliação!A5) -> 0 | C5: 0 | D5: =B5-C5 -> 0
A6: 05/03/2025 | B6: =SUMIFS(Recebimento!N:N,Recebimento!K:K,Conciliação!A6) -> 0 | C6: 0 | D6: =B6-C6 -> 0
A7: 06/03/2025 | B7: =SUMIFS(Recebimento!N:N,Recebimento!K:K,Conciliação!A7) -> 0 | C7: 0 | D7: =B7-C7 -> 0
A8: 07/03/2025 | B8: =SUMIFS(Recebimento!N:N,Recebimento!K:K,Conciliação!A8) -> 2407.89 | C8: 2407.89 | D8: =B8-C8 -> 0
A9: 08/03/2025 | B9: =SUMIFS(Recebimento!N:N,Recebimento!K:K,Conciliação!A9) -> 0 | C9: 0 | D9: =B9-C9 -> 0
A10: 09/03/2025 | B10: =SUMIFS(Recebimento!N:N,Recebimento!K:K,Conciliação!A10) -> 0 | C10: 0 | D10: =B10-C10 -> 0
A11: 10/03/2025 | B11: =SUMIFS(Recebimento!N:N,Recebimento!K:K,Conciliação!A11) -> 25168.52 | C11: 25168.52 | D11: =B11-C11 -> 0
A12: 11/03/2025 | B12: =SUMIFS(Recebimento!N:N,Recebimento!K:K,Conciliação!A12) -> 91627.26 | C12: 91627.26 | D12: =B12-C12 -> 0
A13: 12/03/2025 | B13: =SUMIFS(Recebimento!N:N,Recebimento!K:K,Conciliação!A13) -> 61772.77 | C13: 61772.77 | D13: =B13-C13 -> 0
... A32: 31/03/2025 | B32: =SUMIFS(Recebimento!N:N,Recebimento!K:K,Conciliação!A32) -> 16120.22 | C32: 16120.22 | D32: =B32-C32 -> 0
A33: 01/04/2025 | B33: =SUMIFS(Recebimento!N:N,Recebimento!K:K,Conciliação!A33) -> 16206.94 | C33: 16206.94

Sheet Inadimplência
A1: No Contrato | B1: Nome do Mutuáriuo | C1: CPF | D1: Carteira | E1: Empreendimento | F1: No parcela | G1: Data de Vencimento Original | H1: Amortização Corrigida | I1: Juros Corrigido | J1: MIP | K1: DFI | L1: Valor de Gestão Corrigido | M1: Dif. de Parcela | N1: Multa | O1: Mora | P1: Resíduo Parcela | Q1: Total Corrigido | R1: Seguro | S1: Dias em aberto | T1: Id do Crédito | U1: Faixa de Atraso | V1: Status
A2: 6388 | B2: Anderson Goncalves Moreira | C2: 731.599.561-72 | D2: SWISS PARK ANAPOLIS | E2: Swiss Park Zurich - Anápolis | F2: 2413845 | G2: 21/03/2025 | H2: 7951.77 | I2: 0 | N2: 159.04 | O2: 26.51 | Q2: 8137.32 | R2: 0 | S2: 10 | T2: 135618 | U2: Menor que 30 Dias | V2: Vencidos e Não Pagos Até 30 Dias
A3: 6394 | B3: Heber Guimaraes Da Cunha | C3: 766.927.601-00 | D3: SWISS PARK ANAPOLIS | E3: Swiss Park Zurich - Anápolis | F3: 2414246 | G3: 21/03/2025 | H3: 900.02 | I3: 2050.32 | N3: 59.01 | O3: 9.83 | Q3: 3019.18 | R3: 0 | S3: 10 | T3: 135644 | U3: Menor que 30 Dias | V3: Vencidos e Não Pagos Até 30 Dias
A4: 6396 | B4: Heber Guimaraes Da Cunha | C4: 766.927.601-00 | D4: SWISS PARK ANAPOLIS | E4: Swiss Park Zurich - Anápolis | F4: 2414504 | G4: 21/03/2025 | H4: 880.36 | I4: 2213.48 | N4: 61.88 | O4: 10.31 | Q4: 3166.03 | R4: 0 | S4: 10 | T4: 135645 | U4: Menor que 30 Dias | V4: Vencidos e Não Pagos Até 30 Dias
A5: 6409 | B5: Lucas Garcia Oliveira | C5: 253.190.908-70 | D5: SWISS PARK ANAPOLIS | E5: Swiss Park Zurich - Anápolis | F5: 2415737 | G5: 21/03/2025 | H5: 880 | I5: 2212.55 | N5: 61.85 | O5: 10.31 | Q5: 3164.71 | R5: 0 | S5: 10 | T5: 135661 | U5: Menor que 30 Dias | V5: Vencidos e Não Pagos Até 30 Dias
A6: 6410 | B6: Lucas Garcia Oliveira | C6: 253.190.908-70 | D6: SWISS PARK ANAPOLIS | E6: Swiss Park Zurich - Anápolis | F6: 2415901 | G6: 21/03/2025 | H6: 880 | I6: 2212.55 | N6: 61.85 | O6: 10.31 | Q6: 3164.71 | R6: 0 | S6: 10 | T6: 135662 | U6: Menor que 30 Dias | V6: Vencidos e Não Pagos Até 30 Dias

Sheet FluxoFuturo
J1: =SUBTOTAL(9,J3:J92) -> 20651.95 | K1: =SUBTOTAL(9,K3:K93) -> 22943714 | L1: =SUBTOTAL(9,L3:L93) -> 22964366 | N1: =SUBTOTAL(9,N3:N92) -> 22919272 | O1: =SUBTOTAL(9,O3:O92) -> 20797616
A2: Cod Chronos | B2: Contrato | C2: Nome do mutuário | D2: CPF | E2: Taxa | F2: Carteira | G2: Empreendimento | H2: Elegibilidade | I2: Meses Remanescentes | J2: Inadimplência | K2: VP Fluxo Futuro | L2: Saldo Devedor | M2: Classificação | N2: Saldo Devedor PDD | O2: Saldo Devedor Taxa Cessão | P2: Média R$ m² | Q2: Área M² | R2: Valor De Venda Atualizado | S2: LTV % | T2: 04/2025 | U2: 05/2025 | V2: 06/2025 | W2: 07/2025 | X2: 08/2025 | Y2: 09/2025 | Z2: 10/2025 | AA2: 11/2025 | AB2: 12/2025 | AC2: 01/2026 | AD2: 02/2026 | AE2: 03/2026 | AF2: 04/2026 | AG2: 05/2026 | AH2: 06/2026 | AI2: 07/2026 | AJ2: 08/2026 | AK2: 09/2026 | AL2: 10/2026 | AM2: 11/2026 | AN2: 12/2026 | AO2: 01/2027 | AP2: 02/2027 | AQ2: 03/2027 | AR2: 04/2027 | AS2: 05/2027 | AT2: 06/2027 | AU2: 07/2027 | AV2: 08/2027 | AW2: 09/2027 | AX2: 10/2027 | AY2: 11/2027 | AZ2: 12/2027 | BA2: 01/2028 | BB2: 02/2028 | BC2: 03/2028 | BD2: 04/2028 | BE2: 05/2028 | BF2: 06/2028 | BG2: 07/2028 | BH2: 08/2028 | BI2: 09/2028 | BJ2: 10/2028 | BK2: 11/2028 | BL2: 12/2028 | BM2: 01/2029 | BN2: 02/2029 | BO2: 03/2029 | BP2: 04/2029 | BQ2: 05/2029 | BR2: 06/2029 | BS2: 07/2029 | BT2: 08/2029 | BU2: 09/2029 | BV2: 10/2029 | BW2: 11/2029 | BX2: 12/2029 | BY2: 01/2030 | BZ2: 02/2030 | CA2: 03/2030 | CB2: 04/2030 | CC2: 05/2030 | CD2: 06/2030 | CE2: 07/2030 | CF2: 08/2030 | CG2: 09/2030 | CH2: 10/2030 | CI2: 11/2030 | CJ2: 12/2030 | CK2: 01/2031 | CL2: 02/2031 | CM2: 03/2031 | CN2: 04/2031 | CO2: 05/2031 | CP2: 06/2031 | CQ2: 07/2031 | CR2: 08/2031 | CS2: 09/2031 | CT2: 10/2031 | CU2: 11/2031 | CV2: 12/2031 | CW2: 01/2032 | CX2: 02/2032 | CY2: 03/2032 | CZ2: 04/2032 | DA2: 05/2032 | DB2: 06/2032 | DC2: 07/2032 | DD2: 08/2032 | DE2: 09/2032 | DF2: 10/2032 | DG2: 11/2032 | DH2: 12/2032 | DI2: 01/2033 | DJ2: 02/2033 | DK2: 03/2033 | DL2: 04/2033 | DM2: 05/2033 | DN2: 06/2033 | DO2: 07/2033 | DP2: 08/2033 | DQ2: 09/2033 | DR2: 10/2033 | DS2: 11/2033 | DT2: 12/2033 | DU2: 01/2034 | DV2: 02/2034 | DW2: 03/2034 | DX2: 04/2034 | DY2: 05/2034 | DZ2: 06/2034 | EA2: 07/2034 | EB2: 08/2034 | EC2: 09/2034 | ED2: 10/2034 | EE2: 11/2034 | EF2: 12/2034 | EG2: 01/2035 | EH2: 02/2035 | EI2: 03/2035 | EJ2: 04/2035 | EK2: 05/2035 | EL2: 06/2035 | EM2: 07/2035 | EN2: 08/2035 | EO2: 09/2035 | EP2: 10/2035 | EQ2: 11/2035 | ER2: 12/2035 | ES2: 01/2036 | ET2: 02/2036 | EU2: 03/2036 | EV2: 04/2036 | EW2: 05/2036 | EX2: 06/2036 | EY2: 07/2036 | EZ2: 08/2036 | FA2: 09/2036 | FB2: 10/2036 | FC2: 11/2036 | FD2: 12/2036 | FE2: 01/2037 | FF2: 02/2037 | FG2: 03/2037 | FH2: 04/2037 | FI2: 05/2037 | FJ2: 06/2037 | FK2: 07/2037 | FL2: 08/2037 | FM2: 09/2037 | FN2: 10/2037 | FO2: 11/2037 | FP2: 12/2037 | FQ2: 01/2038 | FR2: 02/2038 | FS2: 03/2038 | FT2: 04/2038 | FU2: 05/2038 | FV2: 06/2038 | FW2: 07/2038 | FX2: 08/2038 | FY2: 09/2038 | FZ2: 10/2038 | GA2: 11/2038 | GB2: 12/2038 | GC2: 01/2039 | GD2: 02/2039 | GE2: 03/2039 | GF2: 04/2039 | GG2: 05/2039 | GH2: 06/2039 | GI2: 07/2039 | GJ2: Id do Crédito
A3: 135922 | B3: =VLOOKUP(A3,'[9]Fluxo por Unidade'!$G:$H,2,0) -> 6494 | C3: Filipe Junio De Oliveira | D3: 020.314.361-20 | E3: 0.100339 | F3: SWISS PARK ANAPOLIS | G3: Swiss Park Zurich - Anápolis | H3: =VLOOKUP(B3,Elegibilidade!A:I,9,0) -> Inelegível | I3: 162 | J3: =SUMIFS(Inadimplência!Q:Q,Inadimplência!A:A,FluxoFuturo!B3) -> 0 | K3: =NPV(0.8%,T3:GI3) -> 362747.67 | L3: =J3+K3 -> 362747.67 | M3: Adimplente | N3: 362747.67 | O3: =NPV((1+12%)^(1/12)-1,T3:FY3) -> 330869.05 | P3: =Vendas!$J$2 -> 886.38148 | Q3: =VLOOKUP(B3,Vendas!A:F,6,0) -> 413.88 | R3: =P3*Q3 -> 366855.57 | S3: =O3/R3 -> 0.90190549 | T3: 4445.92 | U3: 4445.92 | V3: 2835.06 | W3: 2835.06 | X3: 2835.06 | Y3: 2835.06 | Z3: 2835.06 | AA3: 2835.06 | AB3: 2835.06 | AC3: 2835.06 | AD3: 17805.66 | AE3: 2835.06 | AF3: 2835.06 | AG3: 2835.06 | AH3: 2835.06 | AI3: 2835.06 | AJ3: 2835.06 | AK3: 2835.06 | AL3: 2835.06 | AM3: 2835.06 | AN3: 2835.06 | AO3: 2835.06 | AP3: 17805.66 | AQ3: 2835.06 | AR3: 2835.06 | AS3: 2835.06 | AT3: 2835.06 | AU3: 2835.06 | AV3: 2835.06 | AW3: 2835.06 | AX3: 2835.06 | AY3: 2835.06 | AZ3: 2835.06 | BA3: 2835.06 | BB3: 17805.66 | BC3: 2835.06 | BD3: 2835.06 | BE3: 2835.06 | BF3: 2835.06 | BG3: 2835.06 | BH3: 2835.06 | BI3: 2835.06 | BJ3: 2835.06 | BK3: 2835.06 | BL3: 2835.06 | BM3: 2835.06 | BN3: 17805.66 | BO3: 2835.06 | BP3: 2835.06 | BQ3: 2835.06 | BR3: 2835.06 | BS3: 2835.06 | BT3: 2835.06 | BU3: 2835.06 | BV3: 2835.06 | BW3: 2835.06 | BX3: 2835.06 | BY3: 2835.06 | BZ3: 17805.66 | CA3: 2835.06 | CB3: 2835.06 | CC3: 2835.06 | CD3: 2835.06 | CE3: 2835.06 | CF3: 2835.06 | CG3: 2835.06 | CH3: 2835.06 | CI3: 2835.06 | CJ3: 2835.06 | CK3: 2835.06 | CL3: 17805.66 | CM3: 2835.06 | CN3: 2835.06 | CO3: 2835.06 | CP3: 2835.06 | CQ3: 2835.06 | CR3: 2835.06 | CS3: 2835.06 | CT3: 2835.06 | CU3: 2835.06 | CV3: 2835.06 | CW3: 2835.06 | CX3: 17805.66 | CY3: 2835.06 | CZ3: 2835.06 | DA3: 2835.06 | DB3: 2835.06 | DC3: 2835.06 | DD3: 2835.06 | DE3: 2835.06 | DF3: 2835.06 | DG3: 2835.06 | DH3: 2835.06 | DI3: 2835.06 | DJ3: 17805.66 | DK3: 2835.06 | DL3: 2835.06 | DM3: 2835.06 | DN3: 2835.06 | DO3: 2835.06 | DP3: 2835.06 | DQ3: 2835.06 | DR3: 2835.06 | DS3: 2835.06 | DT3: 2835.06 | DU3: 2835.06 | DV3: 17805.66 | DW3: 2835.06 | DX3: 2835.06 | DY3: 2835.06 | DZ3: 2835.06 | EA3: 2835.06 | EB3: 2835.06 | EC3: 2835.06 | ED3: 2835.06 | EE3: 2835.06 | EF3: 2835.06 | EG3: 2835.06 | EH3: 17805.66 | EI3: 2835.06 | EJ3: 2835.06 | EK3: 2835.06 | EL3: 2835.06 | EM3: 2835.06 | EN3: 2835.06 | EO3: 2835.06 | EP3: 2835.06 | EQ3: 2835.06 | ER3: 2835.06 | ES3: 2835.06 | ET3: 17805.66 | EU3: 2835.06 | EV3: 2835.06 | EW3: 2835.06 | EX3: 2835.06 | EY3: 2835.06 | EZ3: 2835.06 | FA3: 2835.06 | FB3: 2835.06 | FC3: 2835.06 | FD3: 2835.06 | FE3: 2835.06 | FF3: 17805.65 | FG3: 2835.06 | FH3: 2835.06 | FI3: 2835.06 | FJ3: 2835.06 | FK3: 2835.06 | FL3: 2835.06 | FM3: 2835.06 | FN3: 2835.06 | FO3: 2835.06 | FP3: 2835.06 | FQ3: 2835.06 | FR3: 2835.06 | FS3: 2835.06 | FT3: 2835.06 | FU3: 2835.06 | FV3: 2835.06 | FW3: 2835.06 | FX3: 2835.06 | FY3: 2834.61 | FZ3: 0 | GA3: 0 | GB3: 0 | GC3: 0 | GD3: 0 | GE3: 0 | GF3: 0 | GG3: 0 | GH3: 0 | GI3: 0 | GJ3: 135922
A4: 135688 | B4: =VLOOKUP(A4,'[9]Fluxo por Unidade'!$G:$H,2,0) -> 6451 | C4: Thiago Da Costa Moreira | D4: 036.528.931-07 | E4: 0.1003 | F4: SWISS PARK ANAPOLIS | G4: Swiss Park Zurich - Anápolis | H4: =VLOOKUP(B4,Elegibilidade!A:I,9,0) -> Elegível | I4: 156 | J4: =SUMIFS(Inadimplência!Q:Q,Inadimplência!A:A,FluxoFuturo!B4) -> 0 | K4: =NPV(0.8%,T4:GI4) -> 357253.74 | L4: =J4+K4 -> 357253.74 | M4: Adimplente | N4: 357253.74 | O4: =NPV((1+12%)^(1/12)-1,T4:FY4) -> 326318.49 | P4: =Vendas!$J$2 -> 886.38148 | Q4: =VLOOKUP(B4,Vendas!A:F,6,0) -> 408.49 | R4: =P4*Q4 -> 362077.97 | S4: =O4/R4 -> 0.90123816 | T4: 4016.95 | U4: 4016.95 | V4: 4016.95 | W4: 4016.95 | X4: 4016.95 | Y4: 4016.95 | Z4: 4016.95 | AA4: 4016.95 | AB4: 4016.95 | AC4: 4016.95 | AD4: 4016.95 | AE4: 4016.95 | AF4: 4016.95 | AG4: 4016.95 | AH4: 4016.95 | AI4: 4016.95 | AJ4: 4016.95 | AK4: 4016.95 | AL4: 4016.95 | AM4: 4016.95 | AN4: 4016.95 | AO4: 4016.95 | AP4: 4016.95 | AQ4: 4016.95 | AR4: 4016.95 | AS4: 4016.95 | AT4: 4016.95 | AU4: 4016.95 | AV4: 4016.95 | AW4: 4016.95 | AX4: 4016.95 | AY4: 4016.95 | AZ4: 4016.95 | BA4: 4016.95 | BB4: 4016.95 | BC4: 4016.95 | BD4: 4016.95 | BE4: 4016.95 | BF4: 4016.95 | BG4: 4016.95 | BH4: 4016.95 | BI4: 4016.95 | BJ4: 4016.95 | BK4: 4016.95 | BL4: 4016.95 | BM4: 4016.95 | BN4: 4016.95 | BO4: 4016.95 | BP4: 4016.95 | BQ4: 4016.95 | BR4: 4016.95 | BS4: 4016.95 | BT4: 4016.95 | BU4: 4016.95 | BV4: 4016.95 | BW4: 4016.95 | BX4: 4016.95 | BY4: 4016.95 | BZ4: 4016.95 | CA4: 4016.95 | CB4: 4016.95 | CC4: 4016.95 | CD4: 4016.95 | CE4: 4016.95 | CF4: 4016.95 | CG4: 4016.95 | CH4: 4016.95 | CI4: 4016.95 | CJ4: 4016.95 | CK4: 4016.95 | CL4: 4016.95 | CM4: 4016.95 | CN4: 4016.95 | CO4: 4016.95 | CP4: 4016.95 | CQ4: 4016.95 | CR4: 4016.95 | CS4: 4016.95 | CT4: 4016.95 | CU4: 4016.95 | CV4: 4016.95 | CW4: 4016.95 | CX4: 4016.95 | CY4: 4016.95 | CZ4: 4016.95 | DA4: 4016.95 | DB4: 4016.95 | DC4: 4016.95 | DD4: 4016.95 | DE4: 4016.95 | DF4: 4016.95 | DG4: 4016.95 | DH4: 4016.95 | DI4: 4016.95 | DJ4: 4016.95 | DK4: 4016.95 | DL4: 4016.95 | DM4: 4016.95 | DN4: 4016.95 | DO4: 4016.95 | DP4: 4016.95 | DQ4: 4016.95 | DR4: 4016.95 | DS4: 4016.95 | DT4: 4016.95 | DU4: 4016.95 | DV4: 4016.95 | DW4: 4016.95 | DX4: 4016.95 | DY4: 4016.95 | DZ4: 4016.95 | EA4: 4016.95 | EB4: 4016.95 | EC4: 4016.95 | ED4: 4016.95 | EE4: 4016.95 | EF4: 4016.95 | EG4: 4016.95 | EH4: 4016.95 | EI4: 4016.95 | EJ4: 4016.95 | EK4: 4016.95 | EL4: 4016.95 | EM4: 4016.95 | EN4: 4016.95 | EO4: 4016.95 | EP4: 4016.95 | EQ4: 4016.95 | ER4: 4016.95 | ES4: 4016.95 | ET4: 4016.95 | EU4: 4016.95 | EV4: 4016.95 | EW4: 4016.95 | EX4: 4016.95 | EY4: 4016.95 | EZ4: 4016.95 | FA4: 4016.95 | FB4: 4016.95 | FC4: 4016.95 | FD4: 4016.95 | FE4: 4016.95 | FF4: 4016.95 | FG4: 4016.95 | FH4: 4016.95 | FI4: 4016.95 | FJ4: 4016.95 | FK4: 4016.95 | FL4: 4016.95 | FM4: 4016.95 | FN4: 4016.95 | FO4: 4016.95 | FP4: 4016.95 | FQ4: 4016.95 | FR4: 4016.95 | FS4: 4016.86 | FT4: 0 | FU4: 0 | FV4: 0 | FW4: 0 | FX4: 0 | FY4: 0 | FZ4: 0 | GA4: 0 | GB4: 0 | GC4: 0 | GD4: 0 | GE4: 0 | GF4: 0 | GG4: 0 | GH4: 0 | GI4: 0 | GJ4: 135688
A5: 135667 | B5: =VLOOKUP(A5,'[9]Fluxo por Unidade'!$G:$H,2,0) -> 6402 | C5: Michael Molina | D5: 222.832.808-18 | E5: 0.1003 | F5: SWISS PARK ANAPOLIS | G5: Swiss Park Zurich - Anápolis | H5: =VLOOKUP(B5,Elegibilidade!A:I,9,0) -> Elegível | I5: 151 | J5: =SUMIFS(Inadimplência!Q:Q,Inadimplência!A:A,FluxoFuturo!B5) -> 0 | K5: =NPV(0.8%,T5:GI5) -> 346392.97 | L5: =J5+K5 -> 346392.97 | M5: Adimplente | N5: 346392.97 | O5: =NPV((1+12%)^(1/12)-1,T5:FY5) -> 317075.56 | P5: =Vendas!$J$2 -> 886.38148 | Q5: =VLOOKUP(B5,Vendas!A:F,6,0) -> 460.99 | R5: =P5*Q5 -> 408613 | S5: =O5/R5 -> 0.7759801 | T5: 3960.1 | U5: 3960.1 | V5: 3960.1 | W5: 3960.1 | X5: 3960.1 | Y5: 3960.1 | Z5: 3960.1 | AA5: 3960.1 | AB5: 3960.1 | AC5: 3960.1 | AD5: 3960.1 | AE5: 3960.1 | AF5: 3960.1 | AG5: 3960.1 | AH5: 3960.1 | AI5: 3960.1 | AJ5: 3960.1 | AK5: 3960.1 | AL5: 3960.1 | AM5: 3960.1 | AN5: 3960.1 | AO5: 3960.1 | AP5: 3960.1 | AQ5: 3960.1 | AR5: 3960.1 | AS5: 3960.1 | AT5: 3960.1 | AU5: 3960.1 | AV5: 3960.1 | AW5: 3960.1 | AX5: 3960.1 | AY5: 3960.1 | AZ5: 3960.1 | BA5: 3960.1 | BB5: 3960.1 | BC5: 3960.1 | BD5: 3960.1 | BE5: 3960.1 | BF5: 3960.1 | BG5: 3960.1 | BH5: 3960.1 | BI5: 3960.1 | BJ5: 3960.1 | BK5: 3960.1 | BL5: 3960.1 | BM5: 3960.1 | BN5: 3960.1 | BO5: 3960.1 | BP5: 3960.1 | BQ5: 3960.1 | BR5: 3960.1 | BS5: 3960.1 | BT5: 3960.1 | BU5: 3960.1 | BV5: 3960.1 | BW5: 3960.1 | BX5: 3960.1 | BY5: 3960.1 | BZ5: 3960.1 | CA5: 3960.1 | CB5: 3960.1 | CC5: 3960.1 | CD5: 3960.1 | CE5: 3960.1 | CF5: 3960.1 | CG5: 3960.1 | CH5: 3960.1 | CI5: 3960.1 | CJ5: 3960.1 | CK5: 3960.1 | CL5: 3960.1 | CM5: 3960.1 | CN5: 3960.1 | CO5: 3960.1 | CP5: 3960.1 | CQ5: 3960.1 | CR5: 3960.1 | CS5: 3960.1 | CT5: 3960.1 | CU5: 3960.1 | CV5: 3960.1 | CW5: 3960.1 | CX5: 3960.1 | CY5: 3960.1 | CZ5: 3960.1 | DA5: 3960.1 | DB5: 3960.1 | DC5: 3960.1 | DD5: 3960.1 | DE5: 3960.1 | DF5: 3960.1 | DG5: 3960.1 | DH5: 3960.1 | DI5: 3960.1 | DJ5: 3960.1 | DK5: 3960.1 | DL5: 3960.1 | DM5: 3960.1 | DN5: 3960.1 | DO5: 3960.1 | DP5: 3960.1 | DQ5: 3960.1 | DR5: 3960.1 | DS5: 3960.1 | DT5: 3960.1 | DU5: 3960.1 | DV5: 3960.1 | DW5: 3960.1 | DX5: 3960.1 | DY5: 3960.1 | DZ5: 3960.1 | EA5: 3960.1 | EB5: 3960.1 | EC5: 3960.1 | ED5: 3960.1 | EE5: 3960.1 | EF5: 3960.1 | EG5: 3960.1 | EH5: 3960.1 | EI5: 3960.1 | EJ5: 3960.1 | EK5: 3960.1 | EL5: 3960.1 | EM5: 3960.1 | EN5: 3960.1 | EO5: 3960.1 | EP5: 3960.1 | EQ5: 3960.1 | ER5: 3960.1 | ES5: 3960.1 | ET5: 3960.1 | EU5: 3960.1 | EV5: 3960.1 | EW5: 3960.1 | EX5: 3960.1 | EY5: 3960.1 | EZ5: 3960.1 | FA5: 3960.1 | FB5: 3960.1 | FC5: 3960.1 | FD5: 3960.1 | FE5: 3960.1 | FF5: 3960.1 | FG5: 3960.1 | FH5: 3960.1 | FI5: 3960.1 | FJ5: 3960.1 | FK5: 3960.1 | FL5: 3960.1 | FM5: 3960.1 | FN5: 3960.03 | FO5: 0 | FP5: 0 | FQ5: 0 | FR5: 0 | FS5: 0 | FT5: 0 | FU5: 0 | FV5: 0 | FW5: 0 | FX5: 0 | FY5: 0 | FZ5: 0 | GA5: 0 | GB5: 0 | GC5: 0 | GD5: 0 | GE5: 0 | GF5: 0 | GG5: 0 | GH5: 0 | GI5: 0 | GJ5: 135667
A6: 135924 | B6: =VLOOKUP(A6,'[9]Fluxo por Unidade'!$G:$H,2,0) -> 6498 | C6: Camila Moreira De Queiroz Alencar | D6: 054.505.581-47 | E6: 0.100339 | F6: SWISS PARK ANAPOLIS | G6: Swiss Park Zurich - Anápolis | H6: =VLOOKUP(B6,Elegibilidade!A:I,9,0) -> Inelegível | I6: 162 | J6: =SUMIFS(Inadimplência!Q:Q,Inadimplência!A:A,FluxoFuturo!B6) -> 0 | K6: =NPV(0.8%,T6:GI6) -> 332490.24 | L6: =J6+K6 -> 332490.24 | M6: Adimplente | N6: 332490.24 | O6: =NPV((1+12%)^(1/12)-1,T6:FY6) -> 303270.67 | P6: =Vendas!$J$2 -> 886.38148 | Q6: =VLOOKUP(B6,Vendas!A:F,6,0) -> 360.39 | R6: =P6*Q6 -> 319443.02 | S6: =O6/R6 -> 0.94937327 | T6: 4075.08 | U6: 4075.07 | V6: 2598.58 | W6: 2598.58 | X6: 2598.58 | Y6: 2598.58 | Z6: 2598.58 | AA6: 2598.58 | AB6: 2598.58 | AC6: 2598.58 | AD6: 16320.48 | AE6: 2598.58 | AF6: 2598.58 | AG6: 2598.58 | AH6: 2598.58 | AI6: 2598.58 | AJ6: 2598.58 | AK6: 2598.58 | AL6: 2598.58 | AM6: 2598.58 | AN6: 2598.58 | AO6: 2598.58 | AP6: 16320.48 | AQ6: 2598.58 | AR6: 2598.58 | AS6: 2598.58 | AT6: 2598.58 | AU6: 2598.58 | AV6: 2598.58 | AW6: 2598.58 | AX6: 2598.58 | AY6: 2598.58 | AZ6: 2598.58 | BA6: 2598.58 | BB6: 16320.48 | BC6: 2598.58 | BD6: 2598.58 | BE6: 2598.58 | BF6: 2598.58 | BG6: 2598.58 | BH6: 2598.58 | BI6: 2598.58 | BJ6: 2598.58 | BK6: 2598.58 | BL6: 2598.58 | BM6: 2598.58 | BN6: 16320.48 | BO6: 2598.58 | BP6: 2598.58 | BQ6: 2598.58 | BR6: 2598.58 | BS6: 2598.58 | BT6: 2598.58 | BU6: 2598.58 | BV6: 2598.58 | BW6: 2598.58 | BX6: 2598.58 | BY6: 2598.58 | BZ6: 16320.48 | CA6: 2598.58 | CB6: 2598.58 | CC6: 2598.58 | CD6: 2598.58 | CE6: 2598.58 | CF6: 2598.58 | CG6: 2598.58 | CH6: 2598.58 | CI6: 2598.58 | CJ6: 2598.58 | CK6: 2598.58 | CL6: 16320.48 | CM6: 2598.58 | CN6: 2598.58 | CO6: 2598.58 | CP6: 2598.58 | CQ6: 2598.58 | CR6: 2598.58 | CS6: 2598.58 | CT6: 2598.58 | CU6: 2598.58 | CV6: 2598.58 | CW6: 2598.58 | CX6: 16320.48 | CY6: 2598.58 | CZ6: 2598.58 | DA6: 2598.58 | DB6: 2598.58 | DC6: 2598.58 | DD6: 2598.58 | DE6: 2598.58 | DF6: 2598.58 | DG6: 2598.58 | DH6: 2598.58 | DI6: 2598.58 | DJ6: 16320.48 | DK6: 2598.58 | DL6: 2598.58 | DM6: 2598.58 | DN6: 2598.58 | DO6: 2598.58 | DP6: 2598.58 | DQ6: 2598.58 | DR6: 2598.58 | DS6: 2598.58 | DT6: 2598.58 | DU6: 2598.58 | DV6: 16320.48 | DW6: 2598.58 | DX6: 2598.58 | DY6: 2598.58 | DZ6: 2598.58 | EA6: 2598.58 | EB6: 2598.58 | EC6: 2598.58 | ED6: 2598.58 | EE6: 2598.58 | EF6: 2598.58 | EG6: 2598.58 | EH6: 16320.48 | EI6: 2598.58 | EJ6: 2598.58 | EK6: 2598.58 | EL6: 2598.58 | EM6: 2598.58 | EN6: 2598.58 | EO6: 2598.58 | EP6: 2598.58 | EQ6: 2598.58 | ER6: 2598.58 | ES6: 2598.58 | ET6: 16320.48 | EU6: 2598.58 | EV6: 2598.58 | EW6: 2598.58 | EX6: 2598.58 | EY6: 2598.58 | EZ6: 2598.58 | FA6: 2598.58 | FB6: 2598.58 | FC6: 2598.58 | FD6: 2598.58 | FE6: 2598.58 | FF6: 16320.44 | FG6: 2598.58 | FH6: 2598.58 | FI6: 2598.58 | FJ6: 2598.58 | FK6: 2598.58 | FL6: 2598.58 | FM6: 2598.58 | FN6: 2598.58 | FO6: 2598.58 | FP6: 2598.58 | FQ6: 2598.58 | FR6: 2598.58 | FS6: 2598.58 | FT6: 2598.58 | FU6: 2598.58 | FV6: 2598.58 | FW6: 2598.58 | FX6: 2598.58 | FY6: 2598.45 | FZ6: 0 | GA6: 0 | GB6: 0 | GC6: 0 | GD6: 0 | GE6: 0 | GF6: 0 | GG6: 0 | GH6: 0 | GI6: 0 | GJ6: 135924
A7: 135654 | B7: =VLOOKUP(A7,'[9]Fluxo por Unidade'!$G:$H,2,0) -> 6379 | C7: Jorge Miguel Gonzales Dutra | D7: 011.205.931-74 | E7: 0.1003 | F7: SWISS PARK ANAPOLIS | G7: Swiss Park Zurich - Anápolis | H7: =VLOOKUP(B7,Elegibilidade!A:I,9,0) -> Elegível | I7: 146 | J7: =SUMIFS(Inadimplência!Q:Q,Inadimplência!A:A,FluxoFuturo!B7) -> 0 | K7: =NPV(0.8%,T7:GI7) -> 332212.44 | L7: =J7+K7 -> 332212.44 | M7: Adimplente | N7: 332212.44 | O7: =NPV((1+12%)^(1/12)-1,T7:FY7) -> 304760.01 | P7: =Vendas!$J$2 -> 886.38148 | Q7: =VLOOKUP(B7,Vendas!A:F,6,0) -> 453.7 | R7: =P7*Q7 -> 402151.28 | S7: =O7/R7 -> 0.7578243 | T7: 3865.39 | U7: 3865.39 | V7: 3865.39 | W7: 3865.39 | X7: 3865.39 | Y7: 3865.39 | Z7: 3865.39 | AA7: 3865.39 | AB7: 3865.39 | AC7: 3865.39 | AD7: 3865.39 | AE7: 3865.39 | AF7: 3865.39 | AG7: 3865.39 | AH7: 3865.39 | AI7: 3865.39 | AJ7: 3865.39 | AK7: 3865.39 | AL7: 3865.39 | AM7: 3865.39 | AN7: 3865.39 | AO7: 3865.39 | AP7: 3865.39 | AQ7: 3865.39 | AR7: 3865.39 | AS7: 3865.39 | AT7: 3865.39 | AU7: 3865.39 | AV7: 3865.39 | AW7: 3865.39 | AX7: 3865.39 | AY7: 3865.39 | AZ7: 3865.39 | BA7: 3865.39 | BB7: 3865.39 | BC7: 3865.39 | BD7: 3865.39 | BE7: 3865.39 | BF7: 3865.39 | BG7: 3865.39 | BH7: 3865.39 | BI7: 3865.39 | BJ7: 3865.39 | BK7: 3865.39 | BL7: 3865.39 | BM7: 3865.39 | BN7: 3865.39 | BO7: 3865.39 | BP7: 3865.39 | BQ7: 3865.39 | BR7: 3865.39 | BS7: 3865.39 | BT7: 3865.39 | BU7: 3865.39 | BV7: 3865.39 | BW7: 3865.39 | BX7: 3865.39 | BY7: 3865.39 | BZ7: 3865.39 | CA7: 3865.39 | CB7: 3865.39 | CC7: 3865.39 | CD7: 3865.39 | CE7: 3865.39 | CF7: 3865.39 | CG7: 3865.39 | CH7: 3865.39 | CI7: 3865.39 | CJ7: 3865.39 | CK7: 3865.39 | CL7: 3865.39 | CM7: 3865.39 | CN7: 3865.39 | CO7: 3865.39 | CP7: 3865.39 | CQ7: 3865.39 | CR7: 3865.39 | CS7: 3865.39 | CT7: 3865.39 | CU7: 3865.39 | CV7: 3865.39 | CW7: 3865.39 | CX7: 3865.39 | CY7: 3865.39 | CZ7: 3865.39 | DA7: 3865.39 | DB7: 3865.39 | DC7: 3865.39 | DD7: 3865.39 | DE7: 3865.39 | DF7: 3865.39 | DG7: 3865.39 | DH7: 3865.39 | DI7: 3865.39 | DJ7: 3865.39 | DK7: 3865.39 | DL7: 3865.39 | DM7: 3865.39 | DN7: 3865.39 | DO7: 3865.39 | DP7: 3865.39 | DQ7: 3865.39 | DR7: 3865.39 | DS7: 3865.39 | DT7: 3865.39 | DU7: 3865.39 | DV7: 3865.39 | DW7: 3865.39 | DX7: 3865.39 | DY7: 3865.39 | DZ7: 3865.39 | EA7: 3865.39 | EB7: 3865.39 | EC7: 3865.39 | ED7: 3865.39 | EE7: 3865.39 | EF7: 3865.39 | EG7: 3865.39 | EH7: 3865.39 | EI7: 3865.39 | EJ7: 3865.39 | EK7: 3865.39 | EL7: 3865.39 | EM7: 3865.39 | EN7: 3865.39 | EO7: 3865.39 | EP7: 3865.39 | EQ7: 3865.39 | ER7: 3865.39 | ES7: 3865.39 | ET7: 3865.39 | EU7: 3865.39 | EV7: 3865.39 | EW7: 3865.39 | EX7: 3865.39 | EY7: 3865.39 | EZ7: 3865.39 | FA7: 3865.39 | FB7: 3865.39 | FC7: 3865.39 | FD7: 3865.39 | FE7: 3865.39 | FF7: 3865.39 | FG7: 3865.39 | FH7: 3865.39 | FI7: 3865.39 | FJ7: 0 | FK7: 0 | FL7: 0 | FM7: 0 | FN7: 0 | FO7: 0 | FP7: 0 | FQ7: 0 | FR7: 0 | FS7: 0 | FT7: 0 | FU7: 0 | FV7: 0 | FW7: 0 | FX7: 0 | FY7: 0 | FZ7: 0 | GA7: 0 | GB7: 0 | GC7: 0 | GD7: 0 | GE7: 0 | GF7: 0 | GG7: 0 | GH7: 0 | GI7: 0 | GJ7: 135654
A8: 135663 | B8: =VLOOKUP(A8,'[9]Fluxo por Unidade'!$G:$H,2,0) -> 6417 | C8: Luciene Cassia Viana | D8: 857.816.301-04 | E8: 0.1003 | F8: SWISS PARK ANAPOLIS | G8: Swiss Park Zurich - Anápolis | H8: =VLOOKUP(B8,Elegibilidade!A:I,9,0) -> Elegível | I8: 152 | J8: =SUMIFS(Inadimplência!Q:Q,Inadimplência!A:A,FluxoFuturo!B8) -> 0 | K8: =NPV(0.8%,T8:GI8) -> 331983.16 | L8: =J8+K8 -> 331983.16 | M8: Adimplente | N8: 331983.16 | O8: =NPV((1+12%)^(1/12)-1,T8:FY8) -> 304887.5 | P8: =Vendas!$J$2 -> 886.38148 | Q8: =VLOOKUP(B8,Vendas!A:F,6,0) -> 386.22 | R8: =P8*Q8 -> 342338.26 | S8: =O8/R8 -> 0.89060307 | T8: 17022.52 | U8: 2558.8 | V8: 2558.8 | W8: 2558.8 | X8: 2558.8 | Y8: 2558.8 | Z8: 2558.8 | AA8: 2558.8 | AB8: 2558.8 | AC8: 2558.8 | AD8: 2558.8 | AE8: 2558.8 | AF8: 17022.52 | AG8: 2558.8 | AH8: 2558.8 | AI8: 2558.8 | AJ8: 2558.8 | AK8: 2558.8 | AL8: 2558.8 | AM8: 2558.8 | AN8: 2558.8 | AO8: 2558.8 | AP8: 2558.8 | AQ8: 2558.8 | AR8: 17022.52 | AS8: 2558.8 | AT8: 2558.8 | AU8: 2558.8 | AV8: 2558.8 | AW8: 2558.8 | AX8: 2558.8 | AY8: 2558.8 | AZ8: 2558.8 | BA8: 2558.8 | BB8: 2558.8 | BC8: 2558.8 | BD8: 17022.52 | BE8: 2558.8 | BF8: 2558.8 | BG8: 2558.8 | BH8: 2558.8 | BI8: 2558.8 | BJ8: 2558.8 | BK8: 2558.8 | BL8: 2558.8 | BM8: 2558.8 | BN8: 2558.8 | BO8: 2558.8 | BP8: 17022.52 | BQ8: 2558.8 | BR8: 2558.8 | BS8: 2558.8 | BT8: 2558.8 | BU8: 2558.8 | BV8: 2558.8 | BW8: 2558.8 | BX8: 2558.8 | BY8: 2558.8 | BZ8: 2558.8 | CA8: 2558.8 | CB8: 17022.52 | CC8: 2558.8 | CD8: 2558.8 | CE8: 2558.8 | CF8: 2558.8 | CG8: 2558.8 | CH8: 2558.8 | CI8: 2558.8 | CJ8: 2558.8 | CK8: 2558.8 | CL8: 2558.8 | CM8: 2558.8 | CN8: 17022.52 | CO8: 2558.8 | CP8: 2558.8 | CQ8: 2558.8 | CR8: 2558.8 | CS8: 2558.8 | CT8: 2558.8 | CU8: 2558.8 | CV8: 2558.8 | CW8: 2558.8 | CX8: 2558.8 | CY8: 2558.8 | CZ8: 17022.52 | DA8: 2558.8 | DB8: 2558.8 | DC8: 2558.8 | DD8: 2558.8 | DE8: 2558.8 | DF8: 2558.8 | DG8: 2558.8 | DH8: 2558.8 | DI8: 2558.8 | DJ8: 2558.8 | DK8: 2558.8 | DL8: 17022.52 | DM8: 2558.8 | DN8: 2558.8 | DO8: 2558.8 | DP8: 2558.8 | DQ8: 2558.8 | DR8: 2558.8 | DS8: 2558.8 | DT8: 2558.8 | DU8: 2558.8 | DV8: 2558.8 | DW8: 2558.8 | DX8: 17022.52 | DY8: 2558.8 | DZ8: 2558.8 | EA8: 2558.8 | EB8: 2558.8 | EC8: 2558.8 | ED8: 2558.8 | EE8: 2558.8 | EF8: 2558.8 | EG8: 2558.8 | EH8: 2558.8 | EI8: 2558.8 | EJ8: 17022.52 | EK8: 2558.8 | EL8: 2558.8 | EM8: 2558.8 | EN8: 2558.8 | EO8: 2558.8 | EP8: 2558.8 | EQ8: 2558.8 | ER8: 2558.8 | ES8: 2558.8 | ET8: 2558.8 | EU8: 2558.8 | EV8: 17022.52 | EW8: 2558.8 | EX8: 2558.8 | EY8: 2558.8 | EZ8: 2558.8 | FA8: 2558.8 | FB8: 2558.8 | FC8: 2558.8 | FD8: 2558.8 | FE8: 2558.8 | FF8: 2558.8 | FG8: 2558.8 | FH8: 2558.8 | FI8: 2558.8 | FJ8: 2558.8 | FK8: 2558.8 | FL8: 2558.8 | FM8: 2558.8 | FN8: 2558.8 | FO8: 2558.33 | FP8: 0 | FQ8: 0 | FR8: 0 | FS8: 0 | FT8: 0 | FU8: 0 | FV8: 0 | FW8: 0 | FX8: 0 | FY8: 0 | FZ8: 0 | GA8: 0 | GB8: 0 | GC8: 0 | GD8: 0 | GE8: 0 | GF8: 0 | GG8: 0 | GH8: 0 | GI8: 0 | GJ8: 135663
A9: 135923 | B9: =VLOOKUP(A9,'[9]Fluxo por Unidade'!$G:$H,2,0) -> 6497 | C9: Moises Elias De Souza Alves | D9: 042.851.991-14 | E9: 0.100339 | F9: SWISS PARK ANAPOLIS | G9: Swiss Park Zurich - Anápolis | H9: =VLOOKUP(B9,Elegibilidade!A:I,9,0) -> Inelegível | I9: 162 | J9: =SUMIFS(Inadimplência!Q:Q,Inadimplência!A:A,FluxoFuturo!B9) -> 0 | K9: =NPV(0.8%,T9:GI9) -> 330248.38 | L9: =J9+K9 -> 330248.38 | M9: Adimplente | N9: 330248.38 | O9: =NPV((1+12%)^(1/12)-1,T9:FY9) -> 301225.83 | P9: =Vendas!$J$2 -> 886.38148 | Q9: =VLOOKUP(B9,Vendas!A:F,6,0) -> 376.8 | R9: =P9*Q9 -> 333988.54 | S9: =O9/R9 -> 0.90190469 | T9: 4047.61 | U9: 4047.61 | V9: 2581.06 | W9: 2581.06 | X9: 2581.06 | Y9: 2581.06 | Z9: 2581.06 | AA9: 2581.06 | AB9: 2581.06 | AC9: 2581.06 | AD9: 16210.43 | AE9: 2581.06 | AF9: 2581.06 | AG9: 2581.06 | AH9: 2581.06 | AI9: 2581.06 | AJ9: 2581.06 | AK9: 2581.06 | AL9: 2581.06 | AM9: 2581.06 | AN9: 2581.06 | AO9: 2581.06 | AP9: 16210.43 | AQ9: 2581.06 | AR9: 2581.06 | AS9: 2581.06 | AT9: 2581.06 | AU9: 2581.06 | AV9: 2581.06 | AW9: 2581.06 | AX9: 2581.06 | AY9: 2581.06 | AZ9: 2581.06 | BA9: 2581.06 | BB9: 16210.43 | BC9: 2581.06 | BD9: 2581.06 | BE9: 2581.06 | BF9: 2581.06 | BG9: 2581.06 | BH9: 2581.06 | BI9: 2581.06 | BJ9: 2581.06 | BK9: 2581.06 | BL9: 2581.06 | BM9: 2581.06 | BN9: 16210.43 | BO9: 2581.06 | BP9: 2581.06 | BQ9: 2581.06 | BR9: 2581.06 | BS9: 2581.06 | BT9: 2581.06 | BU9: 2581.06 | BV9: 2581.06 | BW9: 2581.06 | BX9: 2581.06 | BY9: 2581.06 | BZ9: 16210.43 | CA9: 2581.06 | CB9: 2581.06 | CC9: 2581.06 | CD9: 2581.06 | CE9: 2581.06 | CF9: 2581.06 | CG9: 2581.06 | CH9: 2581.06 | CI9: 2581.06 | CJ9: 2581.06 | CK9: 2581.06 | CL9: 16210.43 | CM9: 2581.06 | CN9: 2581.06 | CO9: 2581.06 | CP9: 2581.06 | CQ9: 2581.06 | CR9: 2581.06 | CS9: 2581.06 | CT9: 2581.06 | CU9: 2581.06 | CV9: 2581.06 | CW9: 2581.06 | CX9: 16210.43 | CY9: 2581.06 | CZ9: 2581.06 | DA9: 2581.06 | DB9: 2581.06 | DC9: 2581.06 | DD9: 2581.06 | DE9: 2581.06 | DF9: 2581.06 | DG9: 2581.06 | DH9: 2581.06 | DI9: 2581.06 | DJ9: 16210.43 | DK9: 2581.06 | DL9: 2581.06 | DM9: 2581.06 | DN9: 2581.06 | DO9: 2581.06 | DP9: 2581.06 | DQ9: 2581.06 | DR9: 2581.06 | DS9: 2581.06 | DT9: 2581.06 | DU9: 2581.06 | DV9: 16210.43 | DW9: 2581.06 | DX9: 2581.06 | DY9: 2581.06 | DZ9: 2581.06 | EA9: 2581.06 | EB9: 2581.06 | EC9: 2581.06 | ED9: 2581.06 | EE9: 2581.06 | EF9: 2581.06 | EG9: 2581.06 | EH9: 16210.43 | EI9: 2581.06 | EJ9: 2581.06 | EK9: 2581.06 | EL9: 2581.06 | EM9: 2581.06 | EN9: 2581.06 | EO9: 2581.06 | EP9: 2581.06 | EQ9: 2581.06 | ER9: 2581.06 | ES9: 2581.06 | ET9: 16210.43 | EU9: 2581.06 | EV9: 2581.06 | EW9: 2581.06 | EX9: 2581.06 | EY9: 2581.06 | EZ9: 2581.06 | FA9: 2581.06 | FB9: 2581.06 | FC9: 2581.06 | FD9: 2581.06 | FE9: 2581.06 | FF9: 16210.4 | FG9: 2581.06 | FH9: 2581.06 | FI9: 2581.06 | FJ9: 2581.06 | FK9: 2581.06 | FL9: 2581.06 | FM9: 2581.06 | FN9: 2581.06 | FO9: 2581.06 | FP9: 2581.06 | FQ9: 2581.06 | FR9: 2581.06 | FS9: 2581.06 | FT9: 2581.06 | FU9: 2581.06 | FV9: 2581.06 | FW9: 2581.06 | FX9: 2581.06 | FY9: 2580.63 | FZ9: 0 | GA9: 0 | GB9: 0 | GC9: 0 | GD9: 0 | GE9: 0 | GF9: 0 | GG9: 0 | GH9: 0 | GI9: 0 | GJ9: 135923
A10: 135652 | B10: =VLOOKUP(A10,'[9]Fluxo por Unidade'!$G:$H,2,0) -> 6414 | C10: Joao Vitor Florian | D10: 753.943.751-00 | E10: 0.1003 | F10: SWISS PARK ANAPOLIS | G10: Swiss Park Zurich - Anápolis | H10: =VLOOKUP(B10,Elegibilidade!A:I,9,0) -> Elegível | I10: 154 | J10: =SUMIFS(Inadimplência!Q:Q,Inadimplência!A:A,FluxoFuturo!B10) -> 0 | K10: =NPV(0.8%,T10:GI10) -> 329777.54 | L10: =J10+K10 -> 329777.54 | M10: Adimplente | N10: 329777.54 | O10: =NPV((1+12%)^(1/12)-1,T10:FY10) -> 301477.66 | P10: =Vendas!$J$2 -> 886.38148 | Q10: =VLOOKUP(B10,Vendas!A:F,6,0) -> 385.77 | R10: =P10*Q10 -> 341939.38 | S10: =O10/R10 -> 0.88166991 | T10: 3732.32 | U10: 3732.32 | V10: 3732.32 | W10: 3732.32 | X10: 3732.32 | Y10: 3732.32 | Z10: 3732.32 | AA10: 3732.32 | AB10: 3732.32 | AC10: 3732.32 | AD10: 3732.32 | AE10: 3732.32 | AF10: 3732.32 | AG10: 3732.32 | AH10: 3732.32 | AI10: 3732.32 | AJ10: 3732.32 | AK10: 3732.32 | AL10: 3732.32 | AM10: 3732.32 | AN10: 3732.32 | AO10: 3732.32 | AP10: 3732.32 | AQ10: 3732.32 | AR10: 3732.32 | AS10: 3732.32 | AT10: 3732.32 | AU10: 3732.32 | AV10: 3732.32 | AW10: 3732.32 | AX10: 3732.32 | AY10: 3732.32 | AZ10: 3732.32 | BA10: 3732.32 | BB10: 3732.32 | BC10: 3732.32 | BD10: 3732.32 | BE10: 3732.32 | BF10: 3732.32 | BG10: 3732.32 | BH10: 3732.32 | BI10: 3732.32 | BJ10: 3732.32 | BK10: 3732.32 | BL10: 3732.32 | BM10: 3732.32 | BN10: 3732.32 | BO10: 3732.32 | BP10: 3732.32 | BQ10: 3732.32 | BR10: 3732.32 | BS10: 3732.32 | BT10: 3732.32 | BU10: 3732.32 | BV10: 3732.32 | BW10: 3732.32 | BX10: 3732.32 | BY10: 3732.32 | BZ10: 3732.32 | CA10: 3732.32 | CB10: 3732.32 | CC10: 3732.32 | CD10: 3732.32 | CE10: 3732.32 | CF10: 3732.32 | CG10: 3732.32 | CH10: 3732.32 | CI10: 3732.32 | CJ10: 3732.32 | CK10: 3732.32 | CL10: 3732.32 | CM10: 3732.32 | CN10: 3732.32 | CO10: 3732.32 | CP10: 3732.32 | CQ10: 3732.32 | CR10: 3732.32 | CS10: 3732.32 | CT10: 3732.32 | CU10: 3732.32 | CV10: 3732.32 | CW10: 3732.32 | CX10: 3732.32 | CY10: 3732.32 | CZ10: 3732.32 | DA10: 3732.32 | DB10: 3732.32 | DC10: 3732.32 | DD10: 3732.32 | DE10: 3732.32 | DF10: 3732.32 | DG10: 3732.32 | DH10: 3732.32 | DI10: 3732.32 | DJ10: 3732.32 | DK10: 3732.32 | DL10: 3732.32 | DM10: 3732.32 | DN10: 3732.32 | DO10: 3732.32 | DP10: 3732.32 | DQ10: 3732.32 | DR10: 3732.32 | DS10: 3732.32 | DT10: 3732.32 | DU10: 3732.32 | DV10: 3732.32 | DW10: 3732.32 | DX10: 3732.32 | DY10: 3732.32 | DZ10: 3732.32 | EA10: 3732.32 | EB10: 3732.32 | EC10: 3732.32 | ED10: 3732.32 | EE10: 3732.32 | EF10: 3732.32 | EG10: 3732.32 | EH10: 3732.32 | EI10: 3732.32 | EJ10: 3732.32 | EK10: 3732.32 | EL10: 3732.32 | EM10: 3732.32 | EN10: 3732.32 | EO10: 3732.32 | EP10: 3732.32 | EQ10: 3732.32 | ER10: 3732.32 | ES10: 3732.32 | ET10: 3732.32 | EU10: 3732.32 | EV10: 3732.32 | EW10: 3732.32 | EX10: 3732.32 | EY10: 3732.32 | EZ10: 3732.32 | FA10: 3732.32 | FB10: 3732.32 | FC10: 3732.32 | FD10: 3732.32 | FE10: 3732.32 | FF10: 3732.32 | FG10: 3732.32 | FH10: 3732.32 | FI10: 3732.32 | FJ10: 3732.32 | FK10: 3732.32 | FL10: 3732.32 | FM10: 3732.32 | FN10: 3732.32 | FO10: 3732.32 | FP10: 3732.32 | FQ10: 3732.35 | FR10: 0 | FS10: 0 | FT10: 0 | FU10: 0 | FV10: 0 | FW10: 0 | FX10: 0 | FY10: 0 | FZ10: 0 | GA10: 0 | GB10: 0 | GC10: 0 | GD10: 0 | GE10: 0 | GF10: 0 | GG10: 0 | GH10: 0 | GI10: 0 | GJ10: 135652
A11: 135672 | B11: =VLOOKUP(A11,'[9]Fluxo por Unidade'!$G:$H,2,0) -> 6453 | C11: Pamella Suelley Gino Ribeiro | D11: 006.433.111-30 | E11: 0.1003 | F11: SWISS PARK ANAPOLIS | G11: Swiss Park Zurich - Anápolis | H11: =VLOOKUP(B11,Elegibilidade!A:I,9,0) -> Elegível | I11: 153 | J11: =SUMIFS(Inadimplência!Q:Q,Inadimplência!A:A,FluxoFuturo!B11) -> 0 | K11: =NPV(0.8%,T11:GI11) -> 326296.89 | L11: =J11+K11 -> 326296.89 | M11: Adimplente | N11: 326296.89 | O11: =NPV((1+12%)^(1/12)-1,T11:FY11) -> 298423.33 | P11: =Vendas!$J$2 -> 886.38148 | Q11: =VLOOKUP(B11,Vendas!A:F,6,0) -> 376.79 | R11: =P11*Q11 -> 333979.68 | S11: =O11/R11 -> 0.89353738 | T11: 3705.22 | U11: 3705.22 | V11: 3705.22 | W11: 3705.22 | X11: 3705.22 | Y11: 3705.22 | Z11: 3705.22 | AA11: 3705.22 | AB11: 3705.22 | AC11: 3705.22 | AD11: 3705.22 | AE11: 3705.22 | AF11: 3705.22 | AG11: 3705.22 | AH11: 3705.22 | AI11: 3705.22 | AJ11: 3705.22 | AK11: 3705.22 | AL11: 3705.22 | AM11: 3705.22 | AN11: 3705.22 | AO11: 3705.22 | AP11: 3705.22 | AQ11: 3705.22 | AR11: 3705.22 | AS11: 3705.22 | AT11: 3705.22 | AU11: 3705.22 | AV11: 3705.22 | AW11: 3705.22 | AX11: 3705.22 | AY11: 3705.22 | AZ11: 3705.22 | BA11: 3705.22 | BB11: 3705.22 | BC11: 3705.22 | BD11: 3705.22 | BE11: 3705.22 | BF11: 3705.22 | BG11: 3705.22 | BH11: 3705.22 | BI11: 3705.22 | BJ11: 3705.22 | BK11: 3705.22 | BL11: 3705.22 | BM11: 3705.22 | BN11: 3705.22 | BO11: 3705.22 | BP11: 3705.22 | BQ11: 3705.22 | BR11: 3705.22 | BS11: 3705.22 | BT11: 3705.22 | BU11: 3705.22 | BV11: 3705.22 | BW11: 3705.22 | BX11: 3705.22 | BY11: 3705.22 | BZ11: 3705.22 | CA11: 3705.22 | CB11: 3705.22 | CC11: 3705.22 | CD11: 3705.22 | CE11: 3705.22 | CF11: 3705.22 | CG11: 3705.22 | CH11: 3705.22 | CI11: 3705.22 | CJ11: 3705.22 | CK11: 3705.22 | CL11: 3705.22 | CM11: 3705.22 | CN11: 3705.22 | CO11: 3705.22 | CP11: 3705.22 | CQ11: 3705.22 | CR11: 3705.22 | CS11: 3705.22 | CT11: 3705.22 | CU11: 3705.22 | CV11: 3705.22 | CW11: 3705.22 | CX11: 3705.22 | CY11: 3705.22 | CZ11: 3705.22 | DA11: 3705.22 | DB11: 3705.22 | DC11: 3705.22 | DD11: 3705.22 | DE11: 3705.22 | DF11: 3705.22 | DG11: 3705.22 | DH11: 3705.22 | DI11: 3705.22 | DJ11: 3705.22 | DK11: 3705.22 | DL11: 3705.22 | DM11: 3705.22 | DN11: 3705.22 | DO11: 3705.22 | DP11: 3705.22 | DQ11: 3705.22 | DR11: 3705.22 | DS11: 3705.22 | DT11: 3705.22 | DU11: 3705.22 | DV11: 3705.22 | DW11: 3705.22 | DX11: 3705.22 | DY11: 3705.22 | DZ11: 3705.22 | EA11: 3705.22 | EB11: 3705.22 | EC11: 3705.22 | ED11: 3705.22 | EE11: 3705.22 | EF11: 3705.22 | EG11: 3705.22 | EH11: 3705.22 | EI11: 3705.22 | EJ11: 3705.22 | EK11: 3705.22 | EL11: 3705.22 | EM11: 3705.22 | EN11: 3705.22 | EO11: 3705.22 | EP11: 3705.22 | EQ11: 3705.22 | ER11: 3705.22 | ES11: 3705.22 | ET11: 3705.22 | EU11: 3705.22 | EV11: 3705.22 | EW11: 3705.22 | EX11: 3705.22 | EY11: 3705.22 | EZ11: 3705.22 | FA11: 3705.22 | FB11: 3705.22 | FC11: 3705.22 | FD11: 3705.22 | FE11: 3705.22 | FF11: 3705.22 | FG11: 3705.22 | FH11: 3705.22 | FI11: 3705.22 | FJ11: 3705.22 | FK11: 3705.22 | FL11: 3705.22 | FM11: 3705.22 | FN11: 3705.22 | FO11: 3705.22 | FP11: 3705.22 | FQ11: 0 | FR11: 0 | FS11: 0 | FT11: 0 | FU11: 0 | FV11: 0 | FW11: 0 | FX11: 0 | FY11: 0 | FZ11: 0 | GA11: 0 | GB11: 0 | GC11: 0 | GD11: 0 | GE11: 0 | GF11: 0 | GG11: 0 | GH11: 0 | GI11: 0 | GJ11: 135672
A12: 135634 | B12: =VLOOKUP(A12,'[9]Fluxo por Unidade'!$G:$H,2,0) -> 6427 | C12: Fabiana Faria Flor Sabino | D12: 936.975.461-04 | E12: 0.1003 | F12: SWISS PARK ANAPOLIS | G12: Swiss Park Zurich - Anápolis | H12: =VLOOKUP(B12,Elegibilidade!A:I,9,0) -> Elegível | I12: 151 | J12: =SUMIFS(Inadimplência!Q:Q,Inadimplência!A:A,FluxoFuturo!B12) -> 0 | K12: =NPV(0.8%,T12:GI12) -> 323536.31 | L12: =J12+K12 -> 323536.31 | M12: Adimplente | N12: 323536.31 | O12: =NPV((1+12%)^(1/12)-1,T12:FY12) -> 297218.88 | P12: =Vendas!$J$2 -> 886.38148 | Q12: =VLOOKUP(B12,Vendas!A:F,6,0) -> 377.26 | R12: =P12*Q12 -> 334396.28 | S12: =O12/R12 -> 0.88882235 | T12: 16627.59 | U12: 2499.43 | V12: 2499.43 | W12: 2499.43 | X12: 2499.43 | Y12: 2499.43 | Z12: 2499.43 | AA12: 2499.43 | AB12: 2499.43 | AC12: 2499.43 | AD12: 2499.43 | AE12: 2499.43 | AF12: 16627.59 | AG12: 2499.43 | AH12: 2499.43 | AI12: 2499.43 | AJ12: 2499.43 | AK12: 2499.43 | AL12: 2499.43 | AM12: 2499.43 | AN12: 2499.43 | AO12: 2499.43 | AP12: 2499.43 | AQ12: 2499.43 | AR12: 16627.59 | AS12: 2499.43 | AT12: 2499.43 | AU12: 2499.43 | AV12: 2499.43 | AW12: 2499.43 | AX12: 2499.43 | AY12: 2499.43 | AZ12: 2499.43 | BA12: 2499.43 | BB12: 2499.43 | BC12: 2499.43 | BD12: 16627.59 | BE12: 2499.43 | BF12: 2499.43 | BG12: 2499.43 | BH12: 2499.43 | BI12: 2499.43 | BJ12: 2499.43 | BK12: 2499.43 | BL12: 2499.43 | BM12: 2499.43 | BN12: 2499.43 | BO12: 2499.43 | BP12: 16627.59 | BQ12: 2499.43 | BR12: 2499.43 | BS12: 2499.43 | BT12: 2499.43 | BU12: 2499.43 | BV12: 2499.43 | BW12: 2499.43 | BX12: 2499.43 | BY12: 2499.43 | BZ12: 2499.43 | CA12: 2499.43 | CB12: 16627.59 | CC12: 2499.43 | CD12: 2499.43 | CE12: 2499.43 | CF12: 2499.43 | CG12: 2499.43 | CH12: 2499.43 | CI12: 2499.43 | CJ12: 2499.43 | CK12: 2499.43 | CL12: 2499.43 | CM12: 2499.43 | CN12: 16627.59 | CO12: 2499.43 | CP12: 2499.43 | CQ12: 2499.43 | CR12: 2499.43 | CS12: 2499.43 | CT12: 2499.43 | CU12: 2499.43 | CV12: 2499.43 | CW12: 2499.43 | CX12: 2499.43 | CY12: 2499.43 | CZ12: 16627.59 | DA12: 2499.43 | DB12: 2499.43 | DC12: 2499.43 | DD12: 2499.43 | DE12: 2499.43 | DF12: 2499.43 | DG12: 2499.43 | DH12: 2499.43 | DI12: 2499.43 | DJ12: 2499.43 | DK12: 2499.43 | DL12: 16627.59 | DM12: 2499.43 | DN12: 2499.43 | DO12: 2499.43 | DP12: 2499.43 | DQ12: 2499.43 | DR12: 2499.43 | DS12: 2499.43 | DT12: 2499.43 | DU12: 2499.43 | DV12: 2499.43 | DW12: 2499.43 | DX12: 16627.59 | DY12: 2499.43 | DZ12: 2499.43 | EA12: 2499.43 | EB12: 2499.43 | EC12: 2499.43 | ED12: 2499.43 | EE12: 2499.43 | EF12: 2499.43 | EG12: 2499.43 | EH12: 2499.43 | EI12: 2499.43 | EJ12: 16627.59 | EK12: 2499.43 | EL12: 2499.43 | EM12: 2499.43 | EN12: 2499.43 | EO12: 2499.43 | EP12: 2499.43 | EQ12: 2499.43 | ER12: 2499.43 | ES12: 2499.43 | ET12: 2499.43 | EU12: 2499.43 | EV12: 16627.59 | EW12: 2499.43 | EX12: 2499.43 | EY12: 2499.43 | EZ12: 2499.43 | FA12: 2499.43 | FB12: 2499.43 | FC12: 2499.43 | FD12: 2499.43 | FE12: 2499.43 | FF12: 2499.43 | FG12: 2499.43 | FH12: 2499.43 | FI12: 2499.43 | FJ12: 2499.43 | FK12: 2499.43 | FL12: 2499.43 | FM12: 2499.43 | FN12: 2499.43 | FO12: 0 | FP12: 0 | FQ12: 0 | FR12: 0 | FS12: 0 | FT12: 0 | FU12: 0 | FV12: 0 | FW12: 0 | FX12: 0 | FY12: 0 | FZ12: 0 | GA12: 0 | GB12: 0 | GC12: 0 | GD12: 0 | GE12: 0 | GF12: 0 | GG12: 0 | GH12: 0 | GI12: 0 | GJ12: 135634
A13: 135616 | B13: =VLOOKUP(A13,'[9]Fluxo por Unidade'!$G:$H,2,0) -> 6399 | C13: Ancor Construtora Ltda | D13: 28.241.797/0001-38 | E13: 0.1003 | F13: SWISS PARK ANAPOLIS | G13: Swiss Park Zurich - Anápolis | H13: =VLOOKUP(B13,Elegibilidade!A:I,9,0) -> Elegível | I13: 150 | J13: =SUMIFS(Inadimplência!Q:Q,Inadimplência!A:A,FluxoFuturo!B13) -> 0 | K13: =NPV(0.8%,T13:GI13) -> 322829.09 | L13: =J13+K13 -> 322829.09 | M13: Adimplente | N13: 322829.09 | O13: =NPV((1+12%)^(1/12)-1,T13:FY13) -> 295634.05 | P13: =Vendas!$J$2 -> 886.38148 | Q13: =VLOOKUP(B13,Vendas!A:F,6,0) -> 434.56 | R13: =P13*Q13 -> 385185.94 | S13: =O13/R13 -> 0.76750999 | T13: 3703.42 | U13: 3703.42 | V13: 3703.42 | W13: 3703.42 | X13: 3703.42 | Y13: 3703.42 | Z13: 3703.42 | AA13: 3703.42 | AB13: 3703.42 | AC13: 3703.42 | AD13: 3703.42 | AE13: 3703.42 | AF13: 3703.42 | AG13: 3703.42 | AH13: 3703.42 | AI13: 3703.42 | AJ13: 3703.42 | AK13: 3703.42 | AL13: 3703.42 | AM13: 3703.42 | AN13: 3703.42 | AO13: 3703.42 | AP13: 3703.42 | AQ13: 3703.42 | AR13: 3703.42 | AS13: 3703.42 | AT13: 3703.42 | AU13: 3703.42 | AV13: 3703.42 | AW13: 3703.42 | AX13: 3703.42 | AY13: 3703.42 | AZ13: 3703.42 | BA13: 3703.42 | BB13: 3703.42 | BC13: 3703.42 | BD13: 3703.42 | BE13: 3703.42 | BF13: 3703.42 | BG13: 3703.42 | BH13: 3703.42 | BI13: 3703.42 | BJ13: 3703.42 | BK13: 3703.42 | BL13: 3703.42 | BM13: 3703.42 | BN13: 3703.42 | BO13: 3703.42 | BP13: 3703.42 | BQ13: 3703.42 | BR13: 3703.42 | BS13: 3703.42 | BT13: 3703.42 | BU13: 3703.42 | BV13: 3703.42 | BW13: 3703.42 | BX13: 3703.42 | BY13: 3703.42 | BZ13: 3703.42 | CA13: 3703.42 | CB13: 3703.42 | CC13: 3703.42 | CD13: 3703.42 | CE13: 3703.42 | CF13: 3703.42 | CG13: 3703.42 | CH13: 3703.42 | CI13: 3703.42 | CJ13: 3703.42 | CK13: 3703.42 | CL13: 3703.42 | CM13: 3703.42 | CN13: 3703.42 | CO13: 3703.42 | CP13: 3703.42 | CQ13: 3703.42 | CR13: 3703.42 | CS13: 3703.42 | CT13: 3703.42 | CU13: 3703.42 | CV13: 3703.42 | CW13: 3703.42 | CX13: 3703.42 | CY13: 3703.42 | CZ13: 3703.42 | DA13: 3703.42 | DB13: 3703.42 | DC13: 3703.42 | DD13: 3703.42 | DE13: 3703.42 | DF13: 3703.42 | DG13: 3703.42 | DH13: 3703.42 | DI13: 3703.42 | DJ13: 3703.42 | DK13: 3703.42 | DL13: 3703.42 | DM13: 3703.42 | DN13: 3703.42 | DO13: 3703.42 | DP13: 3703.42 | DQ13: 3703.42 | DR13: 3703.42 | DS13: 3703.42 | DT13: 3703.42 | DU13: 3703.42 | DV13: 3703.42 | DW13: 3703.42 | DX13: 3703.42 | DY13: 3703.42 | DZ13: 3703.42 | EA13: 3703.42 | EB13: 3703.42 | EC13: 3703.42 | ED13: 3703.42 | EE13: 3703.42 | EF13: 3703.42 | EG13: 3703.42 | EH13: 3703.42 | EI13: 3703.42 | EJ13: 3703.42 | EK13: 3703.42 | EL13: 3703.42 | EM13: 3703.42 | EN13: 3703.42 | EO13: 3703.42 | EP13: 3703.42 | EQ13: 3703.42 | ER13: 3703.42 | ES13: 3703.42 | ET13: 3703.42 | EU13: 3703.42 | EV13: 3703.42 | EW13: 3703.42 | EX13: 3703.42 | EY13: 3703.42 | EZ13: 3703.42 | FA13: 3703.42 | FB13: 3703.42 | FC13: 3703.42 | FD13: 3703.42 | FE13: 3703.42 | FF13: 3703.42 | FG13: 3703.42 | FH13: 3703.42 | FI13: 3703.42 | FJ13: 3703.42 | FK13: 3703.42 | FL13: 3703.42 | FM13: 3703.38 | FN13: 0 | FO13: 0 | FP13: 0 | FQ13: 0 | FR13: 0 | FS13: 0 | FT13: 0 | FU13: 0 | FV13: 0 | FW13: 0 | FX13: 0 | FY13: 0 | FZ13: 0 | GA13: 0 | GB13: 0 | GC13: 0 | GD13: 0 | GE13: 0 | GF13: 0 | GG13: 0 | GH13: 0 | GI13: 0 | GJ13: 135616
A14: 135640 | B14: =VLOOKUP(A14,'[9]Fluxo por Unidade'!$G:$H,2,0) -> 6447 | C14: Gabriel Nascimento Melazo Ribeiro | D14: 038.700.121-29 | E14: 0.1003 | F14: SWISS PARK ANAPOLIS | G14: Swiss Park Zurich - Anápolis | H14: =VLOOKUP(B14,Elegibilidade!A:I,9,0) -> Elegível | I14: 155 | J14: =SUMIFS(Inadimplência!Q:Q,Inadimplência!A:A,FluxoFuturo!B14) -> 0 | K14: =NPV(0.8%,T14:GI14) -> 320209.64 | L14: =J14+K14 -> 320209.64 | M14: Menor que 30 Dias | N14: 322800.12 | O14: =NPV((1+12%)^(1/12)-1,T14:FY14) -> 293207.51 | P14: =Vendas!$J$2 -> 886.38148 | Q14: =VLOOKUP(B14,Vendas!A:F,6,0) -> 360 | R14: =P14*Q14 -> 319097.33 | S14: =O14/R14 -> 0.91886543 | T14: 2531.41 | U14: 2531.41 | V14: 2531.41 | W14: 2531.41 | X14: 15851.35 | Y14: 2531.41 | Z14: 2531.41 | AA14: 2531.41 | AB14: 2531.41 | AC14: 2531.41 | AD14: 2531.41 | AE14: 2531.41 | AF14: 2531.41 | AG14: 2531.41 | AH14: 2531.41 | AI14: 2531.41 | AJ14: 15851.35 | AK14: 2531.41 | AL14: 2531.41 | AM14: 2531.41 | AN14: 2531.41 | AO14: 2531.41 | AP14: 2531.41 | AQ14: 2531.41 | AR14: 2531.41 | AS14: 2531.41 | AT14: 2531.41 | AU14: 2531.41 | AV14: 15851.35 | AW14: 2531.41 | AX14: 2531.41 | AY14: 2531.41 | AZ14: 2531.41 | BA14: 2531.41 | BB14: 2531.41 | BC14: 2531.41 | BD14: 2531.41 | BE14: 2531.41 | BF14: 2531.41 | BG14: 2531.41 | BH14: 15851.35 | BI14: 2531.41 | BJ14: 2531.41 | BK14: 2531.41 | BL14: 2531.41 | BM14: 2531.41 | BN14: 2531.41 | BO14: 2531.41 | BP14: 2531.41 | BQ14: 2531.41 | BR14: 2531.41 | BS14: 2531.41 | BT14: 15851.35 | BU14: 2531.41 | BV14: 2531.41 | BW14: 2531.41 | BX14: 2531.41 | BY14: 2531.41 | BZ14: 2531.41 | CA14: 2531.41 | CB14: 2531.41 | CC14: 2531.41 | CD14: 2531.41 | CE14: 2531.41 | CF14: 15851.35 | CG14: 2531.41 | CH14: 2531.41 | CI14: 2531.41 | CJ14: 2531.41 | CK14: 2531.41 | CL14: 2531.41 | CM14: 2531.41 | CN14: 2531.41 | CO14: 2531.41 | CP14: 2531.41 | CQ14: 2531.41 | CR14: 15851.35 | CS14: 2531.41 | CT14: 2531.41 | CU14: 2531.41 | CV14: 2531.41 | CW14: 2531.41 | CX14: 2531.41 | CY14: 2531.41 | CZ14: 2531.41 | DA14: 2531.41 | DB14: 2531.41 | DC14: 2531.41 | DD14: 15851.35 | DE14: 2531.41 | DF14: 2531.41 | DG14: 2531.41 | DH14: 2531.41 | DI14: 2531.41 | DJ14: 2531.41 | DK14: 2531.41 | DL14: 2531.41 | DM14: 2531.41 | DN14: 2531.41 | DO14: 2531.41 | DP14: 15851.35 | DQ14: 2531.41 | DR14: 2531.41 | DS14: 2531.41 | DT14: 2531.41 | DU14: 2531.41 | DV14: 2531.41 | DW14: 2531.41 | DX14: 2531.41 | DY14: 2531.41 | DZ14: 2531.41 | EA14: 2531.41 | EB14: 15851.35 | EC14: 2531.41 | ED14: 2531.41 | EE14: 2531.41 | EF14: 2531.41 | EG14: 2531.41 | EH14: 2531.41 | EI14: 2531.41 | EJ14: 2531.41 | EK14: 2531.41 | EL14: 2531.41 | EM14: 2531.41 | EN14: 15851.35 | EO14: 2531.41 | EP14: 2531.41 | EQ14: 2531.41 | ER14: 2531.41 | ES14: 2531.41 | ET14: 2531.41 | EU14: 2531.41 | EV14: 2531.41 | EW14: 2531.41 | EX14: 2531.41 | EY14: 2531.41 | EZ14: 15851.34 | FA14: 2531.41 | FB14: 2531.41 | FC14: 2531.41 | FD14: 2531.41 | FE14: 2531.41 | FF14: 2531.41 | FG14: 2531.41 | FH14: 2531.41 | FI14: 2531.41 | FJ14: 2531.41 | FK14: 2531.41 | FL14: 2531.41 | FM14: 2531.41 | FN14: 2531.41 | FO14: 2531.41 | FP14: 2531.41 | FQ14: 2531.41 | FR14: 2531.48 | FS14: 0 | FT14: 0 | FU14: 0 | FV14: 0 | FW14: 0 | FX14: 0 | FY14: 0 | FZ14: 0 | GA14: 0 | GB14: 0 | GC14: 0 | GD14: 0 | GE14: 0 | GF14: 0 | GG14: 0 | GH14: 0 | GI14: 0 | GJ14: 135640
... A34: 135626 | B34: =VLOOKUP(A34,'[9]Fluxo por Unidade'!$G:$H,2,0) -> 6401 | C34: Daniel Silva Ferreira | D34: 985.431.721-87 | E34: 0.1003 | F34: SWISS PARK ANAPOLIS | G34: Swiss Park Zurich - Anápolis | H34: =VLOOKUP(B34,Elegibilidade!A:I,9,0) -> Elegível | I34: 87 | J34: =SUMIFS(Inadimplência!Q:Q,Inadimplência!A:A,FluxoFuturo!B34) -> 0 | K34: =NPV(0.8%,T34:GI34) -> 284618.67 | L34: =J34+K34 -> 284618.67 | M34: Adimplente | N34: 284618.67 | O34: =NPV((1+12%)^(1/12)-1,T34:FY34) -> 268872.66 | P34: =Vendas!$J$2 -> 886.38148 | Q34: =VLOOKUP(B34,Vendas!A:F,6,0) -> 393.31 | R34: =P34*Q34 -> 348622.7 | S34: =O34/R34 -> 0.77124254 | T34: 4553.52 | U34: 4553.52 | V34: 4553.52 | W34: 4553.52 | X34: 4553.52 | Y34: 4553.52 | Z34: 4553.52 | AA34: 4553.52 | AB34: 4553.52 | AC34: 4553.52 | AD34: 4553.52 | AE34: 4553.52 | AF34: 4553.52 | AG34: 4553.52 | AH34: 4553.52 | AI34: 4553.52 | AJ34: 4553.52 | AK34: 4553.52 | AL34: 4553.52 | AM34: 4553.52 | AN34: 4553.52 | AO34: 4553.52 | AP34: 4553.52 | AQ34: 4553.52 | AR34: 4553.52 | AS34: 4553.52 | AT34: 4553.52 | AU34: 4553.52 | AV34: 4553.52 | AW34: 4553.52 | AX34: 4553.52 | AY34: 4553.52 | AZ34: 4553.52 | BA34: 4553.52 | BB34: 4553.52 | BC34: 4553.52 | BD34: 4553.52 | BE34: 4553.52 | BF34: 4553.52 | BG34: 4553.52 | BH34: 4553.52 | BI34: 4553.52 | BJ34: 4553.52 | BK34: 4553.52 | BL34: 4553.52 | BM34: 4553.52 | BN34: 4553.52 | BO34: 4553.52 | BP34: 4553.52 | BQ34: 4553.52 | BR34: 4553.52 | BS34: 4553.52 | BT34: 4553.52 | BU34: 4553.52 | BV34: 4553.52 | BW34: 4553.52 | BX34: 4553.52 | BY34: 4553.52 | BZ34: 4553.52 | CA34: 4553.52 | CB34: 4553.52 | CC34: 4553.52 | CD34: 4553.52 | CE34: 4553.52 | CF34: 4553.52 | CG34: 4553.52 | CH34: 4553.52 | CI34: 4553.52 | CJ34: 4553.52 | CK34: 4553.52 | CL34: 4553.52 | CM34: 4553.52 | CN34: 4553.52 | CO34: 4553.52 | CP34: 4553.52 | CQ34: 4553.52 | CR34: 4553.52 | CS34: 4553.52 | CT34: 4553.52 | CU34: 4553.52 | CV34: 4553.52 | CW34: 4553.52 | CX34: 4553.52 | CY34: 4553.52 | CZ34: 4553.52 | DA34: 4553.52 | DB34: 4553.29 | DC34: 0 | DD34: 0 | DE34: 0 | DF34: 0 | DG34: 0 | DH34: 0 | DI34: 0 | DJ34: 0 | DK34: 0 | DL34: 0 | DM34: 0 | DN34: 0 | DO34: 0 | DP34: 0 | DQ34: 0 | DR34: 0 | DS34: 0 | DT34: 0 | DU34: 0 | DV34: 0 | DW34: 0 | DX34: 0 | DY34: 0 | DZ34: 0 | EA34: 0 | EB34: 0 | EC34: 0 | ED34: 0 | EE34: 0 | EF34: 0 | EG34: 0 | EH34: 0 | EI34: 0 | EJ34: 0 | EK34: 0 | EL34: 0 | EM34: 0 | EN34: 0 | EO34: 0 | EP34: 0 | EQ34: 0 | ER34: 0 | ES34: 0 | ET34: 0 | EU34: 0 | EV34: 0 | EW34: 0 | EX34: 0 | EY34: 0 | EZ34: 0 | FA34: 0 | FB34: 0 | FC34: 0 | FD34: 0 | FE34: 0 | FF34: 0 | FG34: 0 | FH34: 0 | FI34: 0 | FJ34: 0 | FK34: 0 | FL34: 0 | FM34: 0 | FN34: 0 | FO34: 0 | FP34: 0 | FQ34: 0 | FR34: 0 | FS34: 0 | FT34: 0 | FU34: 0 | FV34: 0 | FW34: 0 | FX34: 0 | FY34: 0 | FZ34: 0 | GA34: 0 | GB34: 0 | GC34: 0 | GD34: 0 | GE34: 0 | GF34: 0 | GG34: 0 | GH34: 0 | GI34: 0 | GJ34: 135626
A35: 135630 | B35: =VLOOKUP(A35,'[9]Fluxo por Unidade'!$G:$H,2,0) -> 6446 | C35: Eder De Souza Ramos | D35: 001.564.331-09 | E35: 0 | F35: SWISS PARK ANAPOLIS | G35: Swiss Park Zurich - Anápolis | H35: =VLOOKUP(B35,Elegibilidade!A:I,9,0) -> Elegível | I35: 29 | J35: =SUMIFS(Inadimplência!Q:Q,Inadimplência!A:A,FluxoFuturo!B35) -> 0 | K35: =SUM(T35:GI35) -> 282122.79 | L35: =J35+K35 -> 282122.79 | M35: Adimplente | N35: 282122.79 | O35: =NPV((1+12%)^(1/12)-1,T35:FY35) -> 245623.83 | P35: =Vendas!$J$2 -> 886.38148 | Q35: =VLOOKUP(B35,Vendas!A:F,6,0) -> 402.17 | R35: =P35*Q35 -> 356476.04 | S35: =O35/R35 -> 0.68903321 | T35: 9728.37 | U35: 9728.37 | V35: 9728.37 | W35: 9728.37 | X35: 9728.37 | Y35: 9728.37 | Z35: 9728.37 | AA35: 9728.37 | AB35: 9728.37 | AC35: 9728.37 | AD35: 9728.37 | AE35: 9728.37 | AF35: 9728.37 | AG35: 9728.37 | AH35: 9728.37 | AI35: 9728.37 | AJ35: 9728.37 | AK35: 9728.37 | AL35: 9728.37 | AM35: 9728.37 | AN35: 9728.37 | AO35: 9728.37 | AP35: 9728.37 | AQ35: 9728.37 | AR35: 9728.37 | AS35: 9728.37 | AT35: 9728.37 | AU35: 9728.37 | AV35: 9728.43 | AW35: 0 | AX35: 0 | AY35: 0 | AZ35: 0 | BA35: 0 | BB35: 0 | BC35: 0 | BD35: 0 | BE35: 0 | BF35: 0 | BG35: 0 | BH35: 0 | BI35: 0 | BJ35: 0 | BK35: 0 | BL35: 0 | BM35: 0 | BN35: 0 | BO35: 0 | BP35: 0 | BQ35: 0 | BR35: 0 | BS35: 0 | BT35: 0 | BU35: 0 | BV35: 0 | BW35: 0 | BX35: 0 | BY35: 0 | BZ35: 0 | CA35: 0 | CB35: 0 | CC35: 0 | CD35: 0 | CE35: 0 | CF35: 0 | CG35: 0 | CH35: 0 | CI35: 0 | CJ35: 0 | CK35: 0 | CL35: 0 | CM35: 0 | CN35: 0 | CO35: 0 | CP35: 0 | CQ35: 0 | CR35: 0 | CS35: 0 | CT35: 0 | CU35: 0 | CV35: 0 | CW35: 0 | CX35: 0 | CY35: 0 | CZ35: 0 | DA35: 0 | DB35: 0 | DC35: 0 | DD35: 0 | DE35: 0 | DF35: 0 | DG35: 0 | DH35: 0 | DI35: 0 | DJ35: 0 | DK35: 0 | DL35: 0 | DM35: 0 | DN35: 0 | DO35: 0 | DP35: 0 | DQ35: 0 | DR35: 0 | DS35: 0 | DT35: 0 | DU35: 0 | DV35: 0 | DW35: 0 | DX35: 0 | DY35: 0 | DZ35: 0 | EA35: 0 | EB35: 0 | EC35: 0 | ED35: 0 | EE35: 0 | EF35: 0 | EG35: 0 | EH35: 0 | EI35: 0 | EJ35: 0 | EK35: 0 | EL35: 0 | EM35: 0 | EN35: 0 | EO35: 0 | EP35: 0 | EQ35: 0 | ER35: 0 | ES35: 0 | ET35: 0 | EU35: 0 | EV35: 0 | EW35: 0 | EX35: 0 | EY35: 0 | EZ35: 0 | FA35: 0 | FB35: 0 | FC35: 0 | FD35: 0 | FE35: 0 | FF35: 0 | FG35: 0 | FH35: 0 | FI35: 0 | FJ35: 0 | FK35: 0 | FL35: 0 | FM35: 0 | FN35: 0 | FO35: 0 | FP35: 0 | FQ35: 0 | FR35: 0 | FS35: 0 | FT35: 0 | FU35: 0 | FV35: 0 | FW35: 0 | FX35: 0 | FY35: 0 | FZ35: 0 | GA35: 0 | GB35: 0 | GC35: 0 | GD35: 0 | GE35: 0 | GF35: 0 | GG35: 0 | GH35: 0 | GI35: 0 | GJ35: 135630
A36: 135954 | B36: 5406 | C36: Fábio Rodrigues Ribeiro | D36: 301.855.668-20 | E36: 0.100339 | F36: SWISS PARK ANAPOLIS | G36: Swiss Park Zurich - Anápolis | H36: =VLOOKUP(B36,Elegibilidade!A:I,9,0) -> Inelegível | I36: 172 | J36: =SUMIFS(Inadimplência!Q:Q,Inadimplência!A:A,FluxoFuturo!B36) -> 0 | K36: =NPV(0.8%,T36:GI36) -> 283875.51 | L36: =J36+K36 -> 283875.51 | M36: Adimplente | N36: =NPV(0.8%,W36:GB36) -> 266190.89 | O36: =NPV((1+12%)^(1/12)-1,T36:FY36) -> 251468.74 | P36: =Vendas!$J$2 -> 886.38148 | Q36: =VLOOKUP(B36,Vendas!A:F,6,0) -> 360 | R36: =P36*Q36 -> 319097.33 | S36: =O36/R36 -> 0.7880628 | T36: 7741.92 | U36: 7741.92 | V36: 1977.93 | W36: 1977.93 | X36: 1977.93 | Y36: 1977.93 | Z36: 1977.93 | AA36: 1977.93 | AB36: 1977.93 | AC36: 1977.93 | AD36: 1977.93 | AE36: 1977.93 | AF36: 14046.32 | AG36: 1977.93 | AH36: 1977.93 | AI36: 1977.93 | AJ36: 1977.93 | AK36: 1977.93 | AL36: 1977.93 | AM36: 1977.93 | AN36: 1977.93 | AO36: 1977.93 | AP36: 1977.93 | AQ36: 1977.93 | AR36: 14046.32 | AS36: 1977.93 | AT36: 1977.93 | AU36: 1977.93 | AV36: 1977.93 | AW36: 1977.93 | AX36: 1977.93 | AY36: 1977.93 | AZ36: 1977.93 | BA36: 1977.93 | BB36: 1977.93 | BC36: 1977.93 | BD36: 14046.32 | BE36: 1977.93 | BF36: 1977.93 | BG36: 1977.93 | BH36: 1977.93 | BI36: 1977.93 | BJ36: 1977.93 | BK36: 1977.93 | BL36: 1977.93 | BM36: 1977.93 | BN36: 1977.93 | BO36: 1977.93 | BP36: 14046.32 | BQ36: 1977.93 | BR36: 1977.93 | BS36: 1977.93 | BT36: 1977.93 | BU36: 1977.93 | BV36: 1977.93 | BW36: 1977.93 | BX36: 1977.93 | BY36: 1977.93 | BZ36: 1977.93 | CA36: 1977.93 | CB36: 14046.32 | CC36: 1977.93 | CD36: 1977.93 | CE36: 1977.93 | CF36: 1977.93 | CG36: 1977.93 | CH36: 1977.93 | CI36: 1977.93 | CJ36: 1977.93 | CK36: 1977.93 | CL36: 1977.93 | CM36: 1977.93 | CN36: 14046.32 | CO36: 1977.93 | CP36: 1977.93 | CQ36: 1977.93 | CR36: 1977.93 | CS36: 1977.93 | CT36: 1977.93 | CU36: 1977.93 | CV36: 1977.93 | CW36: 1977.93 | CX36: 1977.93 | CY36: 1977.93 | CZ36: 14046.32 | DA36: 1977.93 | DB36: 1977.93 | DC36: 1977.93 | DD36: 1977.93 | DE36: 1977.93 | DF36: 1977.93 | DG36: 1977.93 | DH36: 1977.93 | DI36: 1977.93 | DJ36: 1977.93 | DK36: 1977.93 | DL36: 14046.32 | DM36: 1977.93 | DN36: 1977.93 | DO36: 1977.93 | DP36: 1977.93 | DQ36: 1977.93 | DR36: 1977.93 | DS36: 1977.93 | DT36: 1977.93 | DU36: 1977.93 | DV36: 1977.93 | DW36: 1977.93 | DX36: 14046.32 | DY36: 1977.93 | DZ36: 1977.93 | EA36: 1977.93 | EB36: 1977.93 | EC36: 1977.93 | ED36: 1977.93 | EE36: 1977.93 | EF36: 1977.93 | EG36: 1977.93 | EH36: 1977.93 | EI36: 1977.93 | EJ36: 14046.32 | EK36: 1977.93 | EL36: 1977.93 | EM36: 1977.93 | EN36: 1977.93 | EO36: 1977.93 | EP36: 1977.93 | EQ36: 1977.93 | ER36: 1977.93 | ES36: 1977.93 | ET36: 1977.93 | EU36: 1977.93 | EV36: 14046.32 | EW36: 1977.93 | EX36: 1977.93 | EY36: 1977.93 | EZ36: 1977.93 | FA36: 1977.93 | FB36: 1977.93 | FC36: 1977.93 | FD36: 1977.93 | FE36: 1977.93 | FF36: 1977.93 | FG36: 1977.93 | FH36: 14046.32 | FI36: 1977.93 | FJ36: 1977.93 | FK36: 1977.93 | FL36: 1977.93 | FM36: 1977.93 | FN36: 1977.93 | FO36: 1977.93 | FP36: 1977.93 | FQ36: 1977.93 | FR36: 1977.93 | FS36: 1977.93 | FT36: 14046.32 | FU36: 1977.93 | FV36: 1977.93 | FW36: 1977.93 | FX36: 1977.93 | FY36: 1977.93 | FZ36: 1977.93 | GA36: 1977.93 | GB36: 1977.93 | GC36: 1977.93 | GD36: 1977.93 | GE36: 1977.93 | GF36: 14046.32 | GG36: 1977.93 | GH36: 1977.93 | GI36: 1977.93 | GJ36: 135954
A37: 135921 | B37: =VLOOKUP(A37,'[9]Fluxo por Unidade'!$G:$H,2,0) -> 6492 | C37: Elizabeth De Souza Santos | D37: 865.149.381-91 | E37: 0 | F37: SWISS PARK ANAPOLIS | G37: Swiss Park Zurich - Anápolis | H37: =VLOOKUP(B37,Elegibilidade!A:I,9,0) -> Elegível | I37: 34 | J37: =SUMIFS(Inadimplência!Q:Q,Inadimplência!A:A,FluxoFuturo!B37) -> 0 | K37: =SUM(T37:GI37) -> 274365.38 | L37: =J37+K37 -> 274365.38 | M37: Adimplente | N37: 274365.38 | O37: =NPV((1+12%)^(1/12)-1,T37:FY37) -> 233569.18 | P37: =Vendas!$J$2 -> 886.38148 | Q37: =VLOOKUP(B37,Vendas!A:F,6,0) -> 360 | R37: =P37*Q37 -> 319097.33 | S37: =O37/R37 -> 0.73196846 | T37: 8069.57 | U37: 8069.57 | V37: 8069.57 | W37: 8069.57 | X37: 8069.57 | Y37: 8069.57 | Z37: 8069.57 | AA37: 8069.57 | AB37: 8069.57 | AC37: 8069.57 | AD37: 8069.57 | AE37: 8069.57 | AF37: 8069.57 | AG37: 8069.57 | AH37: 8069.57 | AI37: 8069.57 | AJ37: 8069.57 | AK37: 8069.57 | AL37: 8069.57 | AM37: 8069.57 | AN37: 8069.57 | AO37: 8069.57 | AP37: 8069.57 | AQ37: 8069.57 | AR37: 8069.57 | AS37: 8069.57 | AT37: 8069.57 | AU37: 8069.57 | AV37: 8069.57 | AW37: 8069.57 | AX37: 8069.57 | AY37: 8069.57 | AZ37: 8069.57 | BA37: 8069.57 | BB37: 0 | BC37: 0 | BD37: 0 | BE37: 0 | BF37: 0 | BG37: 0 | BH37: 0 | BI37: 0 | BJ37: 0 | BK37: 0 | BL37: 0 | BM37: 0 | BN37: 0 | BO37: 0 | BP37: 0 | BQ37: 0 | BR37: 0 | BS37: 0 | BT37: 0 | BU37: 0 | BV37: 0 | BW37: 0 | BX37: 0 | BY37: 0 | BZ37: 0 | CA37: 0 | CB37: 0 | CC37: 0 | CD37: 0 | CE37: 0 | CF37: 0 | CG37: 0 | CH37: 0 | CI37: 0 | CJ37: 0 | CK37: 0 | CL37: 0 | CM37: 0 | CN37: 0 | CO37: 0 | CP37: 0 | CQ37: 0 | CR37: 0 | CS37: 0 | CT37: 0 | CU37: 0 | CV37: 0 | CW37: 0 | CX37: 0 | CY37: 0 | CZ37: 0 | DA37: 0 | DB37: 0 | DC37: 0 | DD37: 0 | DE37: 0 | DF37: 0 | DG37: 0 | DH37: 0 | DI37: 0 | DJ37: 0 | DK37: 0 | DL37: 0 | DM37: 0 | DN37: 0 | DO37: 0 | DP37: 0 | DQ37: 0 | DR37: 0 | DS37: 0 | DT37: 0 | DU37: 0 | DV37: 0 | DW37: 0 | DX37: 0 | DY37: 0 | DZ37: 0 | EA37: 0 | EB37: 0 | EC37: 0 | ED37: 0 | EE37: 0 | EF37: 0 | EG37: 0 | EH37: 0 | EI37: 0 | EJ37: 0 | EK37: 0 | EL37: 0 | EM37: 0 | EN37: 0 | EO37: 0 | EP37: 0 | EQ37: 0 | ER37: 0 | ES37: 0 | ET37: 0 | EU37: 0 | EV37: 0 | EW37: 0 | EX37: 0 | EY37: 0 | EZ37: 0 | FA37: 0 | FB37: 0 | FC37: 0 | FD37: 0 | FE37: 0 | FF37: 0 | FG37: 0 | FH37: 0 | FI37: 0 | FJ37: 0 | FK37: 0 | FL37: 0 | FM37: 0 | FN37: 0 | FO37: 0 | FP37: 0 | FQ37: 0 | FR37: 0 | FS37: 0 | FT37: 0 | FU37: 0 | FV37: 0 | FW37: 0 | FX37: 0 | FY37: 0 | FZ37: 0 | GA37: 0 | GB37: 0 | GC37: 0 | GD37: 0 | GE37: 0 | GF37: 0 | GG37: 0 | GH37: 0 | GI37: 0 | GJ37: 135921
A38: 135645 | B38: =VLOOKUP(A38,'[9]Fluxo por Unidade'!$G:$H,2,0) -> 6396 | C38: Heber Guimaraes Da Cunha | D38: 766.927.601-00 | E38: 0.1003 | F38: SWISS PARK ANAPOLIS | G38: Swiss Park Zurich - Anápolis | H38: =VLOOKUP(B38,Elegibilidade!A:I,9,0) -> Elegível | I38: 151 | J38: =SUMIFS(Inadimplência!Q:Q,Inadimplência!A:A,FluxoFuturo!B38) -> 3166.03 | K38: =NPV(0.8%,T38:GI38) -> 270620.5 | L38: =J38+K38 -> 273786.53 | M38: Menor que 30 Dias | N38: 273786.53 | O38: =NPV((1+12%)^(1/12)-1,T38:FY38) -> 247716.19 | P38: =Vendas!$J$2 -> 886.38148 | Q38: =VLOOKUP(B38,Vendas!A:F,6,0) -> 360.15 | R38: =P38*Q38 -> 319230.29 | S38: =O38/R38 -> 0.77597958 | T38: 3093.84 | U38: 3093.84 | V38: 3093.84 | W38: 3093.84 | X38: 3093.84 | Y38: 3093.84 | Z38: 3093.84 | AA38: 3093.84 | AB38: 3093.84 | AC38: 3093.84 | AD38: 3093.84 | AE38: 3093.84 | AF38: 3093.84 | AG38: 3093.84 | AH38: 3093.84 | AI38: 3093.84 | AJ38: 3093.84 | AK38: 3093.84 | AL38: 3093.84 | AM38: 3093.84 | AN38: 3093.84 | AO38: 3093.84 | AP38: 3093.84 | AQ38: 3093.84 | AR38: 3093.84 | AS38: 3093.84 | AT38: 3093.84 | AU38: 3093.84 | AV38: 3093.84 | AW38: 3093.84 | AX38: 3093.84 | AY38: 3093.84 | AZ38: 3093.84 | BA38: 3093.84 | BB38: 3093.84 | BC38: 3093.84 | BD38: 3093.84 | BE38: 3093.84 | BF38: 3093.84 | BG38: 3093.84 | BH38: 3093.84 | BI38: 3093.84 | BJ38: 3093.84 | BK38: 3093.84 | BL38: 3093.84 | BM38: 3093.84 | BN38: 3093.84 | BO38: 3093.84 | BP38: 3093.84 | BQ38: 3093.84 | BR38: 3093.84 | BS38: 3093.84 | BT38: 3093.84 | BU38: 3093.84 | BV38: 3093.84 | BW38: 3093.84 | BX38: 3093.84 | BY38: 3093.84 | BZ38: 3093.84 | CA38: 3093.84 | CB38: 3093.84 | CC38: 3093.84 | CD38: 3093.84 | CE38: 3093.84 | CF38: 3093.84 | CG38: 3093.84 | CH38: 3093.84 | CI38: 3093.84 | CJ38: 3093.84 | CK38: 3093.84 | CL38: 3093.84 | CM38: 3093.84 | CN38: 3093.84 | CO38: 3093.84 | CP38: 3093.84 | CQ38: 3093.84 | CR38: 3093.84 | CS38: 3093.84 | CT38: 3093.84 | CU38: 3093.84 | CV38: 3093.84 | CW38: 3093.84 | CX38: 3093.84 | CY38: 3093.84 | CZ38: 3093.84 | DA38: 3093.84 | DB38: 3093.84 | DC38: 3093.84 | DD38: 3093.84 | DE38: 3093.84 | DF38: 3093.84 | DG38: 3093.84 | DH38: 3093.84 | DI38: 3093.84 | DJ38: 3093.84 | DK38: 3093.84 | DL38: 3093.84 | DM38: 3093.84 | DN38: 3093.84 | DO38: 3093.84 | DP38: 3093.84 | DQ38: 3093.84 | DR38: 3093.84 | DS38: 3093.84 | DT38: 3093.84 | DU38: 3093.84 | DV38: 3093.84 | DW38: 3093.84 | DX38: 3093.84 | DY38: 3093.84 | DZ38: 3093.84 | EA38: 3093.84 | EB38: 3093.84 | EC38: 3093.84 | ED38: 3093.84 | EE38: 3093.84 | EF38: 3093.84 | EG38: 3093.84 | EH38: 3093.84 | EI38: 3093.84 | EJ38: 3093.84 | EK38: 3093.84 | EL38: 3093.84 | EM38: 3093.84 | EN38: 3093.84 | EO38: 3093.84 | EP38: 3093.84 | EQ38: 3093.84 | ER38: 3093.84 | ES38: 3093.84 | ET38: 3093.84 | EU38: 3093.84 | EV38: 3093.84 | EW38: 3093.84 | EX38: 3093.84 | EY38: 3093.84 | EZ38: 3093.84 | FA38: 3093.84 | FB38: 3093.84 | FC38: 3093.84 | FD38: 3093.84 | FE38: 3093.84 | FF38: 3093.84 | FG38: 3093.84 | FH38: 3093.84 | FI38: 3093.84 | FJ38: 3093.84 | FK38: 3093.84 | FL38: 3093.84 | FM38: 3093.84 | FN38: 3093.61 | FO38: 0 | FP38: 0 | FQ38: 0 | FR38: 0 | FS38: 0 | FT38: 0 | FU38: 0 | FV38: 0 | FW38: 0 | FX38: 0 | FY38: 0 | FZ38: 0 | GA38: 0 | GB38: 0 | GC38: 0 | GD38: 0 | GE38: 0 | GF38: 0 | GG38: 0 | GH38: 0 | GI38: 0 | GJ38: 135645
A39: 135661 | B39: =VLOOKUP(A39,'[9]Fluxo por Unidade'!$G:$H,2,0) -> 6409 | C39: Lucas Garcia Oliveira | D39: 253.190.908-70 | E39: 0.1003 | F39: SWISS PARK ANAPOLIS | G39: Swiss Park Zurich - Anápolis | H39: =VLOOKUP(B39,Elegibilidade!A:I,9,0) -> Elegível | I39: 151 | J39: =SUMIFS(Inadimplência!Q:Q,Inadimplência!A:A,FluxoFuturo!B39) -> 3164.71 | K39: =NPV(0.8%,T39:GI39) -> 270507.6 | L39: =J39+K39 -> 273672.31 | M39: Menor que 30 Dias | N39: 273672.31 | O39: =NPV((1+12%)^(1/12)-1,T39:FY39) -> 247612.86 | P39: =Vendas!$J$2 -> 886.38148 | Q39: =VLOOKUP(B39,Vendas!A:F,6,0) -> 360 | R39: =P39*Q39 -> 319097.33 | S39: =O39/R39 -> 0.77597909 | T39: 3092.55 | U39: 3092.55 | V39: 3092.55 | W39: 3092.55 | X39: 3092.55 | Y39: 3092.55 | Z39: 3092.55 | AA39: 3092.55 | AB39: 3092.55 | AC39: 3092.55 | AD39: 3092.55 | AE39: 3092.55 | AF39: 3092.55 | AG39: 3092.55 | AH39: 3092.55 | AI39: 3092.55 | AJ39: 3092.55 | AK39: 3092.55 | AL39: 3092.55 | AM39: 3092.55 | AN39: 3092.55 | AO39: 3092.55 | AP39: 3092.55 | AQ39: 3092.55 | AR39: 3092.55 | AS39: 3092.55 | AT39: 3092.55 | AU39: 3092.55 | AV39: 3092.55 | AW39: 3092.55 | AX39: 3092.55 | AY39: 3092.55 | AZ39: 3092.55 | BA39: 3092.55 | BB39: 3092.55 | BC39: 3092.55 | BD39: 3092.55 | BE39: 3092.55 | BF39: 3092.55 | BG39: 3092.55 | BH39: 3092.55 | BI39: 3092.55 | BJ39: 3092.55 | BK39: 3092.55 | BL39: 3092.55 | BM39: 3092.55 | BN39: 3092.55 | BO39: 3092.55 | BP39: 3092.55 | BQ39: 3092.55 | BR39: 3092.55 | BS39: 3092.55 | BT39: 3092.55 | BU39: 3092.55 | BV39: 3092.55 | BW39: 3092.55 | BX39: 3092.55 | BY39: 3092.55 | BZ39: 3092.55 | CA39: 3092.55 | CB39: 3092.55 | CC39: 3092.55 | CD39: 3092.55 | CE39: 3092.55 | CF39: 3092.55 | CG39: 3092.55 | CH39: 3092.55 | CI39: 3092.55 | CJ39: 3092.55 | CK39: 3092.55 | CL39: 3092.55 | CM39: 3092.55 | CN39: 3092.55 | CO39: 3092.55 | CP39: 3092.55 | CQ39: 3092.55 | CR39: 3092.55 | CS39: 3092.55 | CT39: 3092.55 | CU39: 3092.55 | CV39: 3092.55 | CW39: 3092.55 | CX39: 3092.55 | CY39: 3092.55 | CZ39: 3092.55 | DA39: 3092.55 | DB39: 3092.55 | DC39: 3092.55 | DD39: 3092.55 | DE39: 3092.55 | DF39: 3092.55 | DG39: 3092.55 | DH39: 3092.55 | DI39: 3092.55 | DJ39: 3092.55 | DK39: 3092.55 | DL39: 3092.55 | DM39: 3092.55 | DN39: 3092.55 | DO39: 3092.55 | DP39: 3092.55 | DQ39: 3092.55 | DR39: 3092.55 | DS39: 3092.55 | DT39: 3092.55 | DU39: 3092.55 | DV39: 3092.55 | DW39: 3092.55 | DX39: 3092.55 | DY39: 3092.55 | DZ39: 3092.55 | EA39: 3092.55 | EB39: 3092.55 | EC39: 3092.55 | ED39: 3092.55 | EE39: 3092.55 | EF39: 3092.55 | EG39: 3092.55 | EH39: 3092.55 | EI39: 3092.55 | EJ39: 3092.55 | EK39: 3092.55 | EL39: 3092.55 | EM39: 3092.55 | EN39: 3092.55 | EO39: 3092.55 | EP39: 3092.55 | EQ39: 3092.55 | ER39: 3092.55 | ES39: 3092.55 | ET39: 3092.55 | EU39: 3092.55 | EV39: 3092.55 | EW39: 3092.55 | EX39: 3092.55 | EY39: 3092.55 | EZ39: 3092.55 | FA39: 3092.55 | FB39: 3092.55 | FC39: 3092.55 | FD39: 3092.55 | FE39: 3092.55 | FF39: 3092.55 | FG39: 3092.55 | FH39: 3092.55 | FI39: 3092.55 | FJ39: 3092.55 | FK39: 3092.55 | FL39: 3092.55 | FM39: 3092.55 | FN39: 3092.14 | FO39: 0 | FP39: 0 | FQ39: 0 | FR39: 0 | FS39: 0 | FT39: 0 | FU39: 0 | FV39: 0 | FW39: 0 | FX39: 0 | FY39: 0 | FZ39: 0 | GA39: 0 | GB39: 0 | GC39: 0 | GD39: 0 | GE39: 0 | GF39: 0 | GG39: 0 | GH39: 0 | GI39: 0 | GJ39: 135661
A40: 135662 | B40: =VLOOKUP(A40,'[9]Fluxo por Unidade'!$G:$H,2,0) -> 6410 | C40: Lucas Garcia Oliveira | D40: 253.190.908-70 | E40: 0.1003 | F40: SWISS PARK ANAPOLIS | G40: Swiss Park Zurich - Anápolis | H40: =VLOOKUP(B40,Elegibilidade!A:I,9,0) -> Elegível | I40: 151 | J40: =SUMIFS(Inadimplência!Q:Q,Inadimplência!A:A,FluxoFuturo!B40) -> 3164.71 | K40: =NPV(0.8%,T40:GI40) -> 270507.6 | L40: =J40+K40 -> 273672.31 | M40: Menor que 30 Dias | N40: 273672.31 | O40: =NPV((1+12%)^(1/12)-1,T40:FY40) -> 247612.86 | P40: =Vendas!$J$2 -> 886.38148 | Q40: =VLOOKUP(B40,Vendas!A:F,6,0) -> 360 | R40: =P40*Q40 -> 319097.33 | S40: =O40/R40 -> 0.77597909 | T40: 3092.55 | U40: 3092.55 | V40: 3092.55 | W40: 3092.55 | X40: 3092.55 | Y40: 3092.55 | Z40: 3092.55 | AA40: 3092.55 | AB40: 3092.55 | AC40: 3092.55 | AD40: 3092.55 | AE40: 3092.55 | AF40: 3092.55 | AG40: 3092.55 | AH40: 3092.55 | AI40: 3092.55 | AJ40: 3092.55 | AK40: 3092.55 | AL40: 3092.55 | AM40: 3092.55 | AN40: 3092.55 | AO40: 3092.55 | AP40: 3092.55 | AQ40: 3092.55 | AR40: 3092.55 | AS40: 3092.55 | AT40: 3092.55 | AU40: 3092.55 | AV40: 3092.55 | AW40: 3092.55 | AX40: 3092.55 | AY40: 3092.55 | AZ40: 3092.55 | BA40: 3092.55 | BB40: 3092.55 | BC40: 3092.55 | BD40: 3092.55 | BE40: 3092.55 | BF40: 3092.55 | BG40: 3092.55 | BH40: 3092.55 | BI40: 3092.55 | BJ40: 3092.55 | BK40: 3092.55 | BL40: 3092.55 | BM40: 3092.55 | BN40: 3092.55 | BO40: 3092.55 | BP40: 3092.55 | BQ40: 3092.55 | BR40: 3092.55 | BS40: 3092.55 | BT40: 3092.55 | BU40: 3092.55 | BV40: 3092.55 | BW40: 3092.55 | BX40: 3092.55 | BY40: 3092.55 | BZ40: 3092.55 | CA40: 3092.55 | CB40: 3092.55 | CC40: 3092.55 | CD40: 3092.55 | CE40: 3092.55 | CF40: 3092.55 | CG40: 3092.55 | CH40: 3092.55 | CI40: 3092.55 | CJ40: 3092.55 | CK40: 3092.55 | CL40: 3092.55 | CM40: 3092.55 | CN40: 3092.55 | CO40: 3092.55 | CP40: 3092.55 | CQ40: 3092.55 | CR40: 3092.55 | CS40: 3092.55 | CT40: 3092.55 | CU40: 3092.55 | CV40: 3092.55 | CW40: 3092.55 | CX40: 3092.55 | CY40: 3092.55 | CZ40: 3092.55 | DA40: 3092.55 | DB40: 3092.55 | DC40: 3092.55 | DD40: 3092.55 | DE40: 3092.55 | DF40: 3092.55 | DG40: 3092.55 | DH40: 3092.55 | DI40: 3092.55 | DJ40: 3092.55 | DK40: 3092.55 | DL40: 3092.55 | DM40: 3092.55 | DN40: 3092.55 | DO40: 3092.55 | DP40: 3092.55 | DQ40: 3092.55 | DR40: 3092.55 | DS40: 3092.55 | DT40: 3092.55 | DU40: 3092.55 | DV40: 3092.55 | DW40: 3092.55 | DX40: 3092.55 | DY40: 3092.55 | DZ40: 3092.55 | EA40: 3092.55 | EB40: 3092.55 | EC40: 3092.55 | ED40: 3092.55 | EE40: 3092.55 | EF40: 3092.55 | EG40: 3092.55 | EH40: 3092.55 | EI40: 3092.55 | EJ40: 3092.55 | EK40: 3092.55 | EL40: 3092.55 | EM40: 3092.55 | EN40: 3092.55 | EO40: 3092.55 | EP40: 3092.55 | EQ40: 3092.55 | ER40: 3092.55 | ES40: 3092.55 | ET40: 3092.55 | EU40: 3092.55 | EV40: 3092.55 | EW40: 3092.55 | EX40: 3092.55 | EY40: 3092.55 | EZ40: 3092.55 | FA40: 3092.55 | FB40: 3092.55 | FC40: 3092.55 | FD40: 3092.55 | FE40: 3092.55 | FF40: 3092.55 | FG40: 3092.55 | FH40: 3092.55 | FI40: 3092.55 | FJ40: 3092.55 | FK40: 3092.55 | FL40: 3092.55 | FM40: 3092.55 | FN40: 3092.14 | FO40: 0 | FP40: 0 | FQ40: 0 | FR40: 0 | FS40: 0 | FT40: 0 | FU40: 0 | FV40: 0 | FW40: 0 | FX40: 0 | FY40: 0 | FZ40: 0 | GA40: 0 | GB40: 0 | GC40: 0 | GD40: 0 | GE40: 0 | GF40: 0 | GG40: 0 | GH40: 0 | GI40: 0 | GJ40: 135662
A41: 135699 | B41: =VLOOKUP(A41,'[9]Fluxo por Unidade'!$G:$H,2,0) -> 6487 | C41: Joao Marcos Do Vale | D41: 701.005.471-17 | E41: 0.1003 | F41: SWISS PARK ANAPOLIS | G41: Swiss Park Zurich - Anápolis | H41: =VLOOKUP(B41,Elegibilidade!A:I,9,0) -> Elegível | I41: 161 | J41: =SUMIFS(Inadimplência!Q:Q,Inadimplência!A:A,FluxoFuturo!B41) -> 0 | K41: =NPV(0.8%,T41:GI41) -> 273336.61 | L41: =J41+K41 -> 273336.61 | M41: Adimplente | N41: 273336.61 | O41: =NPV((1+12%)^(1/12)-1,T41:FY41) -> 249175.23 | P41: =Vendas!$J$2 -> 886.38148 | Q41: =VLOOKUP(B41,Vendas!A:F,6,0) -> 360 | R41: =P41*Q41 -> 319097.33 | S41: =O41/R41 -> 0.78087531 | T41: 3364.38 | U41: 3021.71 | V41: 3021.71 | W41: 3021.71 | X41: 3021.71 | Y41: 3021.71 | Z41: 3021.71 | AA41: 3021.71 | AB41: 3021.71 | AC41: 3021.71 | AD41: 3021.71 | AE41: 3021.71 | AF41: 3021.71 | AG41: 3021.71 | AH41: 3021.71 | AI41: 3021.71 | AJ41: 3021.71 | AK41: 3021.71 | AL41: 3021.71 | AM41: 3021.71 | AN41: 3021.71 | AO41: 3021.71 | AP41: 3021.71 | AQ41: 3021.71 | AR41: 3021.71 | AS41: 3021.71 | AT41: 3021.71 | AU41: 3021.71 | AV41: 3021.71 | AW41: 3021.71 | AX41: 3021.71 | AY41: 3021.71 | AZ41: 3021.71 | BA41: 3021.71 | BB41: 3021.71 | BC41: 3021.71 | BD41: 3021.71 | BE41: 3021.71 | BF41: 3021.71 | BG41: 3021.71 | BH41: 3021.71 | BI41: 3021.71 | BJ41: 3021.71 | BK41: 3021.71 | BL41: 3021.71 | BM41: 3021.71 | BN41: 3021.71 | BO41: 3021.71 | BP41: 3021.71 | BQ41: 3021.71 | BR41: 3021.71 | BS41: 3021.71 | BT41: 3021.71 | BU41: 3021.71 | BV41: 3021.71 | BW41: 3021.71 | BX41: 3021.71 | BY41: 3021.71 | BZ41: 3021.71 | CA41: 3021.71 | CB41: 3021.71 | CC41: 3021.71 | CD41: 3021.71 | CE41: 3021.71 | CF41: 3021.71 | CG41: 3021.71 | CH41: 3021.71 | CI41: 3021.71 | CJ41: 3021.71 | CK41: 3021.71 | CL41: 3021.71 | CM41: 3021.71 | CN41: 3021.71 | CO41: 3021.71 | CP41: 3021.71 | CQ41: 3021.71 | CR41: 3021.71 | CS41: 3021.71 | CT41: 3021.71 | CU41: 3021.71 | CV41: 3021.71 | CW41: 3021.71 | CX41: 3021.71 | CY41: 3021.71 | CZ41: 3021.71 | DA41: 3021.71 | DB41: 3021.71 | DC41: 3021.71 | DD41: 3021.71 | DE41: 3021.71 | DF41: 3021.71 | DG41: 3021.71 | DH41: 3021.71 | DI41: 3021.71 | DJ41: 3021.71 | DK41: 3021.71 | DL41: 3021.71 | DM41: 3021.71 | DN41: 3021.71 | DO41: 3021.71 | DP41: 3021.71 | DQ41: 3021.71 | DR41: 3021.71 | DS41: 3021.71 | DT41: 3021.71 | DU41: 3021.71 | DV41: 3021.71 | DW41: 3021.71 | DX41: 3021.71 | DY41: 3021.71 | DZ41: 3021.71 | EA41: 3021.71 | EB41: 3021.71 | EC41: 3021.71 | ED41: 3021.71 | EE41: 3021.71 | EF41: 3021.71 | EG41: 3021.71 | EH41: 3021.71 | EI41: 3021.71 | EJ41: 3021.71 | EK41: 3021.71 | EL41: 3021.71 | EM41: 3021.71 | EN41: 3021.71 | EO41: 3021.71 | EP41: 3021.71 | EQ41: 3021.71 | ER41: 3021.71 | ES41: 3021.71 | ET41: 3021.71 | EU41: 3021.71 | EV41: 3021.71 | EW41: 3021.71 | EX41: 3021.71 | EY41: 3021.71 | EZ41: 3021.71 | FA41: 3021.71 | FB41: 3021.71 | FC41: 3021.71 | FD41: 3021.71 | FE41: 3021.71 | FF41: 3021.71 | FG41: 3021.71 | FH41: 3021.71 | FI41: 3021.71 | FJ41: 3021.71 | FK41: 3021.71 | FL41: 3021.71 | FM41: 3021.71 | FN41: 3021.71 | FO41: 3021.71 | FP41: 3021.71 | FQ41: 3021.71 | FR41: 3021.71 | FS41: 3021.71 | FT41: 3021.71 | FU41: 3021.71 | FV41: 3021.71 | FW41: 3021.71 | FX41: 3021.34 | FY41: 0 | FZ41: 0 | GA41: 0 | GB41: 0 | GC41: 0 | GD41: 0 | GE41: 0 | GF41: 0 | GG41: 0 | GH41: 0 | GI41: 0 | GJ41: 135699
A42: 135700 | B42: =VLOOKUP(A42,'[9]Fluxo por Unidade'!$G:$H,2,0) -> 6488 | C42: Joao Marcos Do Vale | D42: 701.005.471-17 | E42: 0.1003 | F42: SWISS PARK ANAPOLIS | G42: Swiss Park Zurich - Anápolis | H42: =VLOOKUP(B42,Elegibilidade!A:I,9,0) -> Elegível | I42: 161 | J42: =SUMIFS(Inadimplência!Q:Q,Inadimplência!A:A,FluxoFuturo!B42) -> 0 | K42: =NPV(0.8%,T42:GI42) -> 273336.61 | L42: =J42+K42 -> 273336.61 | M42: Adimplente | N42: 273336.61 | O42: =NPV((1+12%)^(1/12)-1,T42:FY42) -> 249175.23 | P42: =Vendas!$J$2 -> 886.38148 | Q42: =VLOOKUP(B42,Vendas!A:F,6,0) -> 360 | R42: =P42*Q42 -> 319097.33 | S42: =O42/R42 -> 0.78087531 | T42: 3364.38 | U42: 3021.71 | V42: 3021.71 | W42: 3021.71 | X42: 3021.71 | Y42: 3021.71 | Z42: 3021.71 | AA42: 3021.71 | AB42: 3021.71 | AC42: 3021.71 | AD42: 3021.71 | AE42: 3021.71 | AF42: 3021.71 | AG42: 3021.71 | AH42: 3021.71 | AI42: 3021.71 | AJ42: 3021.71 | AK42: 3021.71 | AL42: 3021.71 | AM42: 3021.71 | AN42: 3021.71 | AO42: 3021.71 | AP42: 3021.71 | AQ42: 3021.71 | AR42: 3021.71 | AS42: 3021.71 | AT42: 3021.71 | AU42: 3021.71 | AV42: 3021.71 | AW42: 3021.71 | AX42: 3021.71 | AY42: 3021.71 | AZ42: 3021.71 | BA42: 3021.71 | BB42: 3021.71 | BC42: 3021.71 | BD42: 3021.71 | BE42: 3021.71 | BF42: 3021.71 | BG42: 3021.71 | BH42: 3021.71 | BI42: 3021.71 | BJ42: 3021.71 | BK42: 3021.71 | BL42: 3021.71 | BM42: 3021.71 | BN42: 3021.71 | BO42: 3021.71 | BP42: 3021.71 | BQ42: 3021.71 | BR42: 3021.71 | BS42: 3021.71 | BT42: 3021.71 | BU42: 3021.71 | BV42: 3021.71 | BW42: 3021.71 | BX42: 3021.71 | BY42: 3021.71 | BZ42: 3021.71 | CA42: 3021.71 | CB42: 3021.71 | CC42: 3021.71 | CD42: 3021.71 | CE42: 3021.71 | CF42: 3021.71 | CG42: 3021.71 | CH42: 3021.71 | CI42: 3021.71 | CJ42: 3021.71 | CK42: 3021.71 | CL42: 3021.71 | CM42: 3021.71 | CN42: 3021.71 | CO42: 3021.71 | CP42: 3021.71 | CQ42: 3021.71 | CR42: 3021.71 | CS42: 3021.71 | CT42: 3021.71 | CU42: 3021.71 | CV42: 3021.71 | CW42: 3021.71 | CX42: 3021.71 | CY42: 3021.71 | CZ42: 3021.71 | DA42: 3021.71 | DB42: 3021.71 | DC42: 3021.71 | DD42: 3021.71 | DE42: 3021.71 | DF42: 3021.71 | DG42: 3021.71 | DH42: 3021.71 | DI42: 3021.71 | DJ42: 3021.71 | DK42: 3021.71 | DL42: 3021.71 | DM42: 3021.71 | DN42: 3021.71 | DO42: 3021.71 | DP42: 3021.71 | DQ42: 3021.71 | DR42: 3021.71 | DS42: 3021.71 | DT42: 3021.71 | DU42: 3021.71 | DV42: 3021.71 | DW42: 3021.71 | DX42: 3021.71 | DY42: 3021.71 | DZ42: 3021.71 | EA42: 3021.71 | EB42: 3021.71 | EC42: 3021.71 | ED42: 3021.71 | EE42: 3021.71 | EF42: 3021.71 | EG42: 3021.71 | EH42: 3021.71 | EI42: 3021.71 | EJ42: 3021.71 | EK42: 3021.71 | EL42: 3021.71 | EM42: 3021.71 | EN42: 3021.71 | EO42: 3021.71 | EP42: 3021.71 | EQ42: 3021.71 | ER42: 3021.71 | ES42: 3021.71 | ET42: 3021.71 | EU42: 3021.71 | EV42: 3021.71 | EW42: 3021.71 | EX42: 3021.71 | EY42: 3021.71 | EZ42: 3021.71 | FA42: 3021.71 | FB42: 3021.71 | FC42: 3021.71 | FD42: 3021.71 | FE42: 3021.71 | FF42: 3021.71 | FG42: 3021.71 | FH42: 3021.71 | FI42: 3021.71 | FJ42: 3021.71 | FK42: 3021.71 | FL42: 3021.71 | FM42: 3021.71 | FN42: 3021.71 | FO42: 3021.71 | FP42: 3021.71 | FQ42: 3021.71 | FR42: 3021.71 | FS42: 3021.71 | FT42: 3021.71 | FU42: 3021.71 | FV42: 3021.71 | FW42: 3021.71 | FX42: 3021.34 | FY42: 0 | FZ42: 0 | GA42: 0 | GB42: 0 | GC42: 0 | GD42: 0 | GE42: 0 | GF42: 0 | GG42: 0 | GH42: 0 | GI42: 0 | GJ42: 135700
A43: 135691 | B43: =VLOOKUP(A43,'[9]Fluxo por Unidade'!$G:$H,2,0) -> 6352 | C43: Victor Hugo Gomes Da Silva | D43: 029.838.141-90 | E43: 0.1003 | F43: SWISS PARK ANAPOLIS | G43: Swiss Park Zurich - Anápolis | H43: =VLOOKUP(B43,Elegibilidade!A:I,9,0) -> Elegível | I43: 151 | J43: =SUMIFS(Inadimplência!Q:Q,Inadimplência!A:A,FluxoFuturo!B43) -> 0 | K43: =NPV(0.8%,T43:GI43) -> 272807.21 | L43: =J43+K43 -> 272807.21 | M43: Adimplente | N43: 272807.21 | O43: =NPV((1+12%)^(1/12)-1,T43:FY43) -> 249717.83 | P43: =Vendas!$J$2 -> 886.38148 | Q43: =VLOOKUP(B43,Vendas!A:F,6,0) -> 363.06 | R43: =P43*Q43 -> 321809.66 | S43: =O43/R43 -> 0.77597992 | T43: 3118.84 | U43: 3118.84 | V43: 3118.84 | W43: 3118.84 | X43: 3118.84 | Y43: 3118.84 | Z43: 3118.84 | AA43: 3118.84 | AB43: 3118.84 | AC43: 3118.84 | AD43: 3118.84 | AE43: 3118.84 | AF43: 3118.84 | AG43: 3118.84 | AH43: 3118.84 | AI43: 3118.84 | AJ43: 3118.84 | AK43: 3118.84 | AL43: 3118.84 | AM43: 3118.84 | AN43: 3118.84 | AO43: 3118.84 | AP43: 3118.84 | AQ43: 3118.84 | AR43: 3118.84 | AS43: 3118.84 | AT43: 3118.84 | AU43: 3118.84 | AV43: 3118.84 | AW43: 3118.84 | AX43: 3118.84 | AY43: 3118.84 | AZ43: 3118.84 | BA43: 3118.84 | BB43: 3118.84 | BC43: 3118.84 | BD43: 3118.84 | BE43: 3118.84 | BF43: 3118.84 | BG43: 3118.84 | BH43: 3118.84 | BI43: 3118.84 | BJ43: 3118.84 | BK43: 3118.84 | BL43: 3118.84 | BM43: 3118.84 | BN43: 3118.84 | BO43: 3118.84 | BP43: 3118.84 | BQ43: 3118.84 | BR43: 3118.84 | BS43: 3118.84 | BT43: 3118.84 | BU43: 3118.84 | BV43: 3118.84 | BW43: 3118.84 | BX43: 3118.84 | BY43: 3118.84 | BZ43: 3118.84 | CA43: 3118.84 | CB43: 3118.84 | CC43: 3118.84 | CD43: 3118.84 | CE43: 3118.84 | CF43: 3118.84 | CG43: 3118.84 | CH43: 3118.84 | CI43: 3118.84 | CJ43: 3118.84 | CK43: 3118.84 | CL43: 3118.84 | CM43: 3118.84 | CN43: 3118.84 | CO43: 3118.84 | CP43: 3118.84 | CQ43: 3118.84 | CR43: 3118.84 | CS43: 3118.84 | CT43: 3118.84 | CU43: 3118.84 | CV43: 3118.84 | CW43: 3118.84 | CX43: 3118.84 | CY43: 3118.84 | CZ43: 3118.84 | DA43: 3118.84 | DB43: 3118.84 | DC43: 3118.84 | DD43: 3118.84 | DE43: 3118.84 | DF43: 3118.84 | DG43: 3118.84 | DH43: 3118.84 | DI43: 3118.84 | DJ43: 3118.84 | DK43: 3118.84 | DL43: 3118.84 | DM43: 3118.84 | DN43: 3118.84 | DO43: 3118.84 | DP43: 3118.84 | DQ43: 3118.84 | DR43: 3118.84 | DS43: 3118.84 | DT43: 3118.84 | DU43: 3118.84 | DV43: 3118.84 | DW43: 3118.84 | DX43: 3118.84 | DY43: 3118.84 | DZ43: 3118.84 | EA43: 3118.84 | EB43: 3118.84 | EC43: 3118.84 | ED43: 3118.84 | EE43: 3118.84 | EF43: 3118.84 | EG43: 3118.84 | EH43: 3118.84 | EI43: 3118.84 | EJ43: 3118.84 | EK43: 3118.84 | EL43: 3118.84 | EM43: 3118.84 | EN43: 3118.84 | EO43: 3118.84 | EP43: 3118.84 | EQ43: 3118.84 | ER43: 3118.84 | ES43: 3118.84 | ET43: 3118.84 | EU43: 3118.84 | EV43: 3118.84 | EW43: 3118.84 | EX43: 3118.84 | EY43: 3118.84 | EZ43: 3118.84 | FA43: 3118.84 | FB43: 3118.84 | FC43: 3118.84 | FD43: 3118.84 | FE43: 3118.84 | FF43: 3118.84 | FG43: 3118.84 | FH43: 3118.84 | FI43: 3118.84 | FJ43: 3118.84 | FK43: 3118.84 | FL43: 3118.84 | FM43: 3118.84 | FN43: 3118.43 | FO43: 0 | FP43: 0 | FQ43: 0 | FR43: 0 | FS43: 0 | FT43: 0 | FU43: 0 | FV43: 0 | FW43: 0 | FX43: 0 | FY43: 0 | FZ43: 0 | GA43: 0 | GB43: 0 | GC43: 0 | GD43: 0 | GE43: 0 | GF43: 0 | GG43: 0 | GH43: 0 | GI43: 0 | GJ43: 135691
A44: 135690 | B44: =VLOOKUP(A44,'[9]Fluxo por Unidade'!$G:$H,2,0) -> 6353 | C44: Victor Hugo Gomes Da Silva | D44: 029.838.141-90 | E44: 0.1003 | F44: SWISS PARK ANAPOLIS | G44: Swiss Park Zurich - Anápolis | H44: =VLOOKUP(B44,Elegibilidade!A:I,9,0) -> Elegível | I44: 151 | J44: =SUMIFS(Inadimplência!Q:Q,Inadimplência!A:A,FluxoFuturo!B44) -> 0 | K44: =NPV(0.8%,T44:GI44) -> 271130.63 | L44: =J44+K44 -> 271130.63 | M44: Adimplente | N44: 271130.63 | O44: =NPV((1+12%)^(1/12)-1,T44:FY44) -> 248183.13 | P44: =Vendas!$J$2 -> 886.38148 | Q44: =VLOOKUP(B44,Vendas!A:F,6,0) -> 360.83 | R44: =P44*Q44 -> 319833.03 | S44: =O44/R44 -> 0.77597717 | T44: 3099.67 | U44: 3099.67 | V44: 3099.67 | W44: 3099.67 | X44: 3099.67 | Y44: 3099.67 | Z44: 3099.67 | AA44: 3099.67 | AB44: 3099.67 | AC44: 3099.67 | AD44: 3099.67 | AE44: 3099.67 | AF44: 3099.67 | AG44: 3099.67 | AH44: 3099.67 | AI44: 3099.67 | AJ44: 3099.67 | AK44: 3099.67 | AL44: 3099.67 | AM44: 3099.67 | AN44: 3099.67 | AO44: 3099.67 | AP44: 3099.67 | AQ44: 3099.67 | AR44: 3099.67 | AS44: 3099.67 | AT44: 3099.67 | AU44: 3099.67 | AV44: 3099.67 | AW44: 3099.67 | AX44: 3099.67 | AY44: 3099.67 | AZ44: 3099.67 | BA44: 3099.67 | BB44: 3099.67 | BC44: 3099.67 | BD44: 3099.67 | BE44: 3099.67 | BF44: 3099.67 | BG44: 3099.67 | BH44: 3099.67 | BI44: 3099.67 | BJ44: 3099.67 | BK44: 3099.67 | BL44: 3099.67 | BM44: 3099.67 | BN44: 3099.67 | BO44: 3099.67 | BP44: 3099.67 | BQ44: 3099.67 | BR44: 3099.67 | BS44: 3099.67 | BT44: 3099.67 | BU44: 3099.67 | BV44: 3099.67 | BW44: 3099.67 | BX44: 3099.67 | BY44: 3099.67 | BZ44: 3099.67 | CA44: 3099.67 | CB44: 3099.67 | CC44: 3099.67 | CD44: 3099.67 | CE44: 3099.67 | CF44: 3099.67 | CG44: 3099.67 | CH44: 3099.67 | CI44: 3099.67 | CJ44: 3099.67 | CK44: 3099.67 | CL44: 3099.67 | CM44: 3099.67 | CN44: 3099.67 | CO44: 3099.67 | CP44: 3099.67 | CQ44: 3099.67 | CR44: 3099.67 | CS44: 3099.67 | CT44: 3099.67 | CU44: 3099.67 | CV44: 3099.67 | CW44: 3099.67 | CX44: 3099.67 | CY44: 3099.67 | CZ44: 3099.67 | DA44: 3099.67 | DB44: 3099.67 | DC44: 3099.67 | DD44: 3099.67 | DE44: 3099.67 | DF44: 3099.67 | DG44: 3099.67 | DH44: 3099.67 | DI44: 3099.67 | DJ44: 3099.67 | DK44: 3099.67 | DL44: 3099.67 | DM44: 3099.67 | DN44: 3099.67 | DO44: 3099.67 | DP44: 3099.67 | DQ44: 3099.67 | DR44: 3099.67 | DS44: 3099.67 | DT44: 3099.67 | DU44: 3099.67 | DV44: 3099.67 | DW44: 3099.67 | DX44: 3099.67 | DY44: 3099.67 | DZ44: 3099.67 | EA44: 3099.67 | EB44: 3099.67 | EC44: 3099.67 | ED44: 3099.67 | EE44: 3099.67 | EF44: 3099.67 | EG44: 3099.67 | EH44: 3099.67 | EI44: 3099.67 | EJ44: 3099.67 | EK44: 3099.67 | EL44: 3099.67 | EM44: 3099.67 | EN44: 3099.67 | EO44: 3099.67 | EP44: 3099.67 | EQ44: 3099.67 | ER44: 3099.67 | ES44: 3099.67 | ET44: 3099.67 | EU44: 3099.67 | EV44: 3099.67 | EW44: 3099.67 | EX44: 3099.67 | EY44: 3099.67 | EZ44: 3099.67 | FA44: 3099.67 | FB44: 3099.67 | FC44: 3099.67 | FD44: 3099.67 | FE44: 3099.67 | FF44: 3099.67 | FG44: 3099.67 | FH44: 3099.67 | FI44: 3099.67 | FJ44: 3099.67 | FK44: 3099.67 | FL44: 3099.67 | FM44: 3099.67 | FN44: 3100.05 | FO44: 0 | FP44: 0 | FQ44: 0 | FR44: 0 | FS44: 0 | FT44: 0 | FU44: 0 | FV44: 0 | FW44: 0 | FX44: 0 | FY44: 0 | FZ44: 0 | GA44: 0 | GB44: 0 | GC44: 0 | GD44: 0 | GE44: 0 | GF44: 0 | GG44: 0 | GH44: 0 | GI44: 0 | GJ44: 135690
A45: 135685 | B45: =VLOOKUP(A45,'[9]Fluxo por Unidade'!$G:$H,2,0) -> 6351 | C45: Sidney Humberto De Souza | D45: 015.841.711-97 | E45: 0.1003 | F45: SWISS PARK ANAPOLIS | G45: Swiss Park Zurich - Anápolis | H45: =VLOOKUP(B45,Elegibilidade!A:I,9,0) -> Elegível | I45: 151 | J45: =SUMIFS(Inadimplência!Q:Q,Inadimplência!A:A,FluxoFuturo!B45) -> 0 | K45: =NPV(0.8%,T45:GI45) -> 270507.6 | L45: =J45+K45 -> 270507.6 | M45: Adimplente | N45: 270507.6 | O45: =NPV((1+12%)^(1/12)-1,T45:FY45) -> 247612.86 | P45: =Vendas!$J$2 -> 886.38148 | Q45: =VLOOKUP(B45,Vendas!A:F,6,0) -> 360 | R45: =P45*Q45 -> 319097.33 | S45: =O45/R45 -> 0.77597909 | T45: 3092.55 | U45: 3092.55 | V45: 3092.55 | W45: 3092.55 | X45: 3092.55 | Y45: 3092.55 | Z45: 3092.55 | AA45: 3092.55 | AB45: 3092.55 | AC45: 3092.55 | AD45: 3092.55 | AE45: 3092.55 | AF45: 3092.55 | AG45: 3092.55 | AH45: 3092.55 | AI45: 3092.55 | AJ45: 3092.55 | AK45: 3092.55 | AL45: 3092.55 | AM45: 3092.55 | AN45: 3092.55 | AO45: 3092.55 | AP45: 3092.55 | AQ45: 3092.55 | AR45: 3092.55 | AS45: 3092.55 | AT45: 3092.55 | AU45: 3092.55 | AV45: 3092.55 | AW45: 3092.55 | AX45: 3092.55 | AY45: 3092.55 | AZ45: 3092.55 | BA45: 3092.55 | BB45: 3092.55 | BC45: 3092.55 | BD45: 3092.55 | BE45: 3092.55 | BF45: 3092.55 | BG45: 3092.55 | BH45: 3092.55 | BI45: 3092.55 | BJ45: 3092.55 | BK45: 3092.55 | BL45: 3092.55 | BM45: 3092.55 | BN45: 3092.55 | BO45: 3092.55 | BP45: 3092.55 | BQ45: 3092.55 | BR45: 3092.55 | BS45: 3092.55 | BT45: 3092.55 | BU45: 3092.55 | BV45: 3092.55 | BW45: 3092.55 | BX45: 3092.55 | BY45: 3092.55 | BZ45: 3092.55 | CA45: 3092.55 | CB45: 3092.55 | CC45: 3092.55 | CD45: 3092.55 | CE45: 3092.55 | CF45: 3092.55 | CG45: 3092.55 | CH45: 3092.55 | CI45: 3092.55 | CJ45: 3092.55 | CK45: 3092.55 | CL45: 3092.55 | CM45: 3092.55 | CN45: 3092.55 | CO45: 3092.55 | CP45: 3092.55 | CQ45: 3092.55 | CR45: 3092.55 | CS45: 3092.55 | CT45: 3092.55 | CU45: 3092.55 | CV45: 3092.55 | CW45: 3092.55 | CX45: 3092.55 | CY45: 3092.55 | CZ45: 3092.55 | DA45: 3092.55 | DB45: 3092.55 | DC45: 3092.55 | DD45: 3092.55 | DE45: 3092.55 | DF45: 3092.55 | DG45: 3092.55 | DH45: 3092.55 | DI45: 3092.55 | DJ45: 3092.55 | DK45: 3092.55 | DL45: 3092.55 | DM45: 3092.55 | DN45: 3092.55 | DO45: 3092.55 | DP45: 3092.55 | DQ45: 3092.55 | DR45: 3092.55 | DS45: 3092.55 | DT45: 3092.55 | DU45: 3092.55 | DV45: 3092.55 | DW45: 3092.55 | DX45: 3092.55 | DY45: 3092.55 | DZ45: 3092.55 | EA45: 3092.55 | EB45: 3092.55 | EC45: 3092.55 | ED45: 3092.55 | EE45: 3092.55 | EF45: 3092.55 | EG45: 3092.55 | EH45: 3092.55 | EI45: 3092.55 | EJ45: 3092.55 | EK45: 3092.55 | EL45: 3092.55 | EM45: 3092.55 | EN45: 3092.55 | EO45: 3092.55 | EP45: 3092.55 | EQ45: 3092.55 | ER45: 3092.55 | ES45: 3092.55 | ET45: 3092.55 | EU45: 3092.55 | EV45: 3092.55 | EW45: 3092.55 | EX45: 3092.55 | EY45: 3092.55 | EZ45: 3092.55 | FA45: 3092.55 | FB45: 3092.55 | FC45: 3092.55 | FD45: 3092.55 | FE45: 3092.55 | FF45: 3092.55 | FG45: 3092.55 | FH45: 3092.55 | FI45: 3092.55 | FJ45: 3092.55 | FK45: 3092.55 | FL45: 3092.55 | FM45: 3092.55 | FN45: 3092.14 | FO45: 0 | FP45: 0 | FQ45: 0 | FR45: 0 | FS45: 0 | FT45: 0 | FU45: 0 | FV45: 0 | FW45: 0 | FX45: 0 | FY45: 0 | FZ45: 0 | GA45: 0 | GB45: 0 | GC45: 0 | GD45: 0 | GE45: 0 | GF45: 0 | GG45: 0 | GH45: 0 | GI45: 0 | GJ45: 135685
A46: 135628 | B46: =VLOOKUP(A46,'[9]Fluxo por Unidade'!$G:$H,2,0) -> 6389 | C46: Dennys Augusto De Novais Monteiro | D46: 000.885.031-35 | E46: 0.1003 | F46: SWISS PARK ANAPOLIS | G46: Swiss Park Zurich - Anápolis | H46: =VLOOKUP(B46,Elegibilidade!A:I,9,0) -> Elegível | I46: 151 | J46: =SUMIFS(Inadimplência!Q:Q,Inadimplência!A:A,FluxoFuturo!B46) -> 0 | K46: =NPV(0.8%,T46:GI46) -> 270507.6 | L46: =J46+K46 -> 270507.6 | M46: Adimplente | N46: 270507.6 | O46: =NPV((1+12%)^(1/12)-1,T46:FY46) -> 247612.86 | P46: =Vendas!$J$2 -> 886.38148 | Q46: =VLOOKUP(B46,Vendas!A:F,6,0) -> 360 | R46: =P46*Q46 -> 319097.33 | S46: =O46/R46 -> 0.77597909 | T46: 3092.55 | U46: 3092.55 | V46: 3092.55 | W46: 3092.55 | X46: 3092.55 | Y46: 3092.55 | Z46: 3092.55 | AA46: 3092.55 | AB46: 3092.55 | AC46: 3092.55 | AD46: 3092.55 | AE46: 3092.55 | AF46: 3092.55 | AG46: 3092.55 | AH46: 3092.55 | AI46: 3092.55 | AJ46: 3092.55 | AK46: 3092.55 | AL46: 3092.55 | AM46: 3092.55 | AN46: 3092.55 | AO46: 3092.55 | AP46: 3092.55 | AQ46: 3092.55 | AR46: 3092.55 | AS46: 3092.55 | AT46: 3092.55 | AU46: 3092.55 | AV46: 3092.55 | AW46: 3092.55 | AX46: 3092.55 | AY46: 3092.55 | AZ46: 3092.55 | BA46: 3092.55 | BB46: 3092.55 | BC46: 3092.55 | BD46: 3092.55 | BE46: 3092.55 | BF46: 3092.55 | BG46: 3092.55 | BH46: 3092.55 | BI46: 3092.55 | BJ46: 3092.55 | BK46: 3092.55 | BL46: 3092.55 | BM46: 3092.55 | BN46: 3092.55 | BO46: 3092.55 | BP46: 3092.55 | BQ46: 3092.55 | BR46: 3092.55 | BS46: 3092.55 | BT46: 3092.55 | BU46: 3092.55 | BV46: 3092.55 | BW46: 3092.55 | BX46: 3092.55 | BY46: 3092.55 | BZ46: 3092.55 | CA46: 3092.55 | CB46: 3092.55 | CC46: 3092.55 | CD46: 3092.55 | CE46: 3092.55 | CF46: 3092.55 | CG46: 3092.55 | CH46: 3092.55 | CI46: 3092.55 | CJ46: 3092.55 | CK46: 3092.55 | CL46: 3092.55 | CM46: 3092.55 | CN46: 3092.55 | CO46: 3092.55 | CP46: 3092.55 | CQ46: 3092.55 | CR46: 3092.55 | CS46: 3092.55 | CT46: 3092.55 | CU46: 3092.55 | CV46: 3092.55 | CW46: 3092.55 | CX46: 3092.55 | CY46: 3092.55 | CZ46: 3092.55 | DA46: 3092.55 | DB46: 3092.55 | DC46: 3092.55 | DD46: 3092.55 | DE46: 3092.55 | DF46: 3092.55 | DG46: 3092.55 | DH46: 3092.55 | DI46: 3092.55 | DJ46: 3092.55 | DK46: 3092.55 | DL46: 3092.55 | DM46: 3092.55 | DN46: 3092.55 | DO46: 3092.55 | DP46: 3092.55 | DQ46: 3092.55 | DR46: 3092.55 | DS46: 3092.55 | DT46: 3092.55 | DU46: 3092.55 | DV46: 3092.55 | DW46: 3092.55 | DX46: 3092.55 | DY46: 3092.55 | DZ46: 3092.55 | EA46: 3092.55 | EB46: 3092.55 | EC46: 3092.55 | ED46: 3092.55 | EE46: 3092.55 | EF46: 3092.55 | EG46: 3092.55 | EH46: 3092.55 | EI46: 3092.55 | EJ46: 3092.55 | EK46: 3092.55 | EL46: 3092.55 | EM46: 3092.55 | EN46: 3092.55 | EO46: 3092.55 | EP46: 3092.55 | EQ46: 3092.55 | ER46: 3092.55 | ES46: 3092.55 | ET46: 3092.55 | EU46: 3092.55 | EV46: 3092.55 | EW46: 3092.55 | EX46: 3092.55 | EY46: 3092.55 | EZ46: 3092.55 | FA46: 3092.55 | FB46: 3092.55 | FC46: 3092.55 | FD46: 3092.55 | FE46: 3092.55 | FF46: 3092.55 | FG46: 3092.55 | FH46: 3092.55 | FI46: 3092.55 | FJ46: 3092.55 | FK46: 3092.55 | FL46: 3092.55 | FM46: 3092.55 | FN46: 3092.14 | FO46: 0 | FP46: 0 | FQ46: 0 | FR46: 0 | FS46: 0 | FT46: 0 | FU46: 0 | FV46: 0 | FW46: 0 | FX46: 0 | FY46: 0 | FZ46: 0 | GA46: 0 | GB46: 0 | GC46: 0 | GD46: 0 | GE46: 0 | GF46: 0 | GG46: 0 | GH46: 0 | GI46: 0 | GJ46: 135628
A47: 135632 | B47: =VLOOKUP(A47,'[9]Fluxo por Unidade'!$G:$H,2,0) -> 6377 | C47: Emerson Moura Rodrigues | D47: 021.428.271-60 | E47: 0.1003 | F47: SWISS PARK ANAPOLIS | G47: Swiss Park Zurich - Anápolis | H47: =VLOOKUP(B47,Elegibilidade!A:I,9,0) -> Elegível | I47: 151 | J47: =SUMIFS(Inadimplência!Q:Q,Inadimplência!A:A,FluxoFuturo!B47) -> 0 | K47: =NPV(0.8%,T47:GI47) -> 270507.6 | L47: =J47+K47 -> 270507.6 | M47: Adimplente | N47: 270507.6 | O47: =NPV((1+12%)^(1/12)-1,T47:FY47) -> 247612.85 | P47: =Vendas!$J$2 -> 886.38148 | Q47: =VLOOKUP(B47,Vendas!A:F,6,0) -> 360 | R47: =P47*Q47 -> 319097.33 | S47: =O47/R47 -> 0.77597908 | T47: 3092.55 | U47: 3092.55 | V47: 3092.55 | W47: 3092.55 | X47: 3092.55 | Y47: 3092.55 | Z47: 3092.55 | AA47: 3092.55 | AB47: 3092.55 | AC47: 3092.55 | AD47: 3092.55 | AE47: 3092.55 | AF47: 3092.55 | AG47: 3092.55 | AH47: 3092.55 | AI47: 3092.55 | AJ47: 3092.55 | AK47: 3092.55 | AL47: 3092.55 | AM47: 3092.55 | AN47: 3092.55 | AO47: 3092.55 | AP47: 3092.55 | AQ47: 3092.55 | AR47: 3092.55 | AS47: 3092.55 | AT47: 3092.55 | AU47: 3092.55 | AV47: 3092.55 | AW47: 3092.55 | AX47: 3092.55 | AY47: 3092.55 | AZ47: 3092.55 | BA47: 3092.55 | BB47: 3092.55 | BC47: 3092.55 | BD47: 3092.55 | BE47: 3092.55 | BF47: 3092.55 | BG47: 3092.55 | BH47: 3092.55 | BI47: 3092.55 | BJ47: 3092.55 | BK47: 3092.55 | BL47: 3092.55 | BM47: 3092.55 | BN47: 3092.55 | BO47: 3092.55 | BP47: 3092.55 | BQ47: 3092.55 | BR47: 3092.55 | BS47: 3092.55 | BT47: 3092.55 | BU47: 3092.55 | BV47: 3092.55 | BW47: 3092.55 | BX47: 3092.55 | BY47: 3092.55 | BZ47: 3092.55 | CA47: 3092.55 | CB47: 3092.55 | CC47: 3092.55 | CD47: 3092.55 | CE47: 3092.55 | CF47: 3092.55 | CG47: 3092.55 | CH47: 3092.55 | CI47: 3092.55 | CJ47: 3092.55 | CK47: 3092.55 | CL47: 3092.55 | CM47: 3092.55 | CN47: 3092.55 | CO47: 3092.55 | CP47: 3092.55 | CQ47: 3092.55 | CR47: 3092.55 | CS47: 3092.55 | CT47: 3092.55 | CU47: 3092.55 | CV47: 3092.55 | CW47: 3092.55 | CX47: 3092.55 | CY47: 3092.55 | CZ47: 3092.55 | DA47: 3092.55 | DB47: 3092.55 | DC47: 3092.55 | DD47: 3092.55 | DE47: 3092.55 | DF47: 3092.55 | DG47: 3092.55 | DH47: 3092.55 | DI47: 3092.55 | DJ47: 3092.55 | DK47: 3092.55 | DL47: 3092.55 | DM47: 3092.55 | DN47: 3092.55 | DO47: 3092.55 | DP47: 3092.55 | DQ47: 3092.55 | DR47: 3092.55 | DS47: 3092.55 | DT47: 3092.55 | DU47: 3092.55 | DV47: 3092.55 | DW47: 3092.55 | DX47: 3092.55 | DY47: 3092.55 | DZ47: 3092.55 | EA47: 3092.55 | EB47: 3092.55 | EC47: 3092.55 | ED47: 3092.55 | EE47: 3092.55 | EF47: 3092.55 | EG47: 3092.55 | EH47: 3092.55 | EI47: 3092.55 | EJ47: 3092.55 | EK47: 3092.55 | EL47: 3092.55 | EM47: 3092.55 | EN47: 3092.55 | EO47: 3092.55 | EP47: 3092.55 | EQ47: 3092.55 | ER47: 3092.55 | ES47: 3092.55 | ET47: 3092.55 | EU47: 3092.55 | EV47: 3092.55 | EW47: 3092.55 | EX47: 3092.55 | EY47: 3092.55 | EZ47: 3092.55 | FA47: 3092.55 | FB47: 3092.55 | FC47: 3092.55 | FD47: 3092.55 | FE47: 3092.55 | FF47: 3092.55 | FG47: 3092.55 | FH47: 3092.55 | FI47: 3092.55 | FJ47: 3092.55 | FK47: 3092.55 | FL47: 3092.55 | FM47: 3092.55 | FN47: 3092.13 | FO47: 0 | FP47: 0 | FQ47: 0 | FR47: 0 | FS47: 0 | FT47: 0 | FU47: 0 | FV47: 0 | FW47: 0 | FX47: 0 | FY47: 0 | FZ47: 0 | GA47: 0 | GB47: 0 | GC47: 0 | GD47: 0 | GE47: 0 | GF47: 0 | GG47: 0 | GH47: 0 | GI47: 0 | GJ47: 135632
A48: 135631 | B48: =VLOOKUP(A48,'[9]Fluxo por Unidade'!$G:$H,2,0) -> 6403 | C48: Eliane Pereira Dos Santos | D48: 216.043.801-44 | E48: 0.1003 | F48: SWISS PARK ANAPOLIS | G48: Swiss Park Zurich - Anápolis | H48: =VLOOKUP(B48,Elegibilidade!A:I,9,0) -> Elegível | I48: 151 | J48: =SUMIFS(Inadimplência!Q:Q,Inadimplência!A:A,FluxoFuturo!B48) -> 0 | K48: =NPV(0.8%,T48:GI48) -> 270507.6 | L48: =J48+K48 -> 270507.6 | M48: Adimplente | N48: 270507.6 | O48: =NPV((1+12%)^(1/12)-1,T48:FY48) -> 247612.85 | P48: =Vendas!$J$2 -> 886.38148 | Q48: =VLOOKUP(B48,Vendas!A:F,6,0) -> 360 | R48: =P48*Q48 -> 319097.33 | S48: =O48/R48 -> 0.77597908 | T48: 3092.55 | U48: 3092.55 | V48: 3092.55 | W48: 3092.55 | X48: 3092.55 | Y48: 3092.55 | Z48: 3092.55 | AA48: 3092.55 | AB48: 3092.55 | AC48: 3092.55 | AD48: 3092.55 | AE48: 3092.55 | AF48: 3092.55 | AG48: 3092.55 | AH48: 3092.55 | AI48: 3092.55 | AJ48: 3092.55 | AK48: 3092.55 | AL48: 3092.55 | AM48: 3092.55 | AN48: 3092.55 | AO48: 3092.55 | AP48: 3092.55 | AQ48: 3092.55 | AR48: 3092.55 | AS48: 3092.55 | AT48: 3092.55 | AU48: 3092.55 | AV48: 3092.55 | AW48: 3092.55 | AX48: 3092.55 | AY48: 3092.55 | AZ48: 3092.55 | BA48: 3092.55 | BB48: 3092.55 | BC48: 3092.55 | BD48: 3092.55 | BE48: 3092.55 | BF48: 3092.55 | BG48: 3092.55 | BH48: 3092.55 | BI48: 3092.55 | BJ48: 3092.55 | BK48: 3092.55 | BL48: 3092.55 | BM48: 3092.55 | BN48: 3092.55 | BO48: 3092.55 | BP48: 3092.55 | BQ48: 3092.55 | BR48: 3092.55 | BS48: 3092.55 | BT48: 3092.55 | BU48: 3092.55 | BV48: 3092.55 | BW48: 3092.55 | BX48: 3092.55 | BY48: 3092.55 | BZ48: 3092.55 | CA48: 3092.55 | CB48: 3092.55 | CC48: 3092.55 | CD48: 3092.55 | CE48: 3092.55 | CF48: 3092.55 | CG48: 3092.55 | CH48: 3092.55 | CI48: 3092.55 | CJ48: 3092.55 | CK48: 3092.55 | CL48: 3092.55 | CM48: 3092.55 | CN48: 3092.55 | CO48: 3092.55 | CP48: 3092.55 | CQ48: 3092.55 | CR48: 3092.55 | CS48: 3092.55 | CT48: 3092.55 | CU48: 3092.55 | CV48: 3092.55 | CW48: 3092.55 | CX48: 3092.55 | CY48: 3092.55 | CZ48: 3092.55 | DA48: 3092.55 | DB48: 3092.55 | DC48: 3092.55 | DD48: 3092.55 | DE48: 3092.55 | DF48: 3092.55 | DG48: 3092.55 | DH48: 3092.55 | DI48: 3092.55 | DJ48: 3092.55 | DK48: 3092.55 | DL48: 3092.55 | DM48: 3092.55 | DN48: 3092.55 | DO48: 3092.55 | DP48: 3092.55 | DQ48: 3092.55 | DR48: 3092.55 | DS48: 3092.55 | DT48: 3092.55 | DU48: 3092.55 | DV48: 3092.55 | DW48: 3092.55 | DX48: 3092.55 | DY48: 3092.55 | DZ48: 3092.55 | EA48: 3092.55 | EB48: 3092.55 | EC48: 3092.55 | ED48: 3092.55 | EE48: 3092.55 | EF48: 3092.55 | EG48: 3092.55 | EH48: 3092.55 | EI48: 3092.55 | EJ48: 3092.55 | EK48: 3092.55 | EL48: 3092.55 | EM48: 3092.55 | EN48: 3092.55 | EO48: 3092.55 | EP48: 3092.55 | EQ48: 3092.55 | ER48: 3092.55 | ES48: 3092.55 | ET48: 3092.55 | EU48: 3092.55 | EV48: 3092.55 | EW48: 3092.55 | EX48: 3092.55 | EY48: 3092.55 | EZ48: 3092.55 | FA48: 3092.55 | FB48: 3092.55 | FC48: 3092.55 | FD48: 3092.55 | FE48: 3092.55 | FF48: 3092.55 | FG48: 3092.55 | FH48: 3092.55 | FI48: 3092.55 | FJ48: 3092.55 | FK48: 3092.55 | FL48: 3092.55 | FM48: 3092.55 | FN48: 3092.13 | FO48: 0 | FP48: 0 | FQ48: 0 | FR48: 0 | FS48: 0 | FT48: 0 | FU48: 0 | FV48: 0 | FW48: 0 | FX48: 0 | FY48: 0 | FZ48: 0 | GA48: 0 | GB48: 0 | GC48: 0 | GD48: 0 | GE48: 0 | GF48: 0 | GG48: 0 | GH48: 0 | GI48: 0 | GJ48: 135631
A49: 135680 | B49: =VLOOKUP(A49,'[9]Fluxo por Unidade'!$G:$H,2,0) -> 6372 | C49: Renan Santos Portes | D49: 009.517.511-31 | E49: 0.1003 | F49: SWISS PARK ANAPOLIS | G49: Swiss Park Zurich - Anápolis | H49: =VLOOKUP(B49,Elegibilidade!A:I,9,0) -> Elegível | I49: 150 | J49: =SUMIFS(Inadimplência!Q:Q,Inadimplência!A:A,FluxoFuturo!B49) -> 0 | K49: =NPV(0.8%,T49:GI49) -> 269579.24 | L49: =J49+K49 -> 269579.24 | M49: Adimplente | N49: 269579.24 | O49: =NPV((1+12%)^(1/12)-1,T49:FY49) -> 246869.95 | P49: =Vendas!$J$2 -> 886.38148 | Q49: =VLOOKUP(B49,Vendas!A:F,6,0) -> 360 | R49: =P49*Q49 -> 319097.33 | S49: =O49/R49 -> 0.77365095 | T49: 3092.55 | U49: 3092.55 | V49: 3092.55 | W49: 3092.55 | X49: 3092.55 | Y49: 3092.55 | Z49: 3092.55 | AA49: 3092.55 | AB49: 3092.55 | AC49: 3092.55 | AD49: 3092.55 | AE49: 3092.55 | AF49: 3092.55 | AG49: 3092.55 | AH49: 3092.55 | AI49: 3092.55 | AJ49: 3092.55 | AK49: 3092.55 | AL49: 3092.55 | AM49: 3092.55 | AN49: 3092.55 | AO49: 3092.55 | AP49: 3092.55 | AQ49: 3092.55 | AR49: 3092.55 | AS49: 3092.55 | AT49: 3092.55 | AU49: 3092.55 | AV49: 3092.55 | AW49: 3092.55 | AX49: 3092.55 | AY49: 3092.55 | AZ49: 3092.55 | BA49: 3092.55 | BB49: 3092.55 | BC49: 3092.55 | BD49: 3092.55 | BE49: 3092.55 | BF49: 3092.55 | BG49: 3092.55 | BH49: 3092.55 | BI49: 3092.55 | BJ49: 3092.55 | BK49: 3092.55 | BL49: 3092.55 | BM49: 3092.55 | BN49: 3092.55 | BO49: 3092.55 | BP49: 3092.55 | BQ49: 3092.55 | BR49: 3092.55 | BS49: 3092.55 | BT49: 3092.55 | BU49: 3092.55 | BV49: 3092.55 | BW49: 3092.55 | BX49: 3092.55 | BY49: 3092.55 | BZ49: 3092.55 | CA49: 3092.55 | CB49: 3092.55 | CC49: 3092.55 | CD49: 3092.55 | CE49: 3092.55 | CF49: 3092.55 | CG49: 3092.55 | CH49: 3092.55 | CI49: 3092.55 | CJ49: 3092.55 | CK49: 3092.55 | CL49: 3092.55 | CM49: 3092.55 | CN49: 3092.55 | CO49: 3092.55 | CP49: 3092.55 | CQ49: 3092.55 | CR49: 3092.55 | CS49: 3092.55 | CT49: 3092.55 | CU49: 3092.55 | CV49: 3092.55 | CW49: 3092.55 | CX49: 3092.55 | CY49: 3092.55 | CZ49: 3092.55 | DA49: 3092.55 | DB49: 3092.55 | DC49: 3092.55 | DD49: 3092.55 | DE49: 3092.55 | DF49: 3092.55 | DG49: 3092.55 | DH49: 3092.55 | DI49: 3092.55 | DJ49: 3092.55 | DK49: 3092.55 | DL49: 3092.55 | DM49: 3092.55 | DN49: 3092.55 | DO49: 3092.55 | DP49: 3092.55 | DQ49: 3092.55 | DR49: 3092.55 | DS49: 3092.55 | DT49: 3092.55 | DU49: 3092.55 | DV49: 3092.55 | DW49: 3092.55 | DX49: 3092.55 | DY49: 3092.55 | DZ49: 3092.55 | EA49: 3092.55 | EB49: 3092.55 | EC49: 3092.55 | ED49: 3092.55 | EE49: 3092.55 | EF49: 3092.55 | EG49: 3092.55 | EH49: 3092.55 | EI49: 3092.55 | EJ49: 3092.55 | EK49: 3092.55 | EL49: 3092.55 | EM49: 3092.55 | EN49: 3092.55 | EO49: 3092.55 | EP49: 3092.55 | EQ49: 3092.55 | ER49: 3092.55 | ES49: 3092.55 | ET49: 3092.55 | EU49: 3092.55 | EV49: 3092.55 | EW49: 3092.55 | EX49: 3092.55 | EY49: 3092.55 | EZ49: 3092.55 | FA49: 3092.55 | FB49: 3092.55 | FC49: 3092.55 | FD49: 3092.55 | FE49: 3092.55 | FF49: 3092.55 | FG49: 3092.55 | FH49: 3092.55 | FI49: 3092.55 | FJ49: 3092.55 | FK49: 3092.55 | FL49: 3092.55 | FM49: 3092.55 | FN49: 0 | FO49: 0 | FP49: 0 | FQ49: 0 | FR49: 0 | FS49: 0 | FT49: 0 | FU49: 0 | FV49: 0 | FW49: 0 | FX49: 0 | FY49: 0 | FZ49: 0 | GA49: 0 | GB49: 0 | GC49: 0 | GD49: 0 | GE49: 0 | GF49: 0 | GG49: 0 | GH49: 0 | GI49: 0 | GJ49: 135680
A50: 135696 | B50: =VLOOKUP(A50,'[9]Fluxo por Unidade'!$G:$H,2,0) -> 6485 | C50: Simone De Souza Santos Rabelo | D50: 004.185.046-79 | E50: 0 | F50: SWISS PARK ANAPOLIS | G50: Swiss Park Zurich - Anápolis | H50: =VLOOKUP(B50,Elegibilidade!A:I,9,0) -> Elegível | I50: 33 | J50: =SUMIFS(Inadimplência!Q:Q,Inadimplência!A:A,FluxoFuturo!B50) -> 0 | K50: =SUM(T50:GI50) -> 267334.32 | L50: =J50+K50 -> 267334.32 | M50: Adimplente | N50: 267334.32 | O50: =NPV((1+12%)^(1/12)-1,T50:FY50) -> 228603.96 | P50: =Vendas!$J$2 -> 886.38148 | Q50: =VLOOKUP(B50,Vendas!A:F,6,0) -> 360 | R50: =P50*Q50 -> 319097.33 | S50: =O50/R50 -> 0.71640823 | T50: 8101.04 | U50: 8101.04 | V50: 8101.04 | W50: 8101.04 | X50: 8101.04 | Y50: 8101.04 | Z50: 8101.04 | AA50: 8101.04 | AB50: 8101.04 | AC50: 8101.04 | AD50: 8101.04 | AE50: 8101.04 | AF50: 8101.04 | AG50: 8101.04 | AH50: 8101.04 | AI50: 8101.04 | AJ50: 8101.04 | AK50: 8101.04 | AL50: 8101.04 | AM50: 8101.04 | AN50: 8101.04 | AO50: 8101.04 | AP50: 8101.04 | AQ50: 8101.04 | AR50: 8101.04 | AS50: 8101.04 | AT50: 8101.04 | AU50: 8101.04 | AV50: 8101.04 | AW50: 8101.04 | AX50: 8101.04 | AY50: 8101.04 | AZ50: 8101.04 | BA50: 0 | BB50: 0 | BC50: 0 | BD50: 0 | BE50: 0 | BF50: 0 | BG50: 0 | BH50: 0 | BI50: 0 | BJ50: 0 | BK50: 0 | BL50: 0 | BM50: 0 | BN50: 0 | BO50: 0 | BP50: 0 | BQ50: 0 | BR50: 0 | BS50: 0 | BT50: 0 | BU50: 0 | BV50: 0 | BW50: 0 | BX50: 0 | BY50: 0 | BZ50: 0 | CA50: 0 | CB50: 0 | CC50: 0 | CD50: 0 | CE50: 0 | CF50: 0 | CG50: 0 | CH50: 0 | CI50: 0 | CJ50: 0 | CK50: 0 | CL50: 0 | CM50: 0 | CN50: 0 | CO50: 0 | CP50: 0 | CQ50: 0 | CR50: 0 | CS50: 0 | CT50: 0 | CU50: 0 | CV50: 0 | CW50: 0 | CX50: 0 | CY50: 0 | CZ50: 0 | DA50: 0 | DB50: 0 | DC50: 0 | DD50: 0 | DE50: 0 | DF50: 0 | DG50: 0 | DH50: 0 | DI50: 0 | DJ50: 0 | DK50: 0 | DL50: 0 | DM50: 0 | DN50: 0 | DO50: 0 | DP50: 0 | DQ50: 0 | DR50: 0 | DS50: 0 | DT50: 0 | DU50: 0 | DV50: 0 | DW50: 0 | DX50: 0 | DY50: 0 | DZ50: 0 | EA50: 0 | EB50: 0 | EC50: 0 | ED50: 0 | EE50: 0 | EF50: 0 | EG50: 0 | EH50: 0 | EI50: 0 | EJ50: 0 | EK50: 0 | EL50: 0 | EM50: 0 | EN50: 0 | EO50: 0 | EP50: 0 | EQ50: 0 | ER50: 0 | ES50: 0 | ET50: 0 | EU50: 0 | EV50: 0 | EW50: 0 | EX50: 0 | EY50: 0 | EZ50: 0 | FA50: 0 | FB50: 0 | FC50: 0 | FD50: 0 | FE50: 0 | FF50: 0 | FG50: 0 | FH50: 0 | FI50: 0 | FJ50: 0 | FK50: 0 | FL50: 0 | FM50: 0 | FN50: 0 | FO50: 0 | FP50: 0 | FQ50: 0 | FR50: 0 | FS50: 0 | FT50: 0 | FU50: 0 | FV50: 0 | FW50: 0 | FX50: 0 | FY50: 0 | FZ50: 0 | GA50: 0 | GB50: 0 | GC50: 0 | GD50: 0 | GE50: 0 | GF50: 0 | GG50: 0 | GH50: 0 | GI50: 0 | GJ50: 135696
A51: 135678 | B51: =VLOOKUP(A51,'[9]Fluxo por Unidade'!$G:$H,2,0) -> 6373 | C51: Rafael Dos Reis Domingues | D51: 029.174.781-79 | E51: 0.1003 | F51: SWISS PARK ANAPOLIS | G51: Swiss Park Zurich - Anápolis | H51: =VLOOKUP(B51,Elegibilidade!A:I,9,0) -> Elegível | I51: 87 | J51: =SUMIFS(Inadimplência!Q:Q,Inadimplência!A:A,FluxoFuturo!B51) -> 0 | K51: =NPV(0.8%,T51:GI51) -> 260514.87 | L51: =J51+K51 -> 260514.87 | M51: Adimplente | N51: 260514.87 | O51: =NPV((1+12%)^(1/12)-1,T51:FY51) -> 246102.35 | P51: =Vendas!$J$2 -> 886.38148 | Q51: =VLOOKUP(B51,Vendas!A:F,6,0) -> 360 | R51: =P51*Q51 -> 319097.33 | S51: =O51/R51 -> 0.7712454 | T51: 4167.89 | U51: 4167.89 | V51: 4167.89 | W51: 4167.89 | X51: 4167.89 | Y51: 4167.89 | Z51: 4167.89 | AA51: 4167.89 | AB51: 4167.89 | AC51: 4167.89 | AD51: 4167.89 | AE51: 4167.89 | AF51: 4167.89 | AG51: 4167.89 | AH51: 4167.89 | AI51: 4167.89 | AJ51: 4167.89 | AK51: 4167.89 | AL51: 4167.89 | AM51: 4167.89 | AN51: 4167.89 | AO51: 4167.89 | AP51: 4167.89 | AQ51: 4167.89 | AR51: 4167.89 | AS51: 4167.89 | AT51: 4167.89 | AU51: 4167.89 | AV51: 4167.89 | AW51: 4167.89 | AX51: 4167.89 | AY51: 4167.89 | AZ51: 4167.89 | BA51: 4167.89 | BB51: 4167.89 | BC51: 4167.89 | BD51: 4167.89 | BE51: 4167.89 | BF51: 4167.89 | BG51: 4167.89 | BH51: 4167.89 | BI51: 4167.89 | BJ51: 4167.89 | BK51: 4167.89 | BL51: 4167.89 | BM51: 4167.89 | BN51: 4167.89 | BO51: 4167.89 | BP51: 4167.89 | BQ51: 4167.89 | BR51: 4167.89 | BS51: 4167.89 | BT51: 4167.89 | BU51: 4167.89 | BV51: 4167.89 | BW51: 4167.89 | BX51: 4167.89 | BY51: 4167.89 | BZ51: 4167.89 | CA51: 4167.89 | CB51: 4167.89 | CC51: 4167.89 | CD51: 4167.89 | CE51: 4167.89 | CF51: 4167.89 | CG51: 4167.89 | CH51: 4167.89 | CI51: 4167.89 | CJ51: 4167.89 | CK51: 4167.89 | CL51: 4167.89 | CM51: 4167.89 | CN51: 4167.89 | CO51: 4167.89 | CP51: 4167.89 | CQ51: 4167.89 | CR51: 4167.89 | CS51: 4167.89 | CT51: 4167.89 | CU51: 4167.89 | CV51: 4167.89 | CW51: 4167.89 | CX51: 4167.89 | CY51: 4167.89 | CZ51: 4167.89 | DA51: 4167.89 | DB51: 4167.84 | DC51: 0 | DD51: 0 | DE51: 0 | DF51: 0 | DG51: 0 | DH51: 0 | DI51: 0 | DJ51: 0 | DK51: 0 | DL51: 0 | DM51: 0 | DN51: 0 | DO51: 0 | DP51: 0 | DQ51: 0 | DR51: 0 | DS51: 0 | DT51: 0 | DU51: 0 | DV51: 0 | DW51: 0 | DX51: 0 | DY51: 0 | DZ51: 0 | EA51: 0 | EB51: 0 | EC51: 0 | ED51: 0 | EE51: 0 | EF51: 0 | EG51: 0 | EH51: 0 | EI51: 0 | EJ51: 0 | EK51: 0 | EL51: 0 | EM51: 0 | EN51: 0 | EO51: 0 | EP51: 0 | EQ51: 0 | ER51: 0 | ES51: 0 | ET51: 0 | EU51: 0 | EV51: 0 | EW51: 0 | EX51: 0 | EY51: 0 | EZ51: 0 | FA51: 0 | FB51: 0 | FC51: 0 | FD51: 0 | FE51: 0 | FF51: 0 | FG51: 0 | FH51: 0 | FI51: 0 | FJ51: 0 | FK51: 0 | FL51: 0 | FM51: 0 | FN51: 0 | FO51: 0 | FP51: 0 | FQ51: 0 | FR51: 0 | FS51: 0 | FT51: 0 | FU51: 0 | FV51: 0 | FW51: 0 | FX51: 0 | FY51: 0 | FZ51: 0 | GA51: 0 | GB51: 0 | GC51: 0 | GD51: 0 | GE51: 0 | GF51: 0 | GG51: 0 | GH51: 0 | GI51: 0 | GJ51: 135678
A52: 135644 | B52: =VLOOKUP(A52,'[9]Fluxo por Unidade'!$G:$H,2,0) -> 6394 | C52: Heber Guimaraes Da Cunha | D52: 766.927.601-00 | E52: 0.1003 | F52: SWISS PARK ANAPOLIS | G52: Swiss Park Zurich - Anápolis | H52: =VLOOKUP(B52,Elegibilidade!A:I,9,0) -> Elegível | I52: 148 | J52: =SUMIFS(Inadimplência!Q:Q,Inadimplência!A:A,FluxoFuturo!B52) -> 3019.18 | K52: =NPV(0.8%,T52:GI52) -> 255389.83 | L52: =J52+K52 -> 258409.01 | M52: Menor que 30 Dias | N52: 258409.01 | O52: =NPV((1+12%)^(1/12)-1,T52:FY52) -> 234079.81 | P52: =Vendas!$J$2 -> 886.38148 | Q52: =VLOOKUP(B52,Vendas!A:F,6,0) -> 376.09 | R52: =P52*Q52 -> 333359.21 | S52: =O52/R52 -> 0.70218491 | T52: 2950.34 | U52: 2950.34 | V52: 2950.34 | W52: 2950.34 | X52: 2950.34 | Y52: 2950.34 | Z52: 2950.34 | AA52: 2950.34 | AB52: 2950.34 | AC52: 2950.34 | AD52: 2950.34 | AE52: 2950.34 | AF52: 2950.34 | AG52: 2950.34 | AH52: 2950.34 | AI52: 2950.34 | AJ52: 2950.34 | AK52: 2950.34 | AL52: 2950.34 | AM52: 2950.34 | AN52: 2950.34 | AO52: 2950.34 | AP52: 2950.34 | AQ52: 2950.34 | AR52: 2950.34 | AS52: 2950.34 | AT52: 2950.34 | AU52: 2950.34 | AV52: 2950.34 | AW52: 2950.34 | AX52: 2950.34 | AY52: 2950.34 | AZ52: 2950.34 | BA52: 2950.34 | BB52: 2950.34 | BC52: 2950.34 | BD52: 2950.34 | BE52: 2950.34 | BF52: 2950.34 | BG52: 2950.34 | BH52: 2950.34 | BI52: 2950.34 | BJ52: 2950.34 | BK52: 2950.34 | BL52: 2950.34 | BM52: 2950.34 | BN52: 2950.34 | BO52: 2950.34 | BP52: 2950.34 | BQ52: 2950.34 | BR52: 2950.34 | BS52: 2950.34 | BT52: 2950.34 | BU52: 2950.34 | BV52: 2950.34 | BW52: 2950.34 | BX52: 2950.34 | BY52: 2950.34 | BZ52: 2950.34 | CA52: 2950.34 | CB52: 2950.34 | CC52: 2950.34 | CD52: 2950.34 | CE52: 2950.34 | CF52: 2950.34 | CG52: 2950.34 | CH52: 2950.34 | CI52: 2950.34 | CJ52: 2950.34 | CK52: 2950.34 | CL52: 2950.34 | CM52: 2950.34 | CN52: 2950.34 | CO52: 2950.34 | CP52: 2950.34 | CQ52: 2950.34 | CR52: 2950.34 | CS52: 2950.34 | CT52: 2950.34 | CU52: 2950.34 | CV52: 2950.34 | CW52: 2950.34 | CX52: 2950.34 | CY52: 2950.34 | CZ52: 2950.34 | DA52: 2950.34 | DB52: 2950.34 | DC52: 2950.34 | DD52: 2950.34 | DE52: 2950.34 | DF52: 2950.34 | DG52: 2950.34 | DH52: 2950.34 | DI52: 2950.34 | DJ52: 2950.34 | DK52: 2950.34 | DL52: 2950.34 | DM52: 2950.34 | DN52: 2950.34 | DO52: 2950.34 | DP52: 2950.34 | DQ52: 2950.34 | DR52: 2950.34 | DS52: 2950.34 | DT52: 2950.34 | DU52: 2950.34 | DV52: 2950.34 | DW52: 2950.34 | DX52: 2950.34 | DY52: 2950.34 | DZ52: 2950.34 | EA52: 2950.34 | EB52: 2950.34 | EC52: 2950.34 | ED52: 2950.34 | EE52: 2950.34 | EF52: 2950.34 | EG52: 2950.34 | EH52: 2950.34 | EI52: 2950.34 | EJ52: 2950.34 | EK52: 2950.34 | EL52: 2950.34 | EM52: 2950.34 | EN52: 2950.34 | EO52: 2950.34 | EP52: 2950.34 | EQ52: 2950.34 | ER52: 2950.34 | ES52: 2950.34 | ET52: 2950.34 | EU52: 2950.34 | EV52: 2950.34 | EW52: 2950.34 | EX52: 2950.34 | EY52: 2950.34 | EZ52: 2950.34 | FA52: 2950.34 | FB52: 2950.34 | FC52: 2950.34 | FD52: 2950.34 | FE52: 2950.34 | FF52: 2950.34 | FG52: 2950.34 | FH52: 2950.34 | FI52: 2950.34 | FJ52: 2950.34 | FK52: 2950.37 | FL52: 0 | FM52: 0 | FN52: 0 | FO52: 0 | FP52: 0 | FQ52: 0 | FR52: 0 | FS52: 0 | FT52: 0 | FU52: 0 | FV52: 0 | FW52: 0 | FX52: 0 | FY52: 0 | FZ52: 0 | GA52: 0 | GB52: 0 | GC52: 0 | GD52: 0 | GE52: 0 | GF52: 0 | GG52: 0 | GH52: 0 | GI52: 0 | GJ52: 135644
A53: 135697 | B53: =VLOOKUP(A53,'[9]Fluxo por Unidade'!$G:$H,2,0) -> 6484 | C53: Nilza Raquel Silva | D53: 023.016.551-64 | E53: 0 | F53: SWISS PARK ANAPOLIS | G53: Swiss Park Zurich - Anápolis | H53: =VLOOKUP(B53,Elegibilidade!A:I,9,0) -> Elegível | I53: 45 | J53: =SUMIFS(Inadimplência!Q:Q,Inadimplência!A:A,FluxoFuturo!B53) -> 0 | K53: =SUM(T53:GI53) -> 257318.22 | L53: =J53+K53 -> 257318.22 | M53: Adimplente | N53: 257318.22 | O53: =NPV((1+12%)^(1/12)-1,T53:FY53) -> 208089.78 | P53: =Vendas!$J$2 -> 886.38148 | Q53: =VLOOKUP(B53,Vendas!A:F,6,0) -> 360 | R53: =P53*Q53 -> 319097.33 | S53: =O53/R53 -> 0.6521201 | T53: 0 | U53: 0 | V53: 5444.7 | W53: 5444.7 | X53: 5444.7 | Y53: 5444.7 | Z53: 5444.7 | AA53: 5444.7 | AB53: 17042.88 | AC53: 5444.7 | AD53: 5444.7 | AE53: 5444.7 | AF53: 5444.7 | AG53: 5444.7 | AH53: 5444.7 | AI53: 5444.7 | AJ53: 5444.7 | AK53: 5444.7 | AL53: 5444.7 | AM53: 5444.7 | AN53: 17042.88 | AO53: 5444.7 | AP53: 5444.7 | AQ53: 5444.7 | AR53: 5444.7 | AS53: 5444.7 | AT53: 5444.7 | AU53: 5444.7 | AV53: 5444.7 | AW53: 5444.7 | AX53: 5444.7 | AY53: 5444.7 | AZ53: 5444.7 | BA53: 5444.7 | BB53: 5444.7 | BC53: 5444.7 | BD53: 5444.7 | BE53: 5444.7 | BF53: 5444.7 | BG53: 5444.7 | BH53: 5444.7 | BI53: 5444.7 | BJ53: 5444.7 | BK53: 5444.7 | BL53: 5444.46 | BM53: 0 | BN53: 0 | BO53: 0 | BP53: 0 | BQ53: 0 | BR53: 0 | BS53: 0 | BT53: 0 | BU53: 0 | BV53: 0 | BW53: 0 | BX53: 0 | BY53: 0 | BZ53: 0 | CA53: 0 | CB53: 0 | CC53: 0 | CD53: 0 | CE53: 0 | CF53: 0 | CG53: 0 | CH53: 0 | CI53: 0 | CJ53: 0 | CK53: 0 | CL53: 0 | CM53: 0 | CN53: 0 | CO53: 0 | CP53: 0 | CQ53: 0 | CR53: 0 | CS53: 0 | CT53: 0 | CU53: 0 | CV53: 0 | CW53: 0 | CX53: 0 | CY53: 0 | CZ53: 0 | DA53: 0 | DB53: 0 | DC53: 0 | DD53: 0 | DE53: 0 | DF53: 0 | DG53: 0 | DH53: 0 | DI53: 0 | DJ53: 0 | DK53: 0 | DL53: 0 | DM53: 0 | DN53: 0 | DO53: 0 | DP53: 0 | DQ53: 0 | DR53: 0 | DS53: 0 | DT53: 0 | DU53: 0 | DV53: 0 | DW53: 0 | DX53: 0 | DY53: 0 | DZ53: 0 | EA53: 0 | EB53: 0 | EC53: 0 | ED53: 0 | EE53: 0 | EF53: 0 | EG53: 0 | EH53: 0 | EI53: 0 | EJ53: 0 | EK53: 0 | EL53: 0 | EM53: 0 | EN53: 0 | EO53: 0 | EP53: 0 | EQ53: 0 | ER53: 0 | ES53: 0 | ET53: 0 | EU53: 0 | EV53: 0 | EW53: 0 | EX53: 0 | EY53: 0 | EZ53: 0 | FA53: 0 | FB53: 0 | FC53: 0 | FD53: 0 | FE53: 0 | FF53: 0 | FG53: 0 | FH53: 0 | FI53: 0 | FJ53: 0 | FK53: 0 | FL53: 0 | FM53: 0 | FN53: 0 | FO53: 0 | FP53: 0 | FQ53: 0 | FR53: 0 | FS53: 0 | FT53: 0 | FU53: 0 | FV53: 0 | FW53: 0 | FX53: 0 | FY53: 0 | FZ53: 0 | GA53: 0 | GB53: 0 | GC53: 0 | GD53: 0 | GE53: 0 | GF53: 0 | GG53: 0 | GH53: 0 | GI53: 0 | GJ53: 135697
A54: 135695 | B54: =VLOOKUP(A54,'[9]Fluxo por Unidade'!$G:$H,2,0) -> 6474 | C54: Hawa Khaled Abou Chakra | D54: 696.610.061-72 | E54: 0 | F54: SWISS PARK ANAPOLIS | G54: Swiss Park Zurich - Anápolis | H54: =VLOOKUP(B54,Elegibilidade!A:I,9,0) -> Elegível | I54: 32 | J54: =SUMIFS(Inadimplência!Q:Q,Inadimplência!A:A,FluxoFuturo!B54) -> 0 | K54: =SUM(T54:GI54) -> 255923.17 | L54: =J54+K54 -> 255923.17 | M54: Adimplente | N54: 255923.17 | O54: =NPV((1+12%)^(1/12)-1,T54:FY54) -> 221507.13 | P54: =Vendas!$J$2 -> 886.38148 | Q54: =VLOOKUP(B54,Vendas!A:F,6,0) -> 367.61 | R54: =P54*Q54 -> 325842.7 | S54: =O54/R54 -> 0.67979774 | T54: 16969 | U54: 5518.65 | V54: 5518.65 | W54: 5518.65 | X54: 5518.65 | Y54: 5518.65 | Z54: 22487.65 | AA54: 5518.65 | AB54: 5518.65 | AC54: 5518.65 | AD54: 5518.65 | AE54: 5518.65 | AF54: 22487.65 | AG54: 5518.65 | AH54: 5518.65 | AI54: 5518.65 | AJ54: 5518.65 | AK54: 5518.65 | AL54: 22487.65 | AM54: 5518.65 | AN54: 5518.65 | AO54: 5518.65 | AP54: 5518.65 | AQ54: 5518.65 | AR54: 22487.65 | AS54: 5518.65 | AT54: 5518.65 | AU54: 5518.65 | AV54: 5518.65 | AW54: 5518.65 | AX54: 5518.65 | AY54: 5518.67 | AZ54: 0 | BA54: 0 | BB54: 0 | BC54: 0 | BD54: 0 | BE54: 0 | BF54: 0 | BG54: 0 | BH54: 0 | BI54: 0 | BJ54: 0 | BK54: 0 | BL54: 0 | BM54: 0 | BN54: 0 | BO54: 0 | BP54: 0 | BQ54: 0 | BR54: 0 | BS54: 0 | BT54: 0 | BU54: 0 | BV54: 0 | BW54: 0 | BX54: 0 | BY54: 0 | BZ54: 0 | CA54: 0 | CB54: 0 | CC54: 0 | CD54: 0 | CE54: 0 | CF54: 0 | CG54: 0 | CH54: 0 | CI54: 0 | CJ54: 0 | CK54: 0 | CL54: 0 | CM54: 0 | CN54: 0 | CO54: 0 | CP54: 0 | CQ54: 0 | CR54: 0 | CS54: 0 | CT54: 0 | CU54: 0 | CV54: 0 | CW54: 0 | CX54: 0 | CY54: 0 | CZ54: 0 | DA54: 0 | DB54: 0 | DC54: 0 | DD54: 0 | DE54: 0 | DF54: 0 | DG54: 0 | DH54: 0 | DI54: 0 | DJ54: 0 | DK54: 0 | DL54: 0 | DM54: 0 | DN54: 0 | DO54: 0 | DP54: 0 | DQ54: 0 | DR54: 0 | DS54: 0 | DT54: 0 | DU54: 0 | DV54: 0 | DW54: 0 | DX54: 0 | DY54: 0 | DZ54: 0 | EA54: 0 | EB54: 0 | EC54: 0 | ED54: 0 | EE54: 0 | EF54: 0 | EG54: 0 | EH54: 0 | EI54: 0 | EJ54: 0 | EK54: 0 | EL54: 0 | EM54: 0 | EN54: 0 | EO54: 0 | EP54: 0 | EQ54: 0 | ER54: 0 | ES54: 0 | ET54: 0 | EU54: 0 | EV54: 0 | EW54: 0 | EX54: 0 | EY54: 0 | EZ54: 0 | FA54: 0 | FB54: 0 | FC54: 0 | FD54: 0 | FE54: 0 | FF54: 0 | FG54: 0 | FH54: 0 | FI54: 0 | FJ54: 0 | FK54: 0 | FL54: 0 | FM54: 0 | FN54: 0 | FO54: 0 | FP54: 0 | FQ54: 0 | FR54: 0 | FS54: 0 | FT54: 0 | FU54: 0 | FV54: 0 | FW54: 0 | FX54: 0 | FY54: 0 | FZ54: 0 | GA54: 0 | GB54: 0 | GC54: 0 | GD54: 0 | GE54: 0 | GF54: 0 | GG54: 0 | GH54: 0 | GI54: 0 | GJ54: 135695
A55: 135694 | B55: =VLOOKUP(A55,'[9]Fluxo por Unidade'!$G:$H,2,0) -> 6473 | C55: Hawa Khaled Abou Chakra | D55: 696.610.061-72 | E55: 0 | F55: SWISS PARK ANAPOLIS | G55: Swiss Park Zurich - Anápolis | H55: =VLOOKUP(B55,Elegibilidade!A:I,9,0) -> Elegível | I55: 32 | J55: =SUMIFS(Inadimplência!Q:Q,Inadimplência!A:A,FluxoFuturo!B55) -> 0 | K55: =SUM(T55:GI55) -> 255378.82 | L55: =J55+K55 -> 255378.82 | M55: Adimplente | N55: 255378.82 | O55: =NPV((1+12%)^(1/12)-1,T55:FY55) -> 221041.86 | P55: =Vendas!$J$2 -> 886.38148 | Q55: =VLOOKUP(B55,Vendas!A:F,6,0) -> 367.01 | R55: =P55*Q55 -> 325310.87 | S55: =O55/R55 -> 0.67947887 | T55: 16969 | U55: 5501.09 | V55: 5501.09 | W55: 5501.09 | X55: 5501.09 | Y55: 5501.09 | Z55: 22470.09 | AA55: 5501.09 | AB55: 5501.09 | AC55: 5501.09 | AD55: 5501.09 | AE55: 5501.09 | AF55: 22470.09 | AG55: 5501.09 | AH55: 5501.09 | AI55: 5501.09 | AJ55: 5501.09 | AK55: 5501.09 | AL55: 22470.09 | AM55: 5501.09 | AN55: 5501.09 | AO55: 5501.09 | AP55: 5501.09 | AQ55: 5501.09 | AR55: 22470.09 | AS55: 5501.09 | AT55: 5501.09 | AU55: 5501.09 | AV55: 5501.09 | AW55: 5501.09 | AX55: 5501.09 | AY55: 5501.12 | AZ55: 0 | BA55: 0 | BB55: 0 | BC55: 0 | BD55: 0 | BE55: 0 | BF55: 0 | BG55: 0 | BH55: 0 | BI55: 0 | BJ55: 0 | BK55: 0 | BL55: 0 | BM55: 0 | BN55: 0 | BO55: 0 | BP55: 0 | BQ55: 0 | BR55: 0 | BS55: 0 | BT55: 0 | BU55: 0 | BV55: 0 | BW55: 0 | BX55: 0 | BY55: 0 | BZ55: 0 | CA55: 0 | CB55: 0 | CC55: 0 | CD55: 0 | CE55: 0 | CF55: 0 | CG55: 0 | CH55: 0 | CI55: 0 | CJ55: 0 | CK55: 0 | CL55: 0 | CM55: 0 | CN55: 0 | CO55: 0 | CP55: 0 | CQ55: 0 | CR55: 0 | CS55: 0 | CT55: 0 | CU55: 0 | CV55: 0 | CW55: 0 | CX55: 0 | CY55: 0 | CZ55: 0 | DA55: 0 | DB55: 0 | DC55: 0 | DD55: 0 | DE55: 0 | DF55: 0 | DG55: 0 | DH55: 0 | DI55: 0 | DJ55: 0 | DK55: 0 | DL55: 0 | DM55: 0 | DN55: 0 | DO55: 0 | DP55: 0 | DQ55: 0 | DR55: 0 | DS55: 0 | DT55: 0 | DU55: 0 | DV55: 0 | DW55: 0 | DX55: 0 | DY55: 0 | DZ55: 0 | EA55: 0 | EB55: 0 | EC55: 0 | ED55: 0 | EE55: 0 | EF55: 0 | EG55: 0 | EH55: 0 | EI55: 0 | EJ55: 0 | EK55: 0 | EL55: 0 | EM55: 0 | EN55: 0 | EO55: 0 | EP55: 0 | EQ55: 0 | ER55: 0 | ES55: 0 | ET55: 0 | EU55: 0 | EV55: 0 | EW55: 0 | EX55: 0 | EY55: 0 | EZ55: 0 | FA55: 0 | FB55: 0 | FC55: 0 | FD55: 0 | FE55: 0 | FF55: 0 | FG55: 0 | FH55: 0 | FI55: 0 | FJ55: 0 | FK55: 0 | FL55: 0 | FM55: 0 | FN55: 0 | FO55: 0 | FP55: 0 | FQ55: 0 | FR55: 0 | FS55: 0 | FT55: 0 | FU55: 0 | FV55: 0 | FW55: 0 | FX55: 0 | FY55: 0 | FZ55: 0 | GA55: 0 | GB55: 0 | GC55: 0 | GD55: 0 | GE55: 0 | GF55: 0 | GG55: 0 | GH55: 0 | GI55: 0 | GJ55: 135694
A56: 135656 | B56: =VLOOKUP(A56,'[9]Fluxo por Unidade'!$G:$H,2,0) -> 6445 | C56: Jose Marcos De Oliveira | D56: 556.912.341-53 | E56: 0 | F56: SWISS PARK ANAPOLIS | G56: Swiss Park Zurich - Anápolis | H56: =VLOOKUP(B56,Elegibilidade!A:I,9,0) -> Elegível | I56: 29 | J56: =SUMIFS(Inadimplência!Q:Q,Inadimplência!A:A,FluxoFuturo!B56) -> 0 | K56: =SUM(T56:GI56) -> 255269.31 | L56: =J56+K56 -> 255269.31 | M56: Adimplente | N56: 255269.31 | O56: =NPV((1+12%)^(1/12)-1,T56:FY56) -> 222244.46 | P56: =Vendas!$J$2 -> 886.38148 | Q56: =VLOOKUP(B56,Vendas!A:F,6,0) -> 363.89 | R56: =P56*Q56 -> 322545.36 | S56: =O56/R56 -> 0.68903321 | T56: 8802.39 | U56: 8802.39 | V56: 8802.39 | W56: 8802.39 | X56: 8802.39 | Y56: 8802.39 | Z56: 8802.39 | AA56: 8802.39 | AB56: 8802.39 | AC56: 8802.39 | AD56: 8802.39 | AE56: 8802.39 | AF56: 8802.39 | AG56: 8802.39 | AH56: 8802.39 | AI56: 8802.39 | AJ56: 8802.39 | AK56: 8802.39 | AL56: 8802.39 | AM56: 8802.39 | AN56: 8802.39 | AO56: 8802.39 | AP56: 8802.39 | AQ56: 8802.39 | AR56: 8802.39 | AS56: 8802.39 | AT56: 8802.39 | AU56: 8802.39 | AV56: 8802.39 | AW56: 0 | AX56: 0 | AY56: 0 | AZ56: 0 | BA56: 0 | BB56: 0 | BC56: 0 | BD56: 0 | BE56: 0 | BF56: 0 | BG56: 0 | BH56: 0 | BI56: 0 | BJ56: 0 | BK56: 0 | BL56: 0 | BM56: 0 | BN56: 0 | BO56: 0 | BP56: 0 | BQ56: 0 | BR56: 0 | BS56: 0 | BT56: 0 | BU56: 0 | BV56: 0 | BW56: 0 | BX56: 0 | BY56: 0 | BZ56: 0 | CA56: 0 | CB56: 0 | CC56: 0 | CD56: 0 | CE56: 0 | CF56: 0 | CG56: 0 | CH56: 0 | CI56: 0 | CJ56: 0 | CK56: 0 | CL56: 0 | CM56: 0 | CN56: 0 | CO56: 0 | CP56: 0 | CQ56: 0 | CR56: 0 | CS56: 0 | CT56: 0 | CU56: 0 | CV56: 0 | CW56: 0 | CX56: 0 | CY56: 0 | CZ56: 0 | DA56: 0 | DB56: 0 | DC56: 0 | DD56: 0 | DE56: 0 | DF56: 0 | DG56: 0 | DH56: 0 | DI56: 0 | DJ56: 0 | DK56: 0 | DL56: 0 | DM56: 0 | DN56: 0 | DO56: 0 | DP56: 0 | DQ56: 0 | DR56: 0 | DS56: 0 | DT56: 0 | DU56: 0 | DV56: 0 | DW56: 0 | DX56: 0 | DY56: 0 | DZ56: 0 | EA56: 0 | EB56: 0 | EC56: 0 | ED56: 0 | EE56: 0 | EF56: 0 | EG56: 0 | EH56: 0 | EI56: 0 | EJ56: 0 | EK56: 0 | EL56: 0 | EM56: 0 | EN56: 0 | EO56: 0 | EP56: 0 | EQ56: 0 | ER56: 0 | ES56: 0 | ET56: 0 | EU56: 0 | EV56: 0 | EW56: 0 | EX56: 0 | EY56: 0 | EZ56: 0 | FA56: 0 | FB56: 0 | FC56: 0 | FD56: 0 | FE56: 0 | FF56: 0 | FG56: 0 | FH56: 0 | FI56: 0 | FJ56: 0 | FK56: 0 | FL56: 0 | FM56: 0 | FN56: 0 | FO56: 0 | FP56: 0 | FQ56: 0 | FR56: 0 | FS56: 0 | FT56: 0 | FU56: 0 | FV56: 0 | FW56: 0 | FX56: 0 | FY56: 0 | FZ56: 0 | GA56: 0 | GB56: 0 | GC56: 0 | GD56: 0 | GE56: 0 | GF56: 0 | GG56: 0 | GH56: 0 | GI56: 0 | GJ56: 135656
A57: 135655 | B57: =VLOOKUP(A57,'[9]Fluxo por Unidade'!$G:$H,2,0) -> 6444 | C57: Jose Marcos De Oliveira | D57: 556.912.341-53 | E57: 0 | F57: SWISS PARK ANAPOLIS | G57: Swiss Park Zurich - Anápolis | H57: =VLOOKUP(B57,Elegibilidade!A:I,9,0) -> Elegível | I57: 29 | J57: =SUMIFS(Inadimplência!Q:Q,Inadimplência!A:A,FluxoFuturo!B57) -> 0 | K57: =SUM(T57:GI57) -> 254813.53 | L57: =J57+K57 -> 254813.53 | M57: Adimplente | N57: 254813.53 | O57: =NPV((1+12%)^(1/12)-1,T57:FY57) -> 221847.64 | P57: =Vendas!$J$2 -> 886.38148 | Q57: =VLOOKUP(B57,Vendas!A:F,6,0) -> 363.24 | R57: =P57*Q57 -> 321969.21 | S57: =O57/R57 -> 0.6890337 | T57: 8786.67 | U57: 8786.67 | V57: 8786.67 | W57: 8786.67 | X57: 8786.67 | Y57: 8786.67 | Z57: 8786.67 | AA57: 8786.67 | AB57: 8786.67 | AC57: 8786.67 | AD57: 8786.67 | AE57: 8786.67 | AF57: 8786.67 | AG57: 8786.67 | AH57: 8786.67 | AI57: 8786.67 | AJ57: 8786.67 | AK57: 8786.67 | AL57: 8786.67 | AM57: 8786.67 | AN57: 8786.67 | AO57: 8786.67 | AP57: 8786.67 | AQ57: 8786.67 | AR57: 8786.67 | AS57: 8786.67 | AT57: 8786.67 | AU57: 8786.67 | AV57: 8786.77 | AW57: 0 | AX57: 0 | AY57: 0 | AZ57: 0 | BA57: 0 | BB57: 0 | BC57: 0 | BD57: 0 | BE57: 0 | BF57: 0 | BG57: 0 | BH57: 0 | BI57: 0 | BJ57: 0 | BK57: 0 | BL57: 0 | BM57: 0 | BN57: 0 | BO57: 0 | BP57: 0 | BQ57: 0 | BR57: 0 | BS57: 0 | BT57: 0 | BU57: 0 | BV57: 0 | BW57: 0 | BX57: 0 | BY57: 0 | BZ57: 0 | CA57: 0 | CB57: 0 | CC57: 0 | CD57: 0 | CE57: 0 | CF57: 0 | CG57: 0 | CH57: 0 | CI57: 0 | CJ57: 0 | CK57: 0 | CL57: 0 | CM57: 0 | CN57: 0 | CO57: 0 | CP57: 0 | CQ57: 0 | CR57: 0 | CS57: 0 | CT57: 0 | CU57: 0 | CV57: 0 | CW57: 0 | CX57: 0 | CY57: 0 | CZ57: 0 | DA57: 0 | DB57: 0 | DC57: 0 | DD57: 0 | DE57: 0 | DF57: 0 | DG57: 0 | DH57: 0 | DI57: 0 | DJ57: 0 | DK57: 0 | DL57: 0 | DM57: 0 | DN57: 0 | DO57: 0 | DP57: 0 | DQ57: 0 | DR57: 0 | DS57: 0 | DT57: 0 | DU57: 0 | DV57: 0 | DW57: 0 | DX57: 0 | DY57: 0 | DZ57: 0 | EA57: 0 | EB57: 0 | EC57: 0 | ED57: 0 | EE57: 0 | EF57: 0 | EG57: 0 | EH57: 0 | EI57: 0 | EJ57: 0 | EK57: 0 | EL57: 0 | EM57: 0 | EN57: 0 | EO57: 0 | EP57: 0 | EQ57: 0 | ER57: 0 | ES57: 0 | ET57: 0 | EU57: 0 | EV57: 0 | EW57: 0 | EX57: 0 | EY57: 0 | EZ57: 0 | FA57: 0 | FB57: 0 | FC57: 0 | FD57: 0 | FE57: 0 | FF57: 0 | FG57: 0 | FH57: 0 | FI57: 0 | FJ57: 0 | FK57: 0 | FL57: 0 | FM57: 0 | FN57: 0 | FO57: 0 | FP57: 0 | FQ57: 0 | FR57: 0 | FS57: 0 | FT57: 0 | FU57: 0 | FV57: 0 | FW57: 0 | FX57: 0 | FY57: 0 | FZ57: 0 | GA57: 0 | GB57: 0 | GC57: 0 | GD57: 0 | GE57: 0 | GF57: 0 | GG57: 0 | GH57: 0 | GI57: 0 | GJ57: 135655
A58: 135646 | B58: =VLOOKUP(A58,'[9]Fluxo por Unidade'!$G:$H,2,0) -> 6375 | C58: Herson Aguiar Palhano | D58: 005.216.051-30 | E58: 0 | F58: SWISS PARK ANAPOLIS | G58: Swiss Park Zurich - Anápolis | H58: =VLOOKUP(B58,Elegibilidade!A:I,9,0) -> Elegível | I58: 24 | J58: =SUMIFS(Inadimplência!Q:Q,Inadimplência!A:A,FluxoFuturo!B58) -> 0 | K58: =SUM(T58:GI58) -> 253900.03 | L58: =J58+K58 -> 253900.03 | M58: Adimplente | N58: 253900.03 | O58: =NPV((1+12%)^(1/12)-1,T58:FY58) -> 226110.96 | P58: =Vendas!$J$2 -> 886.38148 | Q58: =VLOOKUP(B58,Vendas!A:F,6,0) -> 478.95 | R58: =P58*Q58 -> 424532.41 | S58: =O58/R58 -> 0.53261177 | T58: 10579.17 | U58: 10579.17 | V58: 10579.17 | W58: 10579.17 | X58: 10579.17 | Y58: 10579.17 | Z58: 10579.17 | AA58: 10579.17 | AB58: 10579.17 | AC58: 10579.17 | AD58: 10579.17 | AE58: 10579.17 | AF58: 10579.17 | AG58: 10579.17 | AH58: 10579.17 | AI58: 10579.17 | AJ58: 10579.17 | AK58: 10579.17 | AL58: 10579.17 | AM58: 10579.17 | AN58: 10579.17 | AO58: 10579.17 | AP58: 10579.17 | AQ58: 10579.12 | AR58: 0 | AS58: 0 | AT58: 0 | AU58: 0 | AV58: 0 | AW58: 0 | AX58: 0 | AY58: 0 | AZ58: 0 | BA58: 0 | BB58: 0 | BC58: 0 | BD58: 0 | BE58: 0 | BF58: 0 | BG58: 0 | BH58: 0 | BI58: 0 | BJ58: 0 | BK58: 0 | BL58: 0 | BM58: 0 | BN58: 0 | BO58: 0 | BP58: 0 | BQ58: 0 | BR58: 0 | BS58: 0 | BT58: 0 | BU58: 0 | BV58: 0 | BW58: 0 | BX58: 0 | BY58: 0 | BZ58: 0 | CA58: 0 | CB58: 0 | CC58: 0 | CD58: 0 | CE58: 0 | CF58: 0 | CG58: 0 | CH58: 0 | CI58: 0 | CJ58: 0 | CK58: 0 | CL58: 0 | CM58: 0 | CN58: 0 | CO58: 0 | CP58: 0 | CQ58: 0 | CR58: 0 | CS58: 0 | CT58: 0 | CU58: 0 | CV58: 0 | CW58: 0 | CX58: 0 | CY58: 0 | CZ58: 0 | DA58: 0 | DB58: 0 | DC58: 0 | DD58: 0 | DE58: 0 | DF58: 0 | DG58: 0 | DH58: 0 | DI58: 0 | DJ58: 0 | DK58: 0 | DL58: 0 | DM58: 0 | DN58: 0 | DO58: 0 | DP58: 0 | DQ58: 0 | DR58: 0 | DS58: 0 | DT58: 0 | DU58: 0 | DV58: 0 | DW58: 0 | DX58: 0 | DY58: 0 | DZ58: 0 | EA58: 0 | EB58: 0 | EC58: 0 | ED58: 0 | EE58: 0 | EF58: 0 | EG58: 0 | EH58: 0 | EI58: 0 | EJ58: 0 | EK58: 0 | EL58: 0 | EM58: 0 | EN58: 0 | EO58: 0 | EP58: 0 | EQ58: 0 | ER58: 0 | ES58: 0 | ET58: 0 | EU58: 0 | EV58: 0 | EW58: 0 | EX58: 0 | EY58: 0 | EZ58: 0 | FA58: 0 | FB58: 0 | FC58: 0 | FD58: 0 | FE58: 0 | FF58: 0 | FG58: 0 | FH58: 0 | FI58: 0 | FJ58: 0 | FK58: 0 | FL58: 0 | FM58: 0 | FN58: 0 | FO58: 0 | FP58: 0 | FQ58: 0 | FR58: 0 | FS58: 0 | FT58: 0 | FU58: 0 | FV58: 0 | FW58: 0 | FX58: 0 | FY58: 0 | FZ58: 0 | GA58: 0 | GB58: 0 | GC58: 0 | GD58: 0 | GE58: 0 | GF58: 0 | GG58: 0 | GH58: 0 | GI58: 0 | GJ58: 135646
A59: 135653 | B59: =VLOOKUP(A59,'[9]Fluxo por Unidade'!$G:$H,2,0) -> 6395 | C59: Jonatas Guimaraes Da Cunha | D59: 814.407.231-68 | E59: 0.1003 | F59: SWISS PARK ANAPOLIS | G59: Swiss Park Zurich - Anápolis | H59: =VLOOKUP(B59,Elegibilidade!A:I,9,0) -> Elegível | I59: 84 | J59: =SUMIFS(Inadimplência!Q:Q,Inadimplência!A:A,FluxoFuturo!B59) -> 0 | K59: =NPV(0.8%,T59:GI59) -> 253750.33 | L59: =J59+K59 -> 253750.33 | M59: Adimplente | N59: 253750.33 | O59: =NPV((1+12%)^(1/12)-1,T59:FY59) -> 240113.8 | P59: =Vendas!$J$2 -> 886.38148 | Q59: =VLOOKUP(B59,Vendas!A:F,6,0) -> 393.5 | R59: =P59*Q59 -> 348791.11 | S59: =O59/R59 -> 0.68841719 | T59: 4160.3 | U59: 4160.3 | V59: 4160.3 | W59: 4160.3 | X59: 4160.3 | Y59: 4160.3 | Z59: 4160.3 | AA59: 4160.3 | AB59: 4160.3 | AC59: 4160.3 | AD59: 4160.3 | AE59: 4160.3 | AF59: 4160.3 | AG59: 4160.3 | AH59: 4160.3 | AI59: 4160.3 | AJ59: 4160.3 | AK59: 4160.3 | AL59: 4160.3 | AM59: 4160.3 | AN59: 4160.3 | AO59: 4160.3 | AP59: 4160.3 | AQ59: 4160.3 | AR59: 4160.3 | AS59: 4160.3 | AT59: 4160.3 | AU59: 4160.3 | AV59: 4160.3 | AW59: 4160.3 | AX59: 4160.3 | AY59: 4160.3 | AZ59: 4160.3 | BA59: 4160.3 | BB59: 4160.3 | BC59: 4160.3 | BD59: 4160.3 | BE59: 4160.3 | BF59: 4160.3 | BG59: 4160.3 | BH59: 4160.3 | BI59: 4160.3 | BJ59: 4160.3 | BK59: 4160.3 | BL59: 4160.3 | BM59: 4160.3 | BN59: 4160.3 | BO59: 4160.3 | BP59: 4160.3 | BQ59: 4160.3 | BR59: 4160.3 | BS59: 4160.3 | BT59: 4160.3 | BU59: 4160.3 | BV59: 4160.3 | BW59: 4160.3 | BX59: 4160.3 | BY59: 4160.3 | BZ59: 4160.3 | CA59: 4160.3 | CB59: 4160.3 | CC59: 4160.3 | CD59: 4160.3 | CE59: 4160.3 | CF59: 4160.3 | CG59: 4160.3 | CH59: 4160.3 | CI59: 4160.3 | CJ59: 4160.3 | CK59: 4160.3 | CL59: 4160.3 | CM59: 4160.3 | CN59: 4160.3 | CO59: 4160.3 | CP59: 4160.3 | CQ59: 4160.3 | CR59: 4160.3 | CS59: 4160.3 | CT59: 4160.3 | CU59: 4160.3 | CV59: 4160.3 | CW59: 4160.3 | CX59: 4160.3 | CY59: 4159.96 | CZ59: 0 | DA59: 0 | DB59: 0 | DC59: 0 | DD59: 0 | DE59: 0 | DF59: 0 | DG59: 0 | DH59: 0 | DI59: 0 | DJ59: 0 | DK59: 0 | DL59: 0 | DM59: 0 | DN59: 0 | DO59: 0 | DP59: 0 | DQ59: 0 | DR59: 0 | DS59: 0 | DT59: 0 | DU59: 0 | DV59: 0 | DW59: 0 | DX59: 0 | DY59: 0 | DZ59: 0 | EA59: 0 | EB59: 0 | EC59: 0 | ED59: 0 | EE59: 0 | EF59: 0 | EG59: 0 | EH59: 0 | EI59: 0 | EJ59: 0 | EK59: 0 | EL59: 0 | EM59: 0 | EN59: 0 | EO59: 0 | EP59: 0 | EQ59: 0 | ER59: 0 | ES59: 0 | ET59: 0 | EU59: 0 | EV59: 0 | EW59: 0 | EX59: 0 | EY59: 0 | EZ59: 0 | FA59: 0 | FB59: 0 | FC59: 0 | FD59: 0 | FE59: 0 | FF59: 0 | FG59: 0 | FH59: 0 | FI59: 0 | FJ59: 0 | FK59: 0 | FL59: 0 | FM59: 0 | FN59: 0 | FO59: 0 | FP59: 0 | FQ59: 0 | FR59: 0 | FS59: 0 | FT59: 0 | FU59: 0 | FV59: 0 | FW59: 0 | FX59: 0 | FY59: 0 | FZ59: 0 | GA59: 0 | GB59: 0 | GC59: 0 | GD59: 0 | GE59: 0 | GF59: 0 | GG59: 0 | GH59: 0 | GI59: 0 | GJ59: 135653
A60: 135686 | B60: =VLOOKUP(A60,'[9]Fluxo por Unidade'!$G:$H,2,0) -> 6466 | C60: Simone De Souza Santos Rabelo | D60: 004.185.046-79 | E60: 0 | F60: SWISS PARK ANAPOLIS | G60: Swiss Park Zurich - Anápolis | H60: =VLOOKUP(B60,Elegibilidade!A:I,9,0) -> Elegível | I60: 31 | J60: =SUMIFS(Inadimplência!Q:Q,Inadimplência!A:A,FluxoFuturo!B60) -> 0 | K60: =SUM(T60:GI60) -> 253649.44 | L60: =J60+K60 -> 253649.44 | M60: Adimplente | N60: 253649.44 | O60: =NPV((1+12%)^(1/12)-1,T60:FY60) -> 218855.85 | P60: =Vendas!$J$2 -> 886.38148 | Q60: =VLOOKUP(B60,Vendas!A:F,6,0) -> 360 | R60: =P60*Q60 -> 319097.33 | S60: =O60/R60 -> 0.68585923 | T60: 8182.24 | U60: 8182.24 | V60: 8182.24 | W60: 8182.24 | X60: 8182.24 | Y60: 8182.24 | Z60: 8182.24 | AA60: 8182.24 | AB60: 8182.24 | AC60: 8182.24 | AD60: 8182.24 | AE60: 8182.24 | AF60: 8182.24 | AG60: 8182.24 | AH60: 8182.24 | AI60: 8182.24 | AJ60: 8182.24 | AK60: 8182.24 | AL60: 8182.24 | AM60: 8182.24 | AN60: 8182.24 | AO60: 8182.24 | AP60: 8182.24 | AQ60: 8182.24 | AR60: 8182.24 | AS60: 8182.24 | AT60: 8182.24 | AU60: 8182.24 | AV60: 8182.24 | AW60: 8182.24 | AX60: 8182.24 | AY60: 0 | AZ60: 0 | BA60: 0 | BB60: 0 | BC60: 0 | BD60: 0 | BE60: 0 | BF60: 0 | BG60: 0 | BH60: 0 | BI60: 0 | BJ60: 0 | BK60: 0 | BL60: 0 | BM60: 0 | BN60: 0 | BO60: 0 | BP60: 0 | BQ60: 0 | BR60: 0 | BS60: 0 | BT60: 0 | BU60: 0 | BV60: 0 | BW60: 0 | BX60: 0 | BY60: 0 | BZ60: 0 | CA60: 0 | CB60: 0 | CC60: 0 | CD60: 0 | CE60: 0 | CF60: 0 | CG60: 0 | CH60: 0 | CI60: 0 | CJ60: 0 | CK60: 0 | CL60: 0 | CM60: 0 | CN60: 0 | CO60: 0 | CP60: 0 | CQ60: 0 | CR60: 0 | CS60: 0 | CT60: 0 | CU60: 0 | CV60: 0 | CW60: 0 | CX60: 0 | CY60: 0 | CZ60: 0 | DA60: 0 | DB60: 0 | DC60: 0 | DD60: 0 | DE60: 0 | DF60: 0 | DG60: 0 | DH60: 0 | DI60: 0 | DJ60: 0 | DK60: 0 | DL60: 0 | DM60: 0 | DN60: 0 | DO60: 0 | DP60: 0 | DQ60: 0 | DR60: 0 | DS60: 0 | DT60: 0 | DU60: 0 | DV60: 0 | DW60: 0 | DX60: 0 | DY60: 0 | DZ60: 0 | EA60: 0 | EB60: 0 | EC60: 0 | ED60: 0 | EE60: 0 | EF60: 0 | EG60: 0 | EH60: 0 | EI60: 0 | EJ60: 0 | EK60: 0 | EL60: 0 | EM60: 0 | EN60: 0 | EO60: 0 | EP60: 0 | EQ60: 0 | ER60: 0 | ES60: 0 | ET60: 0 | EU60: 0 | EV60: 0 | EW60: 0 | EX60: 0 | EY60: 0 | EZ60: 0 | FA60: 0 | FB60: 0 | FC60: 0 | FD60: 0 | FE60: 0 | FF60: 0 | FG60: 0 | FH60: 0 | FI60: 0 | FJ60: 0 | FK60: 0 | FL60: 0 | FM60: 0 | FN60: 0 | FO60: 0 | FP60: 0 | FQ60: 0 | FR60: 0 | FS60: 0 | FT60: 0 | FU60: 0 | FV60: 0 | FW60: 0 | FX60: 0 | FY60: 0 | FZ60: 0 | GA60: 0 | GB60: 0 | GC60: 0 | GD60: 0 | GE60: 0 | GF60: 0 | GG60: 0 | GH60: 0 | GI60: 0 | GJ60: 135686
A61: 135684 | B61: =VLOOKUP(A61,'[9]Fluxo por Unidade'!$G:$H,2,0) -> 6424 | C61: Sandro Jose Rosa | D61: 547.471.041-00 | E61: 0 | F61: SWISS PARK ANAPOLIS | G61: Swiss Park Zurich - Anápolis | H61: =VLOOKUP(B61,Elegibilidade!A:I,9,0) -> Elegível | I61: 27 | J61: =SUMIFS(Inadimplência!Q:Q,Inadimplência!A:A,FluxoFuturo!B61) -> 0 | K61: =SUM(T61:GI61) -> 244775.79 | L61: =J61+K61 -> 244775.79 | M61: Adimplente | N61: 244775.79 | O61: =NPV((1+12%)^(1/12)-1,T61:FY61) -> 215041.24 | P61: =Vendas!$J$2 -> 886.38148 | Q61: =VLOOKUP(B61,Vendas!A:F,6,0) -> 372.28 | R61: =P61*Q61 -> 329982.1 | S61: =O61/R61 -> 0.65167547 | T61: 9065.77 | U61: 9065.77 | V61: 9065.77 | W61: 9065.77 | X61: 9065.77 | Y61: 9065.77 | Z61: 9065.77 | AA61: 9065.77 | AB61: 9065.77 | AC61: 9065.77 | AD61: 9065.77 | AE61: 9065.77 | AF61: 9065.77 | AG61: 9065.77 | AH61: 9065.77 | AI61: 9065.77 | AJ61: 9065.77 | AK61: 9065.77 | AL61: 9065.77 | AM61: 9065.77 | AN61: 9065.77 | AO61: 9065.77 | AP61: 9065.77 | AQ61: 9065.77 | AR61: 9065.77 | AS61: 9065.77 | AT61: 9065.77 | AU61: 0 | AV61: 0 | AW61: 0 | AX61: 0 | AY61: 0 | AZ61: 0 | BA61: 0 | BB61: 0 | BC61: 0 | BD61: 0 | BE61: 0 | BF61: 0 | BG61: 0 | BH61: 0 | BI61: 0 | BJ61: 0 | BK61: 0 | BL61: 0 | BM61: 0 | BN61: 0 | BO61: 0 | BP61: 0 | BQ61: 0 | BR61: 0 | BS61: 0 | BT61: 0 | BU61: 0 | BV61: 0 | BW61: 0 | BX61: 0 | BY61: 0 | BZ61: 0 | CA61: 0 | CB61: 0 | CC61: 0 | CD61: 0 | CE61: 0 | CF61: 0 | CG61: 0 | CH61: 0 | CI61: 0 | CJ61: 0 | CK61: 0 | CL61: 0 | CM61: 0 | CN61: 0 | CO61: 0 | CP61: 0 | CQ61: 0 | CR61: 0 | CS61: 0 | CT61: 0 | CU61: 0 | CV61: 0 | CW61: 0 | CX61: 0 | CY61: 0 | CZ61: 0 | DA61: 0 | DB61: 0 | DC61: 0 | DD61: 0 | DE61: 0 | DF61: 0 | DG61: 0 | DH61: 0 | DI61: 0 | DJ61: 0 | DK61: 0 | DL61: 0 | DM61: 0 | DN61: 0 | DO61: 0 | DP61: 0 | DQ61: 0 | DR61: 0 | DS61: 0 | DT61: 0 | DU61: 0 | DV61: 0 | DW61: 0 | DX61: 0 | DY61: 0 | DZ61: 0 | EA61: 0 | EB61: 0 | EC61: 0 | ED61: 0 | EE61: 0 | EF61: 0 | EG61: 0 | EH61: 0 | EI61: 0 | EJ61: 0 | EK61: 0 | EL61: 0 | EM61: 0 | EN61: 0 | EO61: 0 | EP61: 0 | EQ61: 0 | ER61: 0 | ES61: 0 | ET61: 0 | EU61: 0 | EV61: 0 | EW61: 0 | EX61: 0 | EY61: 0 | EZ61: 0 | FA61: 0 | FB61: 0 | FC61: 0 | FD61: 0 | FE61: 0 | FF61: 0 | FG61: 0 | FH61: 0 | FI61: 0 | FJ61: 0 | FK61: 0 | FL61: 0 | FM61: 0 | FN61: 0 | FO61: 0 | FP61: 0 | FQ61: 0 | FR61: 0 | FS61: 0 | FT61: 0 | FU61: 0 | FV61: 0 | FW61: 0 | FX61: 0 | FY61: 0 | FZ61: 0 | GA61: 0 | GB61: 0 | GC61: 0 | GD61: 0 | GE61: 0 | GF61: 0 | GG61: 0 | GH61: 0 | GI61: 0 | GJ61: 135684
A62: 135675 | B62: =VLOOKUP(A62,'[9]Fluxo por Unidade'!$G:$H,2,0) -> 6393 | C62: Paulo Henrique Rodrigues Souza | D62: 043.878.541-03 | E62: 0.1003 | F62: SWISS PARK ANAPOLIS | G62: Swiss Park Zurich - Anápolis | H62: =VLOOKUP(B62,Elegibilidade!A:I,9,0) -> Elegível | I62: 128 | J62: =SUMIFS(Inadimplência!Q:Q,Inadimplência!A:A,FluxoFuturo!B62) -> 0 | K62: =NPV(0.8%,T62:GI62) -> 241325.34 | L62: =J62+K62 -> 241325.34 | M62: Adimplente | N62: 241325.34 | O62: =NPV((1+12%)^(1/12)-1,T62:FY62) -> 223215.71 | P62: =Vendas!$J$2 -> 886.38148 | Q62: =VLOOKUP(B62,Vendas!A:F,6,0) -> 360 | R62: =P62*Q62 -> 319097.33 | S62: =O62/R62 -> 0.69952232 | T62: 3019.5 | U62: 3019.5 | V62: 3019.5 | W62: 3019.5 | X62: 3019.5 | Y62: 3019.5 | Z62: 3019.5 | AA62: 3019.5 | AB62: 3019.5 | AC62: 3019.5 | AD62: 3019.5 | AE62: 3019.5 | AF62: 3019.5 | AG62: 3019.5 | AH62: 3019.5 | AI62: 3019.5 | AJ62: 3019.5 | AK62: 3019.5 | AL62: 3019.5 | AM62: 3019.5 | AN62: 3019.5 | AO62: 3019.5 | AP62: 3019.5 | AQ62: 3019.5 | AR62: 3019.5 | AS62: 3019.5 | AT62: 3019.5 | AU62: 3019.5 | AV62: 3019.5 | AW62: 3019.5 | AX62: 3019.5 | AY62: 3019.5 | AZ62: 3019.5 | BA62: 3019.5 | BB62: 3019.5 | BC62: 3019.5 | BD62: 3019.5 | BE62: 3019.5 | BF62: 3019.5 | BG62: 3019.5 | BH62: 3019.5 | BI62: 3019.5 | BJ62: 3019.5 | BK62: 3019.5 | BL62: 3019.5 | BM62: 3019.5 | BN62: 3019.5 | BO62: 3019.5 | BP62: 3019.5 | BQ62: 3019.5 | BR62: 3019.5 | BS62: 3019.5 | BT62: 3019.5 | BU62: 3019.5 | BV62: 3019.5 | BW62: 3019.5 | BX62: 3019.5 | BY62: 3019.5 | BZ62: 3019.5 | CA62: 3019.5 | CB62: 3019.5 | CC62: 3019.5 | CD62: 3019.5 | CE62: 3019.5 | CF62: 3019.5 | CG62: 3019.5 | CH62: 3019.5 | CI62: 3019.5 | CJ62: 3019.5 | CK62: 3019.5 | CL62: 3019.5 | CM62: 3019.5 | CN62: 3019.5 | CO62: 3019.5 | CP62: 3019.5 | CQ62: 3019.5 | CR62: 3019.5 | CS62: 3019.5 | CT62: 3019.5 | CU62: 3019.5 | CV62: 3019.5 | CW62: 3019.5 | CX62: 3019.5 | CY62: 3019.5 | CZ62: 3019.5 | DA62: 3019.5 | DB62: 3019.5 | DC62: 3019.5 | DD62: 3019.5 | DE62: 3019.5 | DF62: 3019.5 | DG62: 3019.5 | DH62: 3019.5 | DI62: 3019.5 | DJ62: 3019.5 | DK62: 3019.5 | DL62: 3019.5 | DM62: 3019.5 | DN62: 3019.5 | DO62: 3019.5 | DP62: 3019.5 | DQ62: 3019.5 | DR62: 3019.5 | DS62: 3019.5 | DT62: 3019.5 | DU62: 3019.5 | DV62: 3019.5 | DW62: 3019.5 | DX62: 3019.5 | DY62: 3019.5 | DZ62: 3019.5 | EA62: 3019.5 | EB62: 3019.5 | EC62: 3019.5 | ED62: 3019.5 | EE62: 3019.5 | EF62: 3019.5 | EG62: 3019.5 | EH62: 3019.5 | EI62: 3019.5 | EJ62: 3019.5 | EK62: 3019.5 | EL62: 3019.5 | EM62: 3019.5 | EN62: 3019.5 | EO62: 3019.5 | EP62: 3019.5 | EQ62: 3019.5 | ER62: 0 | ES62: 0 | ET62: 0 | EU62: 0 | EV62: 0 | EW62: 0 | EX62: 0 | EY62: 0 | EZ62: 0 | FA62: 0 | FB62: 0 | FC62: 0 | FD62: 0 | FE62: 0 | FF62: 0 | FG62: 0 | FH62: 0 | FI62: 0 | FJ62: 0 | FK62: 0 | FL62: 0 | FM62: 0 | FN62: 0 | FO62: 0 | FP62: 0 | FQ62: 0 | FR62: 0 | FS62: 0 | FT62: 0 | FU62: 0 | FV62: 0 | FW62: 0 | FX62: 0 | FY62: 0 | FZ62: 0 | GA62: 0 | GB62: 0 | GC62: 0 | GD62: 0 | GE62: 0 | GF62: 0 | GG62: 0 | GH62: 0 | GI62: 0 | GJ62: 135675
A63: 135639 | B63: =VLOOKUP(A63,'[9]Fluxo por Unidade'!$G:$H,2,0) -> 6380 | C63: Gabriel Jose Caixeta | D63: 012.144.191-19 | E63: 0.1003 | F63: SWISS PARK ANAPOLIS | G63: Swiss Park Zurich - Anápolis | H63: =VLOOKUP(B63,Elegibilidade!A:I,9,0) -> Elegível | I63: 78 | J63: =SUMIFS(Inadimplência!Q:Q,Inadimplência!A:A,FluxoFuturo!B63) -> 0 | K63: =NPV(0.8%,T63:GI63) -> 241148.92 | L63: =J63+K63 -> 241148.92 | M63: Adimplente | N63: 241148.92 | O63: =NPV((1+12%)^(1/12)-1,T63:FY63) -> 228967.65 | P63: =Vendas!$J$2 -> 886.38148 | Q63: =VLOOKUP(B63,Vendas!A:F,6,0) -> 360 | R63: =P63*Q63 -> 319097.33 | S63: =O63/R63 -> 0.71754798 | T63: 4167.88 | U63: 4167.88 | V63: 4167.88 | W63: 4167.88 | X63: 4167.88 | Y63: 4167.88 | Z63: 4167.88 | AA63: 4167.88 | AB63: 4167.88 | AC63: 4167.88 | AD63: 4167.88 | AE63: 4167.88 | AF63: 4167.88 | AG63: 4167.88 | AH63: 4167.88 | AI63: 4167.88 | AJ63: 4167.88 | AK63: 4167.88 | AL63: 4167.88 | AM63: 4167.88 | AN63: 4167.88 | AO63: 4167.88 | AP63: 4167.88 | AQ63: 4167.88 | AR63: 4167.88 | AS63: 4167.88 | AT63: 4167.88 | AU63: 4167.88 | AV63: 4167.88 | AW63: 4167.88 | AX63: 4167.88 | AY63: 4167.88 | AZ63: 4167.88 | BA63: 4167.88 | BB63: 4167.88 | BC63: 4167.88 | BD63: 4167.88 | BE63: 4167.88 | BF63: 4167.88 | BG63: 4167.88 | BH63: 4167.88 | BI63: 4167.88 | BJ63: 4167.88 | BK63: 4167.88 | BL63: 4167.88 | BM63: 4167.88 | BN63: 4167.88 | BO63: 4167.88 | BP63: 4167.88 | BQ63: 4167.88 | BR63: 4167.88 | BS63: 4167.88 | BT63: 4167.88 | BU63: 4167.88 | BV63: 4167.88 | BW63: 4167.88 | BX63: 4167.88 | BY63: 4167.88 | BZ63: 4167.88 | CA63: 4167.88 | CB63: 4167.88 | CC63: 4167.88 | CD63: 4167.88 | CE63: 4167.88 | CF63: 4167.88 | CG63: 4167.88 | CH63: 4167.88 | CI63: 4167.88 | CJ63: 4167.88 | CK63: 4167.88 | CL63: 4167.88 | CM63: 4167.88 | CN63: 4167.88 | CO63: 4167.88 | CP63: 4167.88 | CQ63: 4167.88 | CR63: 4167.88 | CS63: 4167.88 | CT63: 0 | CU63: 0 | CV63: 0 | CW63: 0 | CX63: 0 | CY63: 0 | CZ63: 0 | DA63: 0 | DB63: 0 | DC63: 0 | DD63: 0 | DE63: 0 | DF63: 0 | DG63: 0 | DH63: 0 | DI63: 0 | DJ63: 0 | DK63: 0 | DL63: 0 | DM63: 0 | DN63: 0 | DO63: 0 | DP63: 0 | DQ63: 0 | DR63: 0 | DS63: 0 | DT63: 0 | DU63: 0 | DV63: 0 | DW63: 0 | DX63: 0 | DY63: 0 | DZ63: 0 | EA63: 0 | EB63: 0 | EC63: 0 | ED63: 0 | EE63: 0 | EF63: 0 | EG63: 0 | EH63: 0 | EI63: 0 | EJ63: 0 | EK63: 0 | EL63: 0 | EM63: 0 | EN63: 0 | EO63: 0 | EP63: 0 | EQ63: 0 | ER63: 0 | ES63: 0 | ET63: 0 | EU63: 0 | EV63: 0 | EW63: 0 | EX63: 0 | EY63: 0 | EZ63: 0 | FA63: 0 | FB63: 0 | FC63: 0 | FD63: 0 | FE63: 0 | FF63: 0 | FG63: 0 | FH63: 0 | FI63: 0 | FJ63: 0 | FK63: 0 | FL63: 0 | FM63: 0 | FN63: 0 | FO63: 0 | FP63: 0 | FQ63: 0 | FR63: 0 | FS63: 0 | FT63: 0 | FU63: 0 | FV63: 0 | FW63: 0 | FX63: 0 | FY63: 0 | FZ63: 0 | GA63: 0 | GB63: 0 | GC63: 0 | GD63: 0 | GE63: 0 | GF63: 0 | GG63: 0 | GH63: 0 | GI63: 0 | GJ63: 135639
A64: 135619 | B64: =VLOOKUP(A64,'[9]Fluxo por Unidade'!$G:$H,2,0) -> 6382 | C64: Andreyve Vieira Melo | D64: 019.961.151-38 | E64: 0.1003 | F64: SWISS PARK ANAPOLIS | G64: Swiss Park Zurich - Anápolis | H64: =VLOOKUP(B64,Elegibilidade!A:I,9,0) -> Elegível | I64: 78 | J64: =SUMIFS(Inadimplência!Q:Q,Inadimplência!A:A,FluxoFuturo!B64) -> 0 | K64: =NPV(0.8%,T64:GI64) -> 241148.92 | L64: =J64+K64 -> 241148.92 | M64: Adimplente | N64: 241148.92 | O64: =NPV((1+12%)^(1/12)-1,T64:FY64) -> 228967.65 | P64: =Vendas!$J$2 -> 886.38148 | Q64: =VLOOKUP(B64,Vendas!A:F,6,0) -> 360 | R64: =P64*Q64 -> 319097.33 | S64: =O64/R64 -> 0.71754798 | T64: 4167.88 | U64: 4167.88 | V64: 4167.88 | W64: 4167.88 | X64: 4167.88 | Y64: 4167.88 | Z64: 4167.88 | AA64: 4167.88 | AB64: 4167.88 | AC64: 4167.88 | AD64: 4167.88 | AE64: 4167.88 | AF64: 4167.88 | AG64: 4167.88 | AH64: 4167.88 | AI64: 4167.88 | AJ64: 4167.88 | AK64: 4167.88 | AL64: 4167.88 | AM64: 4167.88 | AN64: 4167.88 | AO64: 4167.88 | AP64: 4167.88 | AQ64: 4167.88 | AR64: 4167.88 | AS64: 4167.88 | AT64: 4167.88 | AU64: 4167.88 | AV64: 4167.88 | AW64: 4167.88 | AX64: 4167.88 | AY64: 4167.88 | AZ64: 4167.88 | BA64: 4167.88 | BB64: 4167.88 | BC64: 4167.88 | BD64: 4167.88 | BE64: 4167.88 | BF64: 4167.88 | BG64: 4167.88 | BH64: 4167.88 | BI64: 4167.88 | BJ64: 4167.88 | BK64: 4167.88 | BL64: 4167.88 | BM64: 4167.88 | BN64: 4167.88 | BO64: 4167.88 | BP64: 4167.88 | BQ64: 4167.88 | BR64: 4167.88 | BS64: 4167.88 | BT64: 4167.88 | BU64: 4167.88 | BV64: 4167.88 | BW64: 4167.88 | BX64: 4167.88 | BY64: 4167.88 | BZ64: 4167.88 | CA64: 4167.88 | CB64: 4167.88 | CC64: 4167.88 | CD64: 4167.88 | CE64: 4167.88 | CF64: 4167.88 | CG64: 4167.88 | CH64: 4167.88 | CI64: 4167.88 | CJ64: 4167.88 | CK64: 4167.88 | CL64: 4167.88 | CM64: 4167.88 | CN64: 4167.88 | CO64: 4167.88 | CP64: 4167.88 | CQ64: 4167.88 | CR64: 4167.88 | CS64: 4167.88 | CT64: 0 | CU64: 0 | CV64: 0 | CW64: 0 | CX64: 0 | CY64: 0 | CZ64: 0 | DA64: 0 | DB64: 0 | DC64: 0 | DD64: 0 | DE64: 0 | DF64: 0 | DG64: 0 | DH64: 0 | DI64: 0 | DJ64: 0 | DK64: 0 | DL64: 0 | DM64: 0 | DN64: 0 | DO64: 0 | DP64: 0 | DQ64: 0 | DR64: 0 | DS64: 0 | DT64: 0 | DU64: 0 | DV64: 0 | DW64: 0 | DX64: 0 | DY64: 0 | DZ64: 0 | EA64: 0 | EB64: 0 | EC64: 0 | ED64: 0 | EE64: 0 | EF64: 0 | EG64: 0 | EH64: 0 | EI64: 0 | EJ64: 0 | EK64: 0 | EL64: 0 | EM64: 0 | EN64: 0 | EO64: 0 | EP64: 0 | EQ64: 0 | ER64: 0 | ES64: 0 | ET64: 0 | EU64: 0 | EV64: 0 | EW64: 0 | EX64: 0 | EY64: 0 | EZ64: 0 | FA64: 0 | FB64: 0 | FC64: 0 | FD64: 0 | FE64: 0 | FF64: 0 | FG64: 0 | FH64: 0 | FI64: 0 | FJ64: 0 | FK64: 0 | FL64: 0 | FM64: 0 | FN64: 0 | FO64: 0 | FP64: 0 | FQ64: 0 | FR64: 0 | FS64: 0 | FT64: 0 | FU64: 0 | FV64: 0 | FW64: 0 | FX64: 0 | FY64: 0 | FZ64: 0 | GA64: 0 | GB64: 0 | GC64: 0 | GD64: 0 | GE64: 0 | GF64: 0 | GG64: 0 | GH64: 0 | GI64: 0 | GJ64: 135619
A65: 135664 | B65: =VLOOKUP(A65,'[9]Fluxo por Unidade'!$G:$H,2,0) -> 6435 | C65: Marcelo Zanini De Oliveira E Silva | D65: 713.733.651-53 | E65: 0 | F65: SWISS PARK ANAPOLIS | G65: Swiss Park Zurich - Anápolis | H65: =VLOOKUP(B65,Elegibilidade!A:I,9,0) -> Elegível | I65: 27 | J65: =SUMIFS(Inadimplência!Q:Q,Inadimplência!A:A,FluxoFuturo!B65) -> 0 | K65: =SUM(T65:GI65) -> 240607.3 | L65: =J65+K65 -> 240607.3 | M65: Adimplente | N65: 240607.3 | O65: =NPV((1+12%)^(1/12)-1,T65:FY65) -> 211379.12 | P65: =Vendas!$J$2 -> 886.38148 | Q65: =VLOOKUP(B65,Vendas!A:F,6,0) -> 365.94 | R65: =P65*Q65 -> 324362.44 | S65: =O65/R65 -> 0.6516757 | T65: 8911.38 | U65: 8911.38 | V65: 8911.38 | W65: 8911.38 | X65: 8911.38 | Y65: 8911.38 | Z65: 8911.38 | AA65: 8911.38 | AB65: 8911.38 | AC65: 8911.38 | AD65: 8911.38 | AE65: 8911.38 | AF65: 8911.38 | AG65: 8911.38 | AH65: 8911.38 | AI65: 8911.38 | AJ65: 8911.38 | AK65: 8911.38 | AL65: 8911.38 | AM65: 8911.38 | AN65: 8911.38 | AO65: 8911.38 | AP65: 8911.38 | AQ65: 8911.38 | AR65: 8911.38 | AS65: 8911.38 | AT65: 8911.42 | AU65: 0 | AV65: 0 | AW65: 0 | AX65: 0 | AY65: 0 | AZ65: 0 | BA65: 0 | BB65: 0 | BC65: 0 | BD65: 0 | BE65: 0 | BF65: 0 | BG65: 0 | BH65: 0 | BI65: 0 | BJ65: 0 | BK65: 0 | BL65: 0 | BM65: 0 | BN65: 0 | BO65: 0 | BP65: 0 | BQ65: 0 | BR65: 0 | BS65: 0 | BT65: 0 | BU65: 0 | BV65: 0 | BW65: 0 | BX65: 0 | BY65: 0 | BZ65: 0 | CA65: 0 | CB65: 0 | CC65: 0 | CD65: 0 | CE65: 0 | CF65: 0 | CG65: 0 | CH65: 0 | CI65: 0 | CJ65: 0 | CK65: 0 | CL65: 0 | CM65: 0 | CN65: 0 | CO65: 0 | CP65: 0 | CQ65: 0 | CR65: 0 | CS65: 0 | CT65: 0 | CU65: 0 | CV65: 0 | CW65: 0 | CX65: 0 | CY65: 0 | CZ65: 0 | DA65: 0 | DB65: 0 | DC65: 0 | DD65: 0 | DE65: 0 | DF65: 0 | DG65: 0 | DH65: 0 | DI65: 0 | DJ65: 0 | DK65: 0 | DL65: 0 | DM65: 0 | DN65: 0 | DO65: 0 | DP65: 0 | DQ65: 0 | DR65: 0 | DS65: 0 | DT65: 0 | DU65: 0 | DV65: 0 | DW65: 0 | DX65: 0 | DY65: 0 | DZ65: 0 | EA65: 0 | EB65: 0 | EC65: 0 | ED65: 0 | EE65: 0 | EF65: 0 | EG65: 0 | EH65: 0 | EI65: 0 | EJ65: 0 | EK65: 0 | EL65: 0 | EM65: 0 | EN65: 0 | EO65: 0 | EP65: 0 | EQ65: 0 | ER65: 0 | ES65: 0 | ET65: 0 | EU65: 0 | EV65: 0 | EW65: 0 | EX65: 0 | EY65: 0 | EZ65: 0 | FA65: 0 | FB65: 0 | FC65: 0 | FD65: 0 | FE65: 0 | FF65: 0 | FG65: 0 | FH65: 0 | FI65: 0 | FJ65: 0 | FK65: 0 | FL65: 0 | FM65: 0 | FN65: 0 | FO65: 0 | FP65: 0 | FQ65: 0 | FR65: 0 | FS65: 0 | FT65: 0 | FU65: 0 | FV65: 0 | FW65: 0 | FX65: 0 | FY65: 0 | FZ65: 0 | GA65: 0 | GB65: 0 | GC65: 0 | GD65: 0 | GE65: 0 | GF65: 0 | GG65: 0 | GH65: 0 | GI65: 0 | GJ65: 135664
A66: 135676 | B66: =VLOOKUP(A66,'[9]Fluxo por Unidade'!$G:$H,2,0) -> 6425 | C66: Paulo Henrique Santana Ferreira | D66: 028.562.961-14 | E66: 0 | F66: SWISS PARK ANAPOLIS | G66: Swiss Park Zurich - Anápolis | H66: =VLOOKUP(B66,Elegibilidade!A:I,9,0) -> Elegível | I66: 25 | J66: =SUMIFS(Inadimplência!Q:Q,Inadimplência!A:A,FluxoFuturo!B66) -> 0 | K66: =SUM(T66:GI66) -> 220352.86 | L66: =J66+K66 -> 220352.86 | M66: Adimplente | N66: 220352.86 | O66: =NPV((1+12%)^(1/12)-1,T66:FY66) -> 195346.59 | P66: =Vendas!$J$2 -> 886.38148 | Q66: =VLOOKUP(B66,Vendas!A:F,6,0) -> 360 | R66: =P66*Q66 -> 319097.33 | S66: =O66/R66 -> 0.61218497 | T66: 8814.12 | U66: 8814.12 | V66: 8814.12 | W66: 8814.12 | X66: 8814.12 | Y66: 8814.12 | Z66: 8814.12 | AA66: 8814.12 | AB66: 8814.12 | AC66: 8814.12 | AD66: 8814.12 | AE66: 8814.12 | AF66: 8814.12 | AG66: 8814.12 | AH66: 8814.12 | AI66: 8814.12 | AJ66: 8814.12 | AK66: 8814.12 | AL66: 8814.12 | AM66: 8814.12 | AN66: 8814.12 | AO66: 8814.12 | AP66: 8814.12 | AQ66: 8814.12 | AR66: 8813.98 | AS66: 0 | AT66: 0 | AU66: 0 | AV66: 0 | AW66: 0 | AX66: 0 | AY66: 0 | AZ66: 0 | BA66: 0 | BB66: 0 | BC66: 0 | BD66: 0 | BE66: 0 | BF66: 0 | BG66: 0 | BH66: 0 | BI66: 0 | BJ66: 0 | BK66: 0 | BL66: 0 | BM66: 0 | BN66: 0 | BO66: 0 | BP66: 0 | BQ66: 0 | BR66: 0 | BS66: 0 | BT66: 0 | BU66: 0 | BV66: 0 | BW66: 0 | BX66: 0 | BY66: 0 | BZ66: 0 | CA66: 0 | CB66: 0 | CC66: 0 | CD66: 0 | CE66: 0 | CF66: 0 | CG66: 0 | CH66: 0 | CI66: 0 | CJ66: 0 | CK66: 0 | CL66: 0 | CM66: 0 | CN66: 0 | CO66: 0 | CP66: 0 | CQ66: 0 | CR66: 0 | CS66: 0 | CT66: 0 | CU66: 0 | CV66: 0 | CW66: 0 | CX66: 0 | CY66: 0 | CZ66: 0 | DA66: 0 | DB66: 0 | DC66: 0 | DD66: 0 | DE66: 0 | DF66: 0 | DG66: 0 | DH66: 0 | DI66: 0 | DJ66: 0 | DK66: 0 | DL66: 0 | DM66: 0 | DN66: 0 | DO66: 0 | DP66: 0 | DQ66: 0 | DR66: 0 | DS66: 0 | DT66: 0 | DU66: 0 | DV66: 0 | DW66: 0 | DX66: 0 | DY66: 0 | DZ66: 0 | EA66: 0 | EB66: 0 | EC66: 0 | ED66: 0 | EE66: 0 | EF66: 0 | EG66: 0 | EH66: 0 | EI66: 0 | EJ66: 0 | EK66: 0 | EL66: 0 | EM66: 0 | EN66: 0 | EO66: 0 | EP66: 0 | EQ66: 0 | ER66: 0 | ES66: 0 | ET66: 0 | EU66: 0 | EV66: 0 | EW66: 0 | EX66: 0 | EY66: 0 | EZ66: 0 | FA66: 0 | FB66: 0 | FC66: 0 | FD66: 0 | FE66: 0 | FF66: 0 | FG66: 0 | FH66: 0 | FI66: 0 | FJ66: 0 | FK66: 0 | FL66: 0 | FM66: 0 | FN66: 0 | FO66: 0 | FP66: 0 | FQ66: 0 | FR66: 0 | FS66: 0 | FT66: 0 | FU66: 0 | FV66: 0 | FW66: 0 | FX66: 0 | FY66: 0 | FZ66: 0 | GA66: 0 | GB66: 0 | GC66: 0 | GD66: 0 | GE66: 0 | GF66: 0 | GG66: 0 | GH66: 0 | GI66: 0 | GJ66: 135676
A67: 135668 | B67: =VLOOKUP(A67,'[9]Fluxo por Unidade'!$G:$H,2,0) -> 6378 | C67: Naara Sabrine Vaz De Almeida | D67: 046.415.541-02 | E67: 0 | F67: SWISS PARK ANAPOLIS | G67: Swiss Park Zurich - Anápolis | H67: =VLOOKUP(B67,Elegibilidade!A:I,9,0) -> Elegível | I67: 24 | J67: =SUMIFS(Inadimplência!Q:Q,Inadimplência!A:A,FluxoFuturo!B67) -> 0 | K67: =SUM(T67:GI67) -> 213294.34 | L67: =J67+K67 -> 213294.34 | M67: Adimplente | N67: 213294.34 | O67: =NPV((1+12%)^(1/12)-1,T67:FY67) -> 189949.52 | P67: =Vendas!$J$2 -> 886.38148 | Q67: =VLOOKUP(B67,Vendas!A:F,6,0) -> 360 | R67: =P67*Q67 -> 319097.33 | S67: =O67/R67 -> 0.59527143 | T67: 8887.27 | U67: 8887.27 | V67: 8887.27 | W67: 8887.27 | X67: 8887.27 | Y67: 8887.27 | Z67: 8887.27 | AA67: 8887.27 | AB67: 8887.27 | AC67: 8887.27 | AD67: 8887.27 | AE67: 8887.27 | AF67: 8887.27 | AG67: 8887.27 | AH67: 8887.27 | AI67: 8887.27 | AJ67: 8887.27 | AK67: 8887.27 | AL67: 8887.27 | AM67: 8887.27 | AN67: 8887.27 | AO67: 8887.27 | AP67: 8887.27 | AQ67: 8887.13 | AR67: 0 | AS67: 0 | AT67: 0 | AU67: 0 | AV67: 0 | AW67: 0 | AX67: 0 | AY67: 0 | AZ67: 0 | BA67: 0 | BB67: 0 | BC67: 0 | BD67: 0 | BE67: 0 | BF67: 0 | BG67: 0 | BH67: 0 | BI67: 0 | BJ67: 0 | BK67: 0 | BL67: 0 | BM67: 0 | BN67: 0 | BO67: 0 | BP67: 0 | BQ67: 0 | BR67: 0 | BS67: 0 | BT67: 0 | BU67: 0 | BV67: 0 | BW67: 0 | BX67: 0 | BY67: 0 | BZ67: 0 | CA67: 0 | CB67: 0 | CC67: 0 | CD67: 0 | CE67: 0 | CF67: 0 | CG67: 0 | CH67: 0 | CI67: 0 | CJ67: 0 | CK67: 0 | CL67: 0 | CM67: 0 | CN67: 0 | CO67: 0 | CP67: 0 | CQ67: 0 | CR67: 0 | CS67: 0 | CT67: 0 | CU67: 0 | CV67: 0 | CW67: 0 | CX67: 0 | CY67: 0 | CZ67: 0 | DA67: 0 | DB67: 0 | DC67: 0 | DD67: 0 | DE67: 0 | DF67: 0 | DG67: 0 | DH67: 0 | DI67: 0 | DJ67: 0 | DK67: 0 | DL67: 0 | DM67: 0 | DN67: 0 | DO67: 0 | DP67: 0 | DQ67: 0 | DR67: 0 | DS67: 0 | DT67: 0 | DU67: 0 | DV67: 0 | DW67: 0 | DX67: 0 | DY67: 0 | DZ67: 0 | EA67: 0 | EB67: 0 | EC67: 0 | ED67: 0 | EE67: 0 | EF67: 0 | EG67: 0 | EH67: 0 | EI67: 0 | EJ67: 0 | EK67: 0 | EL67: 0 | EM67: 0 | EN67: 0 | EO67: 0 | EP67: 0 | EQ67: 0 | ER67: 0 | ES67: 0 | ET67: 0 | EU67: 0 | EV67: 0 | EW67: 0 | EX67: 0 | EY67: 0 | EZ67: 0 | FA67: 0 | FB67: 0 | FC67: 0 | FD67: 0 | FE67: 0 | FF67: 0 | FG67: 0 | FH67: 0 | FI67: 0 | FJ67: 0 | FK67: 0 | FL67: 0 | FM67: 0 | FN67: 0 | FO67: 0 | FP67: 0 | FQ67: 0 | FR67: 0 | FS67: 0 | FT67: 0 | FU67: 0 | FV67: 0 | FW67: 0 | FX67: 0 | FY67: 0 | FZ67: 0 | GA67: 0 | GB67: 0 | GC67: 0 | GD67: 0 | GE67: 0 | GF67: 0 | GG67: 0 | GH67: 0 | GI67: 0 | GJ67: 135668
A68: 135658 | B68: =VLOOKUP(A68,'[9]Fluxo por Unidade'!$G:$H,2,0) -> 6412 | C68: Lilia Maia Da Silva Campos | D68: 917.572.581-91 | E68: 0 | F68: SWISS PARK ANAPOLIS | G68: Swiss Park Zurich - Anápolis | H68: =VLOOKUP(B68,Elegibilidade!A:I,9,0) -> Elegível | I68: 24 | J68: =SUMIFS(Inadimplência!Q:Q,Inadimplência!A:A,FluxoFuturo!B68) -> 0 | K68: =SUM(T68:GI68) -> 213294.34 | L68: =J68+K68 -> 213294.34 | M68: Adimplente | N68: 213294.34 | O68: =NPV((1+12%)^(1/12)-1,T68:FY68) -> 189949.52 | P68: =Vendas!$J$2 -> 886.38148 | Q68: =VLOOKUP(B68,Vendas!A:F,6,0) -> 360 | R68: =P68*Q68 -> 319097.33 | S68: =O68/R68 -> 0.59527143 | T68: 8887.27 | U68: 8887.27 | V68: 8887.27 | W68: 8887.27 | X68: 8887.27 | Y68: 8887.27 | Z68: 8887.27 | AA68: 8887.27 | AB68: 8887.27 | AC68: 8887.27 | AD68: 8887.27 | AE68: 8887.27 | AF68: 8887.27 | AG68: 8887.27 | AH68: 8887.27 | AI68: 8887.27 | AJ68: 8887.27 | AK68: 8887.27 | AL68: 8887.27 | AM68: 8887.27 | AN68: 8887.27 | AO68: 8887.27 | AP68: 8887.27 | AQ68: 8887.13 | AR68: 0 | AS68: 0 | AT68: 0 | AU68: 0 | AV68: 0 | AW68: 0 | AX68: 0 | AY68: 0 | AZ68: 0 | BA68: 0 | BB68: 0 | BC68: 0 | BD68: 0 | BE68: 0 | BF68: 0 | BG68: 0 | BH68: 0 | BI68: 0 | BJ68: 0 | BK68: 0 | BL68: 0 | BM68: 0 | BN68: 0 | BO68: 0 | BP68: 0 | BQ68: 0 | BR68: 0 | BS68: 0 | BT68: 0 | BU68: 0 | BV68: 0 | BW68: 0 | BX68: 0 | BY68: 0 | BZ68: 0 | CA68: 0 | CB68: 0 | CC68: 0 | CD68: 0 | CE68: 0 | CF68: 0 | CG68: 0 | CH68: 0 | CI68: 0 | CJ68: 0 | CK68: 0 | CL68: 0 | CM68: 0 | CN68: 0 | CO68: 0 | CP68: 0 | CQ68: 0 | CR68: 0 | CS68: 0 | CT68: 0 | CU68: 0 | CV68: 0 | CW68: 0 | CX68: 0 | CY68: 0 | CZ68: 0 | DA68: 0 | DB68: 0 | DC68: 0 | DD68: 0 | DE68: 0 | DF68: 0 | DG68: 0 | DH68: 0 | DI68: 0 | DJ68: 0 | DK68: 0 | DL68: 0 | DM68: 0 | DN68: 0 | DO68: 0 | DP68: 0 | DQ68: 0 | DR68: 0 | DS68: 0 | DT68: 0 | DU68: 0 | DV68: 0 | DW68: 0 | DX68: 0 | DY68: 0 | DZ68: 0 | EA68: 0 | EB68: 0 | EC68: 0 | ED68: 0 | EE68: 0 | EF68: 0 | EG68: 0 | EH68: 0 | EI68: 0 | EJ68: 0 | EK68: 0 | EL68: 0 | EM68: 0 | EN68: 0 | EO68: 0 | EP68: 0 | EQ68: 0 | ER68: 0 | ES68: 0 | ET68: 0 | EU68: 0 | EV68: 0 | EW68: 0 | EX68: 0 | EY68: 0 | EZ68: 0 | FA68: 0 | FB68: 0 | FC68: 0 | FD68: 0 | FE68: 0 | FF68: 0 | FG68: 0 | FH68: 0 | FI68: 0 | FJ68: 0 | FK68: 0 | FL68: 0 | FM68: 0 | FN68: 0 | FO68: 0 | FP68: 0 | FQ68: 0 | FR68: 0 | FS68: 0 | FT68: 0 | FU68: 0 | FV68: 0 | FW68: 0 | FX68: 0 | FY68: 0 | FZ68: 0 | GA68: 0 | GB68: 0 | GC68: 0 | GD68: 0 | GE68: 0 | GF68: 0 | GG68: 0 | GH68: 0 | GI68: 0 | GJ68: 135658
A69: 135666 | B69: =VLOOKUP(A69,'[9]Fluxo por Unidade'!$G:$H,2,0) -> 6376 | C69: Maria Iraci De Aguiar Palhano | D69: 165.599.401-87 | E69: 0 | F69: SWISS PARK ANAPOLIS | G69: Swiss Park Zurich - Anápolis | H69: =VLOOKUP(B69,Elegibilidade!A:I,9,0) -> Elegível | I69: 24 | J69: =SUMIFS(Inadimplência!Q:Q,Inadimplência!A:A,FluxoFuturo!B69) -> 0 | K69: =SUM(T69:GI69) -> 212115.96 | L69: =J69+K69 -> 212115.96 | M69: Adimplente | N69: 212115.96 | O69: =NPV((1+12%)^(1/12)-1,T69:FY69) -> 188900.12 | P69: =Vendas!$J$2 -> 886.38148 | Q69: =VLOOKUP(B69,Vendas!A:F,6,0) -> 400.13 | R69: =P69*Q69 -> 354667.82 | S69: =O69/R69 -> 0.53261137 | T69: 8838.17 | U69: 8838.17 | V69: 8838.17 | W69: 8838.17 | X69: 8838.17 | Y69: 8838.17 | Z69: 8838.17 | AA69: 8838.17 | AB69: 8838.17 | AC69: 8838.17 | AD69: 8838.17 | AE69: 8838.17 | AF69: 8838.17 | AG69: 8838.17 | AH69: 8838.17 | AI69: 8838.17 | AJ69: 8838.17 | AK69: 8838.17 | AL69: 8838.17 | AM69: 8838.17 | AN69: 8838.17 | AO69: 8838.17 | AP69: 8838.17 | AQ69: 8838.05 | AR69: 0 | AS69: 0 | AT69: 0 | AU69: 0 | AV69: 0 | AW69: 0 | AX69: 0 | AY69: 0 | AZ69: 0 | BA69: 0 | BB69: 0 | BC69: 0 | BD69: 0 | BE69: 0 | BF69: 0 | BG69: 0 | BH69: 0 | BI69: 0 | BJ69: 0 | BK69: 0 | BL69: 0 | BM69: 0 | BN69: 0 | BO69: 0 | BP69: 0 | BQ69: 0 | BR69: 0 | BS69: 0 | BT69: 0 | BU69: 0 | BV69: 0 | BW69: 0 | BX69: 0 | BY69: 0 | BZ69: 0 | CA69: 0 | CB69: 0 | CC69: 0 | CD69: 0 | CE69: 0 | CF69: 0 | CG69: 0 | CH69: 0 | CI69: 0 | CJ69: 0 | CK69: 0 | CL69: 0 | CM69: 0 | CN69: 0 | CO69: 0 | CP69: 0 | CQ69: 0 | CR69: 0 | CS69: 0 | CT69: 0 | CU69: 0 | CV69: 0 | CW69: 0 | CX69: 0 | CY69: 0 | CZ69: 0 | DA69: 0 | DB69: 0 | DC69: 0 | DD69: 0 | DE69: 0 | DF69: 0 | DG69: 0 | DH69: 0 | DI69: 0 | DJ69: 0 | DK69: 0 | DL69: 0 | DM69: 0 | DN69: 0 | DO69: 0 | DP69: 0 | DQ69: 0 | DR69: 0 | DS69: 0 | DT69: 0 | DU69: 0 | DV69: 0 | DW69: 0 | DX69: 0 | DY69: 0 | DZ69: 0 | EA69: 0 | EB69: 0 | EC69: 0 | ED69: 0 | EE69: 0 | EF69: 0 | EG69: 0 | EH69: 0 | EI69: 0 | EJ69: 0 | EK69: 0 | EL69: 0 | EM69: 0 | EN69: 0 | EO69: 0 | EP69: 0 | EQ69: 0 | ER69: 0 | ES69: 0 | ET69: 0 | EU69: 0 | EV69: 0 | EW69: 0 | EX69: 0 | EY69: 0 | EZ69: 0 | FA69: 0 | FB69: 0 | FC69: 0 | FD69: 0 | FE69: 0 | FF69: 0 | FG69: 0 | FH69: 0 | FI69: 0 | FJ69: 0 | FK69: 0 | FL69: 0 | FM69: 0 | FN69: 0 | FO69: 0 | FP69: 0 | FQ69: 0 | FR69: 0 | FS69: 0 | FT69: 0 | FU69: 0 | FV69: 0 | FW69: 0 | FX69: 0 | FY69: 0 | FZ69: 0 | GA69: 0 | GB69: 0 | GC69: 0 | GD69: 0 | GE69: 0 | GF69: 0 | GG69: 0 | GH69: 0 | GI69: 0 | GJ69: 135666
A70: 135627 | B70: =VLOOKUP(A70,'[9]Fluxo por Unidade'!$G:$H,2,0) -> 6430 | C70: Danilo Lourenço Abrão De Alencar | D70: 702.141.861-21 | E70: 0 | F70: SWISS PARK ANAPOLIS | G70: Swiss Park Zurich - Anápolis | H70: =VLOOKUP(B70,Elegibilidade!A:I,9,0) -> Elegível | I70: 27 | J70: =SUMIFS(Inadimplência!Q:Q,Inadimplência!A:A,FluxoFuturo!B70) -> 0 | K70: =SUM(T70:GI70) -> 199731.74 | L70: =J70+K70 -> 199731.74 | M70: Adimplente | N70: 199731.74 | O70: =NPV((1+12%)^(1/12)-1,T70:FY70) -> 174608.02 | P70: =Vendas!$J$2 -> 886.38148 | Q70: =VLOOKUP(B70,Vendas!A:F,6,0) -> 360 | R70: =P70*Q70 -> 319097.33 | S70: =O70/R70 -> 0.54719359 | T70: 0 | U70: 7681.99 | V70: 7681.99 | W70: 7681.99 | X70: 7681.99 | Y70: 7681.99 | Z70: 7681.99 | AA70: 7681.99 | AB70: 7681.99 | AC70: 7681.99 | AD70: 7681.99 | AE70: 7681.99 | AF70: 7681.99 | AG70: 7681.99 | AH70: 7681.99 | AI70: 7681.99 | AJ70: 7681.99 | AK70: 7681.99 | AL70: 7681.99 | AM70: 7681.99 | AN70: 7681.99 | AO70: 7681.99 | AP70: 7681.99 | AQ70: 7681.99 | AR70: 7681.99 | AS70: 7681.99 | AT70: 7681.99 | AU70: 0 | AV70: 0 | AW70: 0 | AX70: 0 | AY70: 0 | AZ70: 0 | BA70: 0 | BB70: 0 | BC70: 0 | BD70: 0 | BE70: 0 | BF70: 0 | BG70: 0 | BH70: 0 | BI70: 0 | BJ70: 0 | BK70: 0 | BL70: 0 | BM70: 0 | BN70: 0 | BO70: 0 | BP70: 0 | BQ70: 0 | BR70: 0 | BS70: 0 | BT70: 0 | BU70: 0 | BV70: 0 | BW70: 0 | BX70: 0 | BY70: 0 | BZ70: 0 | CA70: 0 | CB70: 0 | CC70: 0 | CD70: 0 | CE70: 0 | CF70: 0 | CG70: 0 | CH70: 0 | CI70: 0 | CJ70: 0 | CK70: 0 | CL70: 0 | CM70: 0 | CN70: 0 | CO70: 0 | CP70: 0 | CQ70: 0 | CR70: 0 | CS70: 0 | CT70: 0 | CU70: 0 | CV70: 0 | CW70: 0 | CX70: 0 | CY70: 0 | CZ70: 0 | DA70: 0 | DB70: 0 | DC70: 0 | DD70: 0 | DE70: 0 | DF70: 0 | DG70: 0 | DH70: 0 | DI70: 0 | DJ70: 0 | DK70: 0 | DL70: 0 | DM70: 0 | DN70: 0 | DO70: 0 | DP70: 0 | DQ70: 0 | DR70: 0 | DS70: 0 | DT70: 0 | DU70: 0 | DV70: 0 | DW70: 0 | DX70: 0 | DY70: 0 | DZ70: 0 | EA70: 0 | EB70: 0 | EC70: 0 | ED70: 0 | EE70: 0 | EF70: 0 | EG70: 0 | EH70: 0 | EI70: 0 | EJ70: 0 | EK70: 0 | EL70: 0 | EM70: 0 | EN70: 0 | EO70: 0 | EP70: 0 | EQ70: 0 | ER70: 0 | ES70: 0 | ET70: 0 | EU70: 0 | EV70: 0 | EW70: 0 | EX70: 0 | EY70: 0 | EZ70: 0 | FA70: 0 | FB70: 0 | FC70: 0 | FD70: 0 | FE70: 0 | FF70: 0 | FG70: 0 | FH70: 0 | FI70: 0 | FJ70: 0 | FK70: 0 | FL70: 0 | FM70: 0 | FN70: 0 | FO70: 0 | FP70: 0 | FQ70: 0 | FR70: 0 | FS70: 0 | FT70: 0 | FU70: 0 | FV70: 0 | FW70: 0 | FX70: 0 | FY70: 0 | FZ70: 0 | GA70: 0 | GB70: 0 | GC70: 0 | GD70: 0 | GE70: 0 | GF70: 0 | GG70: 0 | GH70: 0 | GI70: 0 | GJ70: 135627
A71: 135618 | B71: =VLOOKUP(A71,'[9]Fluxo por Unidade'!$G:$H,2,0) -> 6388 | C71: Anderson Goncalves Moreira | D71: 731.599.561-72 | E71: 0 | F71: SWISS PARK ANAPOLIS | G71: Swiss Park Zurich - Anápolis | H71: =VLOOKUP(B71,Elegibilidade!A:I,9,0) -> Elegível | I71: 24 | J71: =SUMIFS(Inadimplência!Q:Q,Inadimplência!A:A,FluxoFuturo!B71) -> 8137.32 | K71: =SUM(T71:GI71) -> 190842.48 | L71: =J71+K71 -> 198979.8 | M71: Menor que 30 Dias | N71: 198979.8 | O71: =NPV((1+12%)^(1/12)-1,T71:FY71) -> 169954.98 | P71: =Vendas!$J$2 -> 886.38148 | Q71: =VLOOKUP(B71,Vendas!A:F,6,0) -> 360 | R71: =P71*Q71 -> 319097.33 | S71: =O71/R71 -> 0.53261173 | T71: 7951.77 | U71: 7951.77 | V71: 7951.77 | W71: 7951.77 | X71: 7951.77 | Y71: 7951.77 | Z71: 7951.77 | AA71: 7951.77 | AB71: 7951.77 | AC71: 7951.77 | AD71: 7951.77 | AE71: 7951.77 | AF71: 7951.77 | AG71: 7951.77 | AH71: 7951.77 | AI71: 7951.77 | AJ71: 7951.77 | AK71: 7951.77 | AL71: 7951.77 | AM71: 7951.77 | AN71: 7951.77 | AO71: 7951.77 | AP71: 7951.77 | AQ71: 7951.77 | AR71: 0 | AS71: 0 | AT71: 0 | AU71: 0 | AV71: 0 | AW71: 0 | AX71: 0 | AY71: 0 | AZ71: 0 | BA71: 0 | BB71: 0 | BC71: 0 | BD71: 0 | BE71: 0 | BF71: 0 | BG71: 0 | BH71: 0 | BI71: 0 | BJ71: 0 | BK71: 0 | BL71: 0 | BM71: 0 | BN71: 0 | BO71: 0 | BP71: 0 | BQ71: 0 | BR71: 0 | BS71: 0 | BT71: 0 | BU71: 0 | BV71: 0 | BW71: 0 | BX71: 0 | BY71: 0 | BZ71: 0 | CA71: 0 | CB71: 0 | CC71: 0 | CD71: 0 | CE71: 0 | CF71: 0 | CG71: 0 | CH71: 0 | CI71: 0 | CJ71: 0 | CK71: 0 | CL71: 0 | CM71: 0 | CN71: 0 | CO71: 0 | CP71: 0 | CQ71: 0 | CR71: 0 | CS71: 0 | CT71: 0 | CU71: 0 | CV71: 0 | CW71: 0 | CX71: 0 | CY71: 0 | CZ71: 0 | DA71: 0 | DB71: 0 | DC71: 0 | DD71: 0 | DE71: 0 | DF71: 0 | DG71: 0 | DH71: 0 | DI71: 0 | DJ71: 0 | DK71: 0 | DL71: 0 | DM71: 0 | DN71: 0 | DO71: 0 | DP71: 0 | DQ71: 0 | DR71: 0 | DS71: 0 | DT71: 0 | DU71: 0 | DV71: 0 | DW71: 0 | DX71: 0 | DY71: 0 | DZ71: 0 | EA71: 0 | EB71: 0 | EC71: 0 | ED71: 0 | EE71: 0 | EF71: 0 | EG71: 0 | EH71: 0 | EI71: 0 | EJ71: 0 | EK71: 0 | EL71: 0 | EM71: 0 | EN71: 0 | EO71: 0 | EP71: 0 | EQ71: 0 | ER71: 0 | ES71: 0 | ET71: 0 | EU71: 0 | EV71: 0 | EW71: 0 | EX71: 0 | EY71: 0 | EZ71: 0 | FA71: 0 | FB71: 0 | FC71: 0 | FD71: 0 | FE71: 0 | FF71: 0 | FG71: 0 | FH71: 0 | FI71: 0 | FJ71: 0 | FK71: 0 | FL71: 0 | FM71: 0 | FN71: 0 | FO71: 0 | FP71: 0 | FQ71: 0 | FR71: 0 | FS71: 0 | FT71: 0 | FU71: 0 | FV71: 0 | FW71: 0 | FX71: 0 | FY71: 0 | FZ71: 0 | GA71: 0 | GB71: 0 | GC71: 0 | GD71: 0 | GE71: 0 | GF71: 0 | GG71: 0 | GH71: 0 | GI71: 0 | GJ71: 135618
A72: 135623 | B72: =VLOOKUP(A72,'[9]Fluxo por Unidade'!$G:$H,2,0) -> 6390 | C72: Clary Merces De Oliveira Machado | D72: 617.316.171-00 | E72: 0 | F72: SWISS PARK ANAPOLIS | G72: Swiss Park Zurich - Anápolis | H72: =VLOOKUP(B72,Elegibilidade!A:I,9,0) -> Elegível | I72: 24 | J72: =SUMIFS(Inadimplência!Q:Q,Inadimplência!A:A,FluxoFuturo!B72) -> 0 | K72: =SUM(T72:GI72) -> 197410.52 | L72: =J72+K72 -> 197410.52 | M72: Adimplente | N72: 197410.52 | O72: =NPV((1+12%)^(1/12)-1,T72:FY72) -> 175804.16 | P72: =Vendas!$J$2 -> 886.38148 | Q72: =VLOOKUP(B72,Vendas!A:F,6,0) -> 372.39 | R72: =P72*Q72 -> 330079.6 | S72: =O72/R72 -> 0.53261141 | T72: 8225.44 | U72: 8225.44 | V72: 8225.44 | W72: 8225.44 | X72: 8225.44 | Y72: 8225.44 | Z72: 8225.44 | AA72: 8225.44 | AB72: 8225.44 | AC72: 8225.44 | AD72: 8225.44 | AE72: 8225.44 | AF72: 8225.44 | AG72: 8225.44 | AH72: 8225.44 | AI72: 8225.44 | AJ72: 8225.44 | AK72: 8225.44 | AL72: 8225.44 | AM72: 8225.44 | AN72: 8225.44 | AO72: 8225.44 | AP72: 8225.44 | AQ72: 8225.4 | AR72: 0 | AS72: 0 | AT72: 0 | AU72: 0 | AV72: 0 | AW72: 0 | AX72: 0 | AY72: 0 | AZ72: 0 | BA72: 0 | BB72: 0 | BC72: 0 | BD72: 0 | BE72: 0 | BF72: 0 | BG72: 0 | BH72: 0 | BI72: 0 | BJ72: 0 | BK72: 0 | BL72: 0 | BM72: 0 | BN72: 0 | BO72: 0 | BP72: 0 | BQ72: 0 | BR72: 0 | BS72: 0 | BT72: 0 | BU72: 0 | BV72: 0 | BW72: 0 | BX72: 0 | BY72: 0 | BZ72: 0 | CA72: 0 | CB72: 0 | CC72: 0 | CD72: 0 | CE72: 0 | CF72: 0 | CG72: 0 | CH72: 0 | CI72: 0 | CJ72: 0 | CK72: 0 | CL72: 0 | CM72: 0 | CN72: 0 | CO72: 0 | CP72: 0 | CQ72: 0 | CR72: 0 | CS72: 0 | CT72: 0 | CU72: 0 | CV72: 0 | CW72: 0 | CX72: 0 | CY72: 0 | CZ72: 0 | DA72: 0 | DB72: 0 | DC72: 0 | DD72: 0 | DE72: 0 | DF72: 0 | DG72: 0 | DH72: 0 | DI72: 0 | DJ72: 0 | DK72: 0 | DL72: 0 | DM72: 0 | DN72: 0 | DO72: 0 | DP72: 0 | DQ72: 0 | DR72: 0 | DS72: 0 | DT72: 0 | DU72: 0 | DV72: 0 | DW72: 0 | DX72: 0 | DY72: 0 | DZ72: 0 | EA72: 0 | EB72: 0 | EC72: 0 | ED72: 0 | EE72: 0 | EF72: 0 | EG72: 0 | EH72: 0 | EI72: 0 | EJ72: 0 | EK72: 0 | EL72: 0 | EM72: 0 | EN72: 0 | EO72: 0 | EP72: 0 | EQ72: 0 | ER72: 0 | ES72: 0 | ET72: 0 | EU72: 0 | EV72: 0 | EW72: 0 | EX72: 0 | EY72: 0 | EZ72: 0 | FA72: 0 | FB72: 0 | FC72: 0 | FD72: 0 | FE72: 0 | FF72: 0 | FG72: 0 | FH72: 0 | FI72: 0 | FJ72: 0 | FK72: 0 | FL72: 0 | FM72: 0 | FN72: 0 | FO72: 0 | FP72: 0 | FQ72: 0 | FR72: 0 | FS72: 0 | FT72: 0 | FU72: 0 | FV72: 0 | FW72: 0 | FX72: 0 | FY72: 0 | FZ72: 0 | GA72: 0 | GB72: 0 | GC72: 0 | GD72: 0 | GE72: 0 | GF72: 0 | GG72: 0 | GH72: 0 | GI72: 0 | GJ72: 135623
A73: 135692 | B73: =VLOOKUP(A73,'[9]Fluxo por Unidade'!$G:$H,2,0) -> 6411 | C73: Vilson Balduino Soares | D73: 882.481.001-20 | E73: 0 | F73: SWISS PARK ANAPOLIS | G73: Swiss Park Zurich - Anápolis | H73: =VLOOKUP(B73,Elegibilidade!A:I,9,0) -> Elegível | I73: 25 | J73: =SUMIFS(Inadimplência!Q:Q,Inadimplência!A:A,FluxoFuturo!B73) -> 0 | K73: =SUM(T73:GI73) -> 197158 | L73: =J73+K73 -> 197158 | M73: Adimplente | N73: 197158 | O73: =NPV((1+12%)^(1/12)-1,T73:FY73) -> 174783.94 | P73: =Vendas!$J$2 -> 886.38148 | Q73: =VLOOKUP(B73,Vendas!A:F,6,0) -> 360 | R73: =P73*Q73 -> 319097.33 | S73: =O73/R73 -> 0.5477449 | T73: 7886.32 | U73: 7886.32 | V73: 7886.32 | W73: 7886.32 | X73: 7886.32 | Y73: 7886.32 | Z73: 7886.32 | AA73: 7886.32 | AB73: 7886.32 | AC73: 7886.32 | AD73: 7886.32 | AE73: 7886.32 | AF73: 7886.32 | AG73: 7886.32 | AH73: 7886.32 | AI73: 7886.32 | AJ73: 7886.32 | AK73: 7886.32 | AL73: 7886.32 | AM73: 7886.32 | AN73: 7886.32 | AO73: 7886.32 | AP73: 7886.32 | AQ73: 7886.32 | AR73: 7886.32 | AS73: 0 | AT73: 0 | AU73: 0 | AV73: 0 | AW73: 0 | AX73: 0 | AY73: 0 | AZ73: 0 | BA73: 0 | BB73: 0 | BC73: 0 | BD73: 0 | BE73: 0 | BF73: 0 | BG73: 0 | BH73: 0 | BI73: 0 | BJ73: 0 | BK73: 0 | BL73: 0 | BM73: 0 | BN73: 0 | BO73: 0 | BP73: 0 | BQ73: 0 | BR73: 0 | BS73: 0 | BT73: 0 | BU73: 0 | BV73: 0 | BW73: 0 | BX73: 0 | BY73: 0 | BZ73: 0 | CA73: 0 | CB73: 0 | CC73: 0 | CD73: 0 | CE73: 0 | CF73: 0 | CG73: 0 | CH73: 0 | CI73: 0 | CJ73: 0 | CK73: 0 | CL73: 0 | CM73: 0 | CN73: 0 | CO73: 0 | CP73: 0 | CQ73: 0 | CR73: 0 | CS73: 0 | CT73: 0 | CU73: 0 | CV73: 0 | CW73: 0 | CX73: 0 | CY73: 0 | CZ73: 0 | DA73: 0 | DB73: 0 | DC73: 0 | DD73: 0 | DE73: 0 | DF73: 0 | DG73: 0 | DH73: 0 | DI73: 0 | DJ73: 0 | DK73: 0 | DL73: 0 | DM73: 0 | DN73: 0 | DO73: 0 | DP73: 0 | DQ73: 0 | DR73: 0 | DS73: 0 | DT73: 0 | DU73: 0 | DV73: 0 | DW73: 0 | DX73: 0 | DY73: 0 | DZ73: 0 | EA73: 0 | EB73: 0 | EC73: 0 | ED73: 0 | EE73: 0 | EF73: 0 | EG73: 0 | EH73: 0 | EI73: 0 | EJ73: 0 | EK73: 0 | EL73: 0 | EM73: 0 | EN73: 0 | EO73: 0 | EP73: 0 | EQ73: 0 | ER73: 0 | ES73: 0 | ET73: 0 | EU73: 0 | EV73: 0 | EW73: 0 | EX73: 0 | EY73: 0 | EZ73: 0 | FA73: 0 | FB73: 0 | FC73: 0 | FD73: 0 | FE73: 0 | FF73: 0 | FG73: 0 | FH73: 0 | FI73: 0 | FJ73: 0 | FK73: 0 | FL73: 0 | FM73: 0 | FN73: 0 | FO73: 0 | FP73: 0 | FQ73: 0 | FR73: 0 | FS73: 0 | FT73: 0 | FU73: 0 | FV73: 0 | FW73: 0 | FX73: 0 | FY73: 0 | FZ73: 0 | GA73: 0 | GB73: 0 | GC73: 0 | GD73: 0 | GE73: 0 | GF73: 0 | GG73: 0 | GH73: 0 | GI73: 0 | GJ73: 135692
A74: 135620 | B74: =VLOOKUP(A74,'[9]Fluxo por Unidade'!$G:$H,2,0) -> 6366 | C74: Anna Paula Vieira De Sousa Alves | D74: 034.186.701-21 | E74: 0 | F74: SWISS PARK ANAPOLIS | G74: Swiss Park Zurich - Anápolis | H74: =VLOOKUP(B74,Elegibilidade!A:I,9,0) -> Elegível | I74: 24 | J74: =SUMIFS(Inadimplência!Q:Q,Inadimplência!A:A,FluxoFuturo!B74) -> 0 | K74: =SUM(T74:GI74) -> 193991.36 | L74: =J74+K74 -> 193991.36 | M74: Adimplente | N74: 193991.36 | O74: =NPV((1+12%)^(1/12)-1,T74:FY74) -> 172759.21 | P74: =Vendas!$J$2 -> 886.38148 | Q74: =VLOOKUP(B74,Vendas!A:F,6,0) -> 365.94 | R74: =P74*Q74 -> 324362.44 | S74: =O74/R74 -> 0.53261165 | T74: 8082.97 | U74: 8082.97 | V74: 8082.97 | W74: 8082.97 | X74: 8082.97 | Y74: 8082.97 | Z74: 8082.97 | AA74: 8082.97 | AB74: 8082.97 | AC74: 8082.97 | AD74: 8082.97 | AE74: 8082.97 | AF74: 8082.97 | AG74: 8082.97 | AH74: 8082.97 | AI74: 8082.97 | AJ74: 8082.97 | AK74: 8082.97 | AL74: 8082.97 | AM74: 8082.97 | AN74: 8082.97 | AO74: 8082.97 | AP74: 8082.97 | AQ74: 8083.05 | AR74: 0 | AS74: 0 | AT74: 0 | AU74: 0 | AV74: 0 | AW74: 0 | AX74: 0 | AY74: 0 | AZ74: 0 | BA74: 0 | BB74: 0 | BC74: 0 | BD74: 0 | BE74: 0 | BF74: 0 | BG74: 0 | BH74: 0 | BI74: 0 | BJ74: 0 | BK74: 0 | BL74: 0 | BM74: 0 | BN74: 0 | BO74: 0 | BP74: 0 | BQ74: 0 | BR74: 0 | BS74: 0 | BT74: 0 | BU74: 0 | BV74: 0 | BW74: 0 | BX74: 0 | BY74: 0 | BZ74: 0 | CA74: 0 | CB74: 0 | CC74: 0 | CD74: 0 | CE74: 0 | CF74: 0 | CG74: 0 | CH74: 0 | CI74: 0 | CJ74: 0 | CK74: 0 | CL74: 0 | CM74: 0 | CN74: 0 | CO74: 0 | CP74: 0 | CQ74: 0 | CR74: 0 | CS74: 0 | CT74: 0 | CU74: 0 | CV74: 0 | CW74: 0 | CX74: 0 | CY74: 0 | CZ74: 0 | DA74: 0 | DB74: 0 | DC74: 0 | DD74: 0 | DE74: 0 | DF74: 0 | DG74: 0 | DH74: 0 | DI74: 0 | DJ74: 0 | DK74: 0 | DL74: 0 | DM74: 0 | DN74: 0 | DO74: 0 | DP74: 0 | DQ74: 0 | DR74: 0 | DS74: 0 | DT74: 0 | DU74: 0 | DV74: 0 | DW74: 0 | DX74: 0 | DY74: 0 | DZ74: 0 | EA74: 0 | EB74: 0 | EC74: 0 | ED74: 0 | EE74: 0 | EF74: 0 | EG74: 0 | EH74: 0 | EI74: 0 | EJ74: 0 | EK74: 0 | EL74: 0 | EM74: 0 | EN74: 0 | EO74: 0 | EP74: 0 | EQ74: 0 | ER74: 0 | ES74: 0 | ET74: 0 | EU74: 0 | EV74: 0 | EW74: 0 | EX74: 0 | EY74: 0 | EZ74: 0 | FA74: 0 | FB74: 0 | FC74: 0 | FD74: 0 | FE74: 0 | FF74: 0 | FG74: 0 | FH74: 0 | FI74: 0 | FJ74: 0 | FK74: 0 | FL74: 0 | FM74: 0 | FN74: 0 | FO74: 0 | FP74: 0 | FQ74: 0 | FR74: 0 | FS74: 0 | FT74: 0 | FU74: 0 | FV74: 0 | FW74: 0 | FX74: 0 | FY74: 0 | FZ74: 0 | GA74: 0 | GB74: 0 | GC74: 0 | GD74: 0 | GE74: 0 | GF74: 0 | GG74: 0 | GH74: 0 | GI74: 0 | GJ74: 135620
A75: 135637 | B75: =VLOOKUP(A75,'[9]Fluxo por Unidade'!$G:$H,2,0) -> 6454 | C75: Fernando Canedo De Paula Silveira | D75: 022.141.751-64 | E75: 0 | F75: SWISS PARK ANAPOLIS | G75: Swiss Park Zurich - Anápolis | H75: =VLOOKUP(B75,Elegibilidade!A:I,9,0) -> Elegível | I75: 19 | J75: =SUMIFS(Inadimplência!Q:Q,Inadimplência!A:A,FluxoFuturo!B75) -> 0 | K75: =SUM(T75:GI75) -> 191583.35 | L75: =J75+K75 -> 191583.35 | M75: Adimplente | N75: 191583.35 | O75: =NPV((1+12%)^(1/12)-1,T75:FY75) -> 174551.5 | P75: =Vendas!$J$2 -> 886.38148 | Q75: =VLOOKUP(B75,Vendas!A:F,6,0) -> 360 | R75: =P75*Q75 -> 319097.33 | S75: =O75/R75 -> 0.54701649 | T75: 10083.33 | U75: 10083.33 | V75: 10083.33 | W75: 10083.33 | X75: 10083.33 | Y75: 10083.33 | Z75: 10083.33 | AA75: 10083.33 | AB75: 10083.33 | AC75: 10083.33 | AD75: 10083.33 | AE75: 10083.33 | AF75: 10083.33 | AG75: 10083.33 | AH75: 10083.33 | AI75: 10083.33 | AJ75: 10083.33 | AK75: 10083.33 | AL75: 10083.41 | AM75: 0 | AN75: 0 | AO75: 0 | AP75: 0 | AQ75: 0 | AR75: 0 | AS75: 0 | AT75: 0 | AU75: 0 | AV75: 0 | AW75: 0 | AX75: 0 | AY75: 0 | AZ75: 0 | BA75: 0 | BB75: 0 | BC75: 0 | BD75: 0 | BE75: 0 | BF75: 0 | BG75: 0 | BH75: 0 | BI75: 0 | BJ75: 0 | BK75: 0 | BL75: 0 | BM75: 0 | BN75: 0 | BO75: 0 | BP75: 0 | BQ75: 0 | BR75: 0 | BS75: 0 | BT75: 0 | BU75: 0 | BV75: 0 | BW75: 0 | BX75: 0 | BY75: 0 | BZ75: 0 | CA75: 0 | CB75: 0 | CC75: 0 | CD75: 0 | CE75: 0 | CF75: 0 | CG75: 0 | CH75: 0 | CI75: 0 | CJ75: 0 | CK75: 0 | CL75: 0 | CM75: 0 | CN75: 0 | CO75: 0 | CP75: 0 | CQ75: 0 | CR75: 0 | CS75: 0 | CT75: 0 | CU75: 0 | CV75: 0 | CW75: 0 | CX75: 0 | CY75: 0 | CZ75: 0 | DA75: 0 | DB75: 0 | DC75: 0 | DD75: 0 | DE75: 0 | DF75: 0 | DG75: 0 | DH75: 0 | DI75: 0 | DJ75: 0 | DK75: 0 | DL75: 0 | DM75: 0 | DN75: 0 | DO75: 0 | DP75: 0 | DQ75: 0 | DR75: 0 | DS75: 0 | DT75: 0 | DU75: 0 | DV75: 0 | DW75: 0 | DX75: 0 | DY75: 0 | DZ75: 0 | EA75: 0 | EB75: 0 | EC75: 0 | ED75: 0 | EE75: 0 | EF75: 0 | EG75: 0 | EH75: 0 | EI75: 0 | EJ75: 0 | EK75: 0 | EL75: 0 | EM75: 0 | EN75: 0 | EO75: 0 | EP75: 0 | EQ75: 0 | ER75: 0 | ES75: 0 | ET75: 0 | EU75: 0 | EV75: 0 | EW75: 0 | EX75: 0 | EY75: 0 | EZ75: 0 | FA75: 0 | FB75: 0 | FC75: 0 | FD75: 0 | FE75: 0 | FF75: 0 | FG75: 0 | FH75: 0 | FI75: 0 | FJ75: 0 | FK75: 0 | FL75: 0 | FM75: 0 | FN75: 0 | FO75: 0 | FP75: 0 | FQ75: 0 | FR75: 0 | FS75: 0 | FT75: 0 | FU75: 0 | FV75: 0 | FW75: 0 | FX75: 0 | FY75: 0 | FZ75: 0 | GA75: 0 | GB75: 0 | GC75: 0 | GD75: 0 | GE75: 0 | GF75: 0 | GG75: 0 | GH75: 0 | GI75: 0 | GJ75: 135637
A76: 135638 | B76: =VLOOKUP(A76,'[9]Fluxo por Unidade'!$G:$H,2,0) -> 6354 | C76: Flavia Silva Costa Galgane | D76: 023.803.371-60 | E76: 0 | F76: SWISS PARK ANAPOLIS | G76: Swiss Park Zurich - Anápolis | H76: =VLOOKUP(B76,Elegibilidade!A:I,9,0) -> Elegível | I76: 24 | J76: =SUMIFS(Inadimplência!Q:Q,Inadimplência!A:A,FluxoFuturo!B76) -> 0 | K76: =SUM(T76:GI76) -> 190842.48 | L76: =J76+K76 -> 190842.48 | M76: Adimplente | N76: 190842.48 | O76: =NPV((1+12%)^(1/12)-1,T76:FY76) -> 169954.98 | P76: =Vendas!$J$2 -> 886.38148 | Q76: =VLOOKUP(B76,Vendas!A:F,6,0) -> 360 | R76: =P76*Q76 -> 319097.33 | S76: =O76/R76 -> 0.53261173 | T76: 7951.77 | U76: 7951.77 | V76: 7951.77 | W76: 7951.77 | X76: 7951.77 | Y76: 7951.77 | Z76: 7951.77 | AA76: 7951.77 | AB76: 7951.77 | AC76: 7951.77 | AD76: 7951.77 | AE76: 7951.77 | AF76: 7951.77 | AG76: 7951.77 | AH76: 7951.77 | AI76: 7951.77 | AJ76: 7951.77 | AK76: 7951.77 | AL76: 7951.77 | AM76: 7951.77 | AN76: 7951.77 | AO76: 7951.77 | AP76: 7951.77 | AQ76: 7951.77 | AR76: 0 | AS76: 0 | AT76: 0 | AU76: 0 | AV76: 0 | AW76: 0 | AX76: 0 | AY76: 0 | AZ76: 0 | BA76: 0 | BB76: 0 | BC76: 0 | BD76: 0 | BE76: 0 | BF76: 0 | BG76: 0 | BH76: 0 | BI76: 0 | BJ76: 0 | BK76: 0 | BL76: 0 | BM76: 0 | BN76: 0 | BO76: 0 | BP76: 0 | BQ76: 0 | BR76: 0 | BS76: 0 | BT76: 0 | BU76: 0 | BV76: 0 | BW76: 0 | BX76: 0 | BY76: 0 | BZ76: 0 | CA76: 0 | CB76: 0 | CC76: 0 | CD76: 0 | CE76: 0 | CF76: 0 | CG76: 0 | CH76: 0 | CI76: 0 | CJ76: 0 | CK76: 0 | CL76: 0 | CM76: 0 | CN76: 0 | CO76: 0 | CP76: 0 | CQ76: 0 | CR76: 0 | CS76: 0 | CT76: 0 | CU76: 0 | CV76: 0 | CW76: 0 | CX76: 0 | CY76: 0 | CZ76: 0 | DA76: 0 | DB76: 0 | DC76: 0 | DD76: 0 | DE76: 0 | DF76: 0 | DG76: 0 | DH76: 0 | DI76: 0 | DJ76: 0 | DK76: 0 | DL76: 0 | DM76: 0 | DN76: 0 | DO76: 0 | DP76: 0 | DQ76: 0 | DR76: 0 | DS76: 0 | DT76: 0 | DU76: 0 | DV76: 0 | DW76: 0 | DX76: 0 | DY76: 0 | DZ76: 0 | EA76: 0 | EB76: 0 | EC76: 0 | ED76: 0 | EE76: 0 | EF76: 0 | EG76: 0 | EH76: 0 | EI76: 0 | EJ76: 0 | EK76: 0 | EL76: 0 | EM76: 0 | EN76: 0 | EO76: 0 | EP76: 0 | EQ76: 0 | ER76: 0 | ES76: 0 | ET76: 0 | EU76: 0 | EV76: 0 | EW76: 0 | EX76: 0 | EY76: 0 | EZ76: 0 | FA76: 0 | FB76: 0 | FC76: 0 | FD76: 0 | FE76: 0 | FF76: 0 | FG76: 0 | FH76: 0 | FI76: 0 | FJ76: 0 | FK76: 0 | FL76: 0 | FM76: 0 | FN76: 0 | FO76: 0 | FP76: 0 | FQ76: 0 | FR76: 0 | FS76: 0 | FT76: 0 | FU76: 0 | FV76: 0 | FW76: 0 | FX76: 0 | FY76: 0 | FZ76: 0 | GA76: 0 | GB76: 0 | GC76: 0 | GD76: 0 | GE76: 0 | GF76: 0 | GG76: 0 | GH76: 0 | GI76: 0 | GJ76: 135638
... A86: 135657 | B86: =VLOOKUP(A86,'[9]Fluxo por Unidade'!$G:$H,2,0) -> 6405 | C86: Leonardo Carlos Pinto | D86: 820.169.251-91 | E86: 0 | F86: SWISS PARK ANAPOLIS | G86: Swiss Park Zurich - Anápolis | H86: =VLOOKUP(B86,Elegibilidade!A:I,9,0) -> Elegível | I86: 29 | J86: =SUMIFS(Inadimplência!Q:Q,Inadimplência!A:A,FluxoFuturo!B86) -> 0 | K86: =SUM(T86:GI86) -> 166165.34 | L86: =J86+K86 -> 166165.34 | M86: Adimplente | N86: 166165.34 | O86: =NPV((1+12%)^(1/12)-1,T86:FY86) -> 143956.14 | P86: =Vendas!$J$2 -> 886.38148 | Q86: =VLOOKUP(B86,Vendas!A:F,6,0) -> 375.19 | R86: =P86*Q86 -> 332561.47 | S86: =O86/R86 -> 0.43287076 | T86: 0 | U86: 5934.48 | V86: 5934.48 | W86: 5934.48 | X86: 5934.48 | Y86: 5934.48 | Z86: 5934.48 | AA86: 5934.48 | AB86: 5934.48 | AC86: 5934.48 | AD86: 5934.48 | AE86: 5934.48 | AF86: 5934.48 | AG86: 5934.48 | AH86: 5934.48 | AI86: 5934.48 | AJ86: 5934.48 | AK86: 5934.48 | AL86: 5934.48 | AM86: 5934.48 | AN86: 5934.48 | AO86: 5934.48 | AP86: 5934.48 | AQ86: 5934.48 | AR86: 5934.48 | AS86: 5934.48 | AT86: 5934.48 | AU86: 5934.48 | AV86: 5934.38 | AW86: 0 | AX86: 0 | AY86: 0 | AZ86: 0 | BA86: 0 | BB86: 0 | BC86: 0 | BD86: 0 | BE86: 0 | BF86: 0 | BG86: 0 | BH86: 0 | BI86: 0 | BJ86: 0 | BK86: 0 | BL86: 0 | BM86: 0 | BN86: 0 | BO86: 0 | BP86: 0 | BQ86: 0 | BR86: 0 | BS86: 0 | BT86: 0 | BU86: 0 | BV86: 0 | BW86: 0 | BX86: 0 | BY86: 0 | BZ86: 0 | CA86: 0 | CB86: 0 | CC86: 0 | CD86: 0 | CE86: 0 | CF86: 0 | CG86: 0 | CH86: 0 | CI86: 0 | CJ86: 0 | CK86: 0 | CL86: 0 | CM86: 0 | CN86: 0 | CO86: 0 | CP86: 0 | CQ86: 0 | CR86: 0 | CS86: 0 | CT86: 0 | CU86: 0 | CV86: 0 | CW86: 0 | CX86: 0 | CY86: 0 | CZ86: 0 | DA86: 0 | DB86: 0 | DC86: 0 | DD86: 0 | DE86: 0 | DF86: 0 | DG86: 0 | DH86: 0 | DI86: 0 | DJ86: 0 | DK86: 0 | DL86: 0 | DM86: 0 | DN86: 0 | DO86: 0 | DP86: 0 | DQ86: 0 | DR86: 0 | DS86: 0 | DT86: 0 | DU86: 0 | DV86: 0 | DW86: 0 | DX86: 0 | DY86: 0 | DZ86: 0 | EA86: 0 | EB86: 0 | EC86: 0 | ED86: 0 | EE86: 0 | EF86: 0 | EG86: 0 | EH86: 0 | EI86: 0 | EJ86: 0 | EK86: 0 | EL86: 0 | EM86: 0 | EN86: 0 | EO86: 0 | EP86: 0 | EQ86: 0 | ER86: 0 | ES86: 0 | ET86: 0 | EU86: 0 | EV86: 0 | EW86: 0 | EX86: 0 | EY86: 0 | EZ86: 0 | FA86: 0 | FB86: 0 | FC86: 0 | FD86: 0 | FE86: 0 | FF86: 0 | FG86: 0 | FH86: 0 | FI86: 0 | FJ86: 0 | FK86: 0 | FL86: 0 | FM86: 0 | FN86: 0 | FO86: 0 | FP86: 0 | FQ86: 0 | FR86: 0 | FS86: 0 | FT86: 0 | FU86: 0 | FV86: 0 | FW86: 0 | FX86: 0 | FY86: 0 | FZ86: 0 | GA86: 0 | GB86: 0 | GC86: 0 | GD86: 0 | GE86: 0 | GF86: 0 | GG86: 0 | GH86: 0 | GI86: 0 | GJ86: 135657
A87: 135693 | B87: =VLOOKUP(A87,'[9]Fluxo por Unidade'!$G:$H,2,0) -> 6374 | C87: Zenith Diagnósticos E Terapias Complementares Ltda | D87: 30.015.482/0001-14 | E87: 0.1003 | F87: SWISS PARK ANAPOLIS | G87: Swiss Park Zurich - Anápolis | H87: =VLOOKUP(B87,Elegibilidade!A:I,9,0) -> Elegível | I87: 69 | J87: =SUMIFS(Inadimplência!Q:Q,Inadimplência!A:A,FluxoFuturo!B87) -> 0 | K87: =NPV(0.8%,T87:GI87) -> 160426.19 | L87: =J87+K87 -> 160426.19 | M87: Adimplente | N87: 160426.19 | O87: =NPV((1+12%)^(1/12)-1,T87:FY87) -> 152988.27 | P87: =Vendas!$J$2 -> 886.38148 | Q87: =VLOOKUP(B87,Vendas!A:F,6,0) -> 360 | R87: =P87*Q87 -> 319097.33 | S87: =O87/R87 -> 0.47944077 | T87: 0 | U87: 3092.55 | V87: 3092.55 | W87: 3092.55 | X87: 3092.55 | Y87: 3092.55 | Z87: 3092.55 | AA87: 3092.55 | AB87: 3092.55 | AC87: 3092.55 | AD87: 3092.55 | AE87: 3092.55 | AF87: 3092.55 | AG87: 3092.55 | AH87: 3092.55 | AI87: 3092.55 | AJ87: 3092.55 | AK87: 3092.55 | AL87: 3092.55 | AM87: 3092.55 | AN87: 3092.55 | AO87: 3092.55 | AP87: 3092.55 | AQ87: 3092.55 | AR87: 3092.55 | AS87: 3092.55 | AT87: 3092.55 | AU87: 3092.55 | AV87: 3092.55 | AW87: 3092.55 | AX87: 3092.55 | AY87: 3092.55 | AZ87: 3092.55 | BA87: 3092.55 | BB87: 3092.55 | BC87: 3092.55 | BD87: 3092.55 | BE87: 3092.55 | BF87: 3092.55 | BG87: 3092.55 | BH87: 3092.55 | BI87: 3092.55 | BJ87: 3092.55 | BK87: 3092.55 | BL87: 3092.55 | BM87: 3092.55 | BN87: 3092.55 | BO87: 3092.55 | BP87: 3092.55 | BQ87: 3092.55 | BR87: 3092.55 | BS87: 3092.55 | BT87: 3092.55 | BU87: 3092.55 | BV87: 3092.55 | BW87: 3092.55 | BX87: 3092.55 | BY87: 3092.55 | BZ87: 3092.55 | CA87: 3092.55 | CB87: 3092.55 | CC87: 3092.55 | CD87: 3092.55 | CE87: 3092.55 | CF87: 3092.55 | CG87: 3092.55 | CH87: 3092.55 | CI87: 3092.55 | CJ87: 3092.55 | CK87: 0 | CL87: 0 | CM87: 0 | CN87: 0 | CO87: 0 | CP87: 0 | CQ87: 0 | CR87: 0 | CS87: 0 | CT87: 0 | CU87: 0 | CV87: 0 | CW87: 0 | CX87: 0 | CY87: 0 | CZ87: 0 | DA87: 0 | DB87: 0 | DC87: 0 | DD87: 0 | DE87: 0 | DF87: 0 | DG87: 0 | DH87: 0 | DI87: 0 | DJ87: 0 | DK87: 0 | DL87: 0 | DM87: 0 | DN87: 0 | DO87: 0 | DP87: 0 | DQ87: 0 | DR87: 0 | DS87: 0 | DT87: 0 | DU87: 0 | DV87: 0 | DW87: 0 | DX87: 0 | DY87: 0 | DZ87: 0 | EA87: 0 | EB87: 0 | EC87: 0 | ED87: 0 | EE87: 0 | EF87: 0 | EG87: 0 | EH87: 0 | EI87: 0 | EJ87: 0 | EK87: 0 | EL87: 0 | EM87: 0 | EN87: 0 | EO87: 0 | EP87: 0 | EQ87: 0 | ER87: 0 | ES87: 0 | ET87: 0 | EU87: 0 | EV87: 0 | EW87: 0 | EX87: 0 | EY87: 0 | EZ87: 0 | FA87: 0 | FB87: 0 | FC87: 0 | FD87: 0 | FE87: 0 | FF87: 0 | FG87: 0 | FH87: 0 | FI87: 0 | FJ87: 0 | FK87: 0 | FL87: 0 | FM87: 0 | FN87: 0 | FO87: 0 | FP87: 0 | FQ87: 0 | FR87: 0 | FS87: 0 | FT87: 0 | FU87: 0 | FV87: 0 | FW87: 0 | FX87: 0 | FY87: 0 | FZ87: 0 | GA87: 0 | GB87: 0 | GC87: 0 | GD87: 0 | GE87: 0 | GF87: 0 | GG87: 0 | GH87: 0 | GI87: 0 | GJ87: 135693
A88: 135641 | B88: =VLOOKUP(A88,'[9]Fluxo por Unidade'!$G:$H,2,0) -> 6404 | C88: Giovanna Guimaraes Da Cunha | D88: 857.753.121-04 | E88: 0 | F88: SWISS PARK ANAPOLIS | G88: Swiss Park Zurich - Anápolis | H88: =VLOOKUP(B88,Elegibilidade!A:I,9,0) -> Elegível | I88: 21 | J88: =SUMIFS(Inadimplência!Q:Q,Inadimplência!A:A,FluxoFuturo!B88) -> 0 | K88: =SUM(T88:GI88) -> 104737.5 | L88: =J88+K88 -> 104737.5 | M88: Adimplente | N88: 104737.5 | O88: =NPV((1+12%)^(1/12)-1,T88:FY88) -> 91399.769 | P88: =Vendas!$J$2 -> 886.38148 | Q88: =VLOOKUP(B88,Vendas!A:F,6,0) -> 360 | R88: =P88*Q88 -> 319097.33 | S88: =O88/R88 -> 0.28643226 | T88: 0 | U88: 0 | V88: 0 | W88: 0 | X88: 0 | Y88: 0 | Z88: 0 | AA88: 7481.25 | AB88: 7481.25 | AC88: 7481.25 | AD88: 7481.25 | AE88: 7481.25 | AF88: 7481.25 | AG88: 7481.25 | AH88: 7481.25 | AI88: 7481.25 | AJ88: 7481.25 | AK88: 7481.25 | AL88: 7481.25 | AM88: 7481.25 | AN88: 7481.25 | AO88: 0 | AP88: 0 | AQ88: 0 | AR88: 0 | AS88: 0 | AT88: 0 | AU88: 0 | AV88: 0 | AW88: 0 | AX88: 0 | AY88: 0 | AZ88: 0 | BA88: 0 | BB88: 0 | BC88: 0 | BD88: 0 | BE88: 0 | BF88: 0 | BG88: 0 | BH88: 0 | BI88: 0 | BJ88: 0 | BK88: 0 | BL88: 0 | BM88: 0 | BN88: 0 | BO88: 0 | BP88: 0 | BQ88: 0 | BR88: 0 | BS88: 0 | BT88: 0 | BU88: 0 | BV88: 0 | BW88: 0 | BX88: 0 | BY88: 0 | BZ88: 0 | CA88: 0 | CB88: 0 | CC88: 0 | CD88: 0 | CE88: 0 | CF88: 0 | CG88: 0 | CH88: 0 | CI88: 0 | CJ88: 0 | CK88: 0 | CL88: 0 | CM88: 0 | CN88: 0 | CO88: 0 | CP88: 0 | CQ88: 0 | CR88: 0 | CS88: 0 | CT88: 0 | CU88: 0 | CV88: 0 | CW88: 0 | CX88: 0 | CY88: 0 | CZ88: 0 | DA88: 0 | DB88: 0 | DC88: 0 | DD88: 0 | DE88: 0 | DF88: 0 | DG88: 0 | DH88: 0 | DI88: 0 | DJ88: 0 | DK88: 0 | DL88: 0 | DM88: 0 | DN88: 0 | DO88: 0 | DP88: 0 | DQ88: 0 | DR88: 0 | DS88: 0 | DT88: 0 | DU88: 0 | DV88: 0 | DW88: 0 | DX88: 0 | DY88: 0 | DZ88: 0 | EA88: 0 | EB88: 0 | EC88: 0 | ED88: 0 | EE88: 0 | EF88: 0 | EG88: 0 | EH88: 0 | EI88: 0 | EJ88: 0 | EK88: 0 | EL88: 0 | EM88: 0 | EN88: 0 | EO88: 0 | EP88: 0 | EQ88: 0 | ER88: 0 | ES88: 0 | ET88: 0 | EU88: 0 | EV88: 0 | EW88: 0 | EX88: 0 | EY88: 0 | EZ88: 0 | FA88: 0 | FB88: 0 | FC88: 0 | FD88: 0 | FE88: 0 | FF88: 0 | FG88: 0 | FH88: 0 | FI88: 0 | FJ88: 0 | FK88: 0 | FL88: 0 | FM88: 0 | FN88: 0 | FO88: 0 | FP88: 0 | FQ88: 0 | FR88: 0 | FS88: 0 | FT88: 0 | FU88: 0 | FV88: 0 | FW88: 0 | FX88: 0 | FY88: 0 | FZ88: 0 | GA88: 0 | GB88: 0 | GC88: 0 | GD88: 0 | GE88: 0 | GF88: 0 | GG88: 0 | GH88: 0 | GI88: 0 | GJ88: 135641
A89: 135633 | B89: =VLOOKUP(A89,'[9]Fluxo por Unidade'!$G:$H,2,0) -> 6370 | C89: Evimar Antonio Da Silva | D89: 435.123.211-00 | E89: 0 | F89: SWISS PARK ANAPOLIS | G89: Swiss Park Zurich - Anápolis | H89: =VLOOKUP(B89,Elegibilidade!A:I,9,0) -> Elegível | I89: 12 | J89: =SUMIFS(Inadimplência!Q:Q,Inadimplência!A:A,FluxoFuturo!B89) -> 0 | K89: =SUM(T89:GI89) -> 78000 | L89: =J89+K89 -> 78000 | M89: Adimplente | N89: 78000 | O89: =NPV((1+12%)^(1/12)-1,T89:FY89) -> 73394.854 | P89: =Vendas!$J$2 -> 886.38148 | Q89: =VLOOKUP(B89,Vendas!A:F,6,0) -> 360 | R89: =P89*Q89 -> 319097.33 | S89: =O89/R89 -> 0.23000773 | T89: 6500 | U89: 6500 | V89: 6500 | W89: 6500 | X89: 6500 | Y89: 6500 | Z89: 6500 | AA89: 6500 | AB89: 6500 | AC89: 6500 | AD89: 6500 | AE89: 6500 | AF89: 0 | AG89: 0 | AH89: 0 | AI89: 0 | AJ89: 0 | AK89: 0 | AL89: 0 | AM89: 0 | AN89: 0 | AO89: 0 | AP89: 0 | AQ89: 0 | AR89: 0 | AS89: 0 | AT89: 0 | AU89: 0 | AV89: 0 | AW89: 0 | AX89: 0 | AY89: 0 | AZ89: 0 | BA89: 0 | BB89: 0 | BC89: 0 | BD89: 0 | BE89: 0 | BF89: 0 | BG89: 0 | BH89: 0 | BI89: 0 | BJ89: 0 | BK89: 0 | BL89: 0 | BM89: 0 | BN89: 0 | BO89: 0 | BP89: 0 | BQ89: 0 | BR89: 0 | BS89: 0 | BT89: 0 | BU89: 0 | BV89: 0 | BW89: 0 | BX89: 0 | BY89: 0 | BZ89: 0 | CA89: 0 | CB89: 0 | CC89: 0 | CD89: 0 | CE89: 0 | CF89: 0 | CG89: 0 | CH89: 0 | CI89: 0 | CJ89: 0 | CK89: 0 | CL89: 0 | CM89: 0 | CN89: 0 | CO89: 0 | CP89: 0 | CQ89: 0 | CR89: 0 | CS89: 0 | CT89: 0 | CU89: 0 | CV89: 0 | CW89: 0 | CX89: 0 | CY89: 0 | CZ89: 0 | DA89: 0 | DB89: 0 | DC89: 0 | DD89: 0 | DE89: 0 | DF89: 0 | DG89: 0 | DH89: 0 | DI89: 0 | DJ89: 0 | DK89: 0 | DL89: 0 | DM89: 0 | DN89: 0 | DO89: 0 | DP89: 0 | DQ89: 0 | DR89: 0 | DS89: 0 | DT89: 0 | DU89: 0 | DV89: 0 | DW89: 0 | DX89: 0 | DY89: 0 | DZ89: 0 | EA89: 0 | EB89: 0 | EC89: 0 | ED89: 0 | EE89: 0 | EF89: 0 | EG89: 0 | EH89: 0 | EI89: 0 | EJ89: 0 | EK89: 0 | EL89: 0 | EM89: 0 | EN89: 0 | EO89: 0 | EP89: 0 | EQ89: 0 | ER89: 0 | ES89: 0 | ET89: 0 | EU89: 0 | EV89: 0 | EW89: 0 | EX89: 0 | EY89: 0 | EZ89: 0 | FA89: 0 | FB89: 0 | FC89: 0 | FD89: 0 | FE89: 0 | FF89: 0 | FG89: 0 | FH89: 0 | FI89: 0 | FJ89: 0 | FK89: 0 | FL89: 0 | FM89: 0 | FN89: 0 | FO89: 0 | FP89: 0 | FQ89: 0 | FR89: 0 | FS89: 0 | FT89: 0 | FU89: 0 | FV89: 0 | FW89: 0 | FX89: 0 | FY89: 0 | FZ89: 0 | GA89: 0 | GB89: 0 | GC89: 0 | GD89: 0 | GE89: 0 | GF89: 0 | GG89: 0 | GH89: 0 | GI89: 0 | GJ89: 135633
A90: 135665 | B90: =VLOOKUP(A90,'[9]Fluxo por Unidade'!$G:$H,2,0) -> 6475 | C90: Marcio Gabriel Teixeira | D90: 655.920.691-20 | E90: 0 | F90: SWISS PARK ANAPOLIS | G90: Swiss Park Zurich - Anápolis | H90: =VLOOKUP(B90,Elegibilidade!A:I,9,0) -> Elegível | I90: 15 | J90: =SUMIFS(Inadimplência!Q:Q,Inadimplência!A:A,FluxoFuturo!B90) -> 0 | K90: =SUM(T90:GI90) -> 74704.95 | L90: =J90+K90 -> 74704.95 | M90: Adimplente | N90: 74704.95 | O90: =NPV((1+12%)^(1/12)-1,T90:FY90) -> 69326.429 | P90: =Vendas!$J$2 -> 886.38148 | Q90: =VLOOKUP(B90,Vendas!A:F,6,0) -> 360 | R90: =P90*Q90 -> 319097.33 | S90: =O90/R90 -> 0.21725794 | T90: 4980.33 | U90: 4980.33 | V90: 4980.33 | W90: 4980.33 | X90: 4980.33 | Y90: 4980.33 | Z90: 4980.33 | AA90: 4980.33 | AB90: 4980.33 | AC90: 4980.33 | AD90: 4980.33 | AE90: 4980.33 | AF90: 4980.33 | AG90: 4980.33 | AH90: 4980.33 | AI90: 0 | AJ90: 0 | AK90: 0 | AL90: 0 | AM90: 0 | AN90: 0 | AO90: 0 | AP90: 0 | AQ90: 0 | AR90: 0 | AS90: 0 | AT90: 0 | AU90: 0 | AV90: 0 | AW90: 0 | AX90: 0 | AY90: 0 | AZ90: 0 | BA90: 0 | BB90: 0 | BC90: 0 | BD90: 0 | BE90: 0 | BF90: 0 | BG90: 0 | BH90: 0 | BI90: 0 | BJ90: 0 | BK90: 0 | BL90: 0 | BM90: 0 | BN90: 0 | BO90: 0 | BP90: 0 | BQ90: 0 | BR90: 0 | BS90: 0 | BT90: 0 | BU90: 0 | BV90: 0 | BW90: 0 | BX90: 0 | BY90: 0 | BZ90: 0 | CA90: 0 | CB90: 0 | CC90: 0 | CD90: 0 | CE90: 0 | CF90: 0 | CG90: 0 | CH90: 0 | CI90: 0 | CJ90: 0 | CK90: 0 | CL90: 0 | CM90: 0 | CN90: 0 | CO90: 0 | CP90: 0 | CQ90: 0 | CR90: 0 | CS90: 0 | CT90: 0 | CU90: 0 | CV90: 0 | CW90: 0 | CX90: 0 | CY90: 0 | CZ90: 0 | DA90: 0 | DB90: 0 | DC90: 0 | DD90: 0 | DE90: 0 | DF90: 0 | DG90: 0 | DH90: 0 | DI90: 0 | DJ90: 0 | DK90: 0 | DL90: 0 | DM90: 0 | DN90: 0 | DO90: 0 | DP90: 0 | DQ90: 0 | DR90: 0 | DS90: 0 | DT90: 0 | DU90: 0 | DV90: 0 | DW90: 0 | DX90: 0 | DY90: 0 | DZ90: 0 | EA90: 0 | EB90: 0 | EC90: 0 | ED90: 0 | EE90: 0 | EF90: 0 | EG90: 0 | EH90: 0 | EI90: 0 | EJ90: 0 | EK90: 0 | EL90: 0 | EM90: 0 | EN90: 0 | EO90: 0 | EP90: 0 | EQ90: 0 | ER90: 0 | ES90: 0 | ET90: 0 | EU90: 0 | EV90: 0 | EW90: 0 | EX90: 0 | EY90: 0 | EZ90: 0 | FA90: 0 | FB90: 0 | FC90: 0 | FD90: 0 | FE90: 0 | FF90: 0 | FG90: 0 | FH90: 0 | FI90: 0 | FJ90: 0 | FK90: 0 | FL90: 0 | FM90: 0 | FN90: 0 | FO90: 0 | FP90: 0 | FQ90: 0 | FR90: 0 | FS90: 0 | FT90: 0 | FU90: 0 | FV90: 0 | FW90: 0 | FX90: 0 | FY90: 0 | FZ90: 0 | GA90: 0 | GB90: 0 | GC90: 0 | GD90: 0 | GE90: 0 | GF90: 0 | GG90: 0 | GH90: 0 | GI90: 0 | GJ90: 135665
